Workbook

Sheet 様式第2-8号
A1: （様式第２－８号）
A2: 【都道府県から国に提出するもの】 | AH2: 農林水産省様式
B6: 地方農政局長（北海道にあっては農林水産省農村振興局長、沖縄県にあっては内閣府沖縄総合事務局長）
Q8: 殿
V13: ○○都道府県知事
H15: ○○ | L15: 年度 多面的機能支払交付金事業実施計画書
E17: （実績報告書）の提出について
B20: 多面的機能支払交付金実施要綱（平成26年４月１日付け25農振第2254号農林水産事務次官依命通知）別紙３の第２の１（別紙１の第8の１の（２）及び別紙２の第8の１の（２）)の規定に基づき、下記関係書類を添えて提出（報告）する。
A25: 記
B28: １．○○年度多面的機能支払交付金 事業実施計画書（実績報告書）（別紙１）
B29: ２．○○年度多面的機能支払交付金 市町村への交付金交付計画書（実績報告書）（別紙２）
B30: ３．◯◯年度多面的機能支払交付金 返還等実施計画表及び返還等実績報告表（別紙３）
B32: 〈施行注意〉
B33: １． | C33: 実績報告の際は、「実施計画書」を「実績報告書」、「別紙3の第2の１」を「別紙１の第8の１の（２）及び別紙２の第8の１の（２）」、「提出」を「報告」に置き換え、「市町村への交付金交付計画書」を「市町村への交付金交付実績報告書」とし、「実績報告書（別紙1）」及び「市町村への交付金交付実績報告書（別紙２）」を添付するものとする。
B37: ２． | C37: 事業実施計画書の変更に伴う提出の場合は、「事業実施計画書」を「事業実施計画書（変更）」、「別紙3の第２の１」を「別紙3の第２の２」、「市町村への交付金交付計画書」を「市町村への交付金交付計画書（変更）」に置き換え、「事業実施計画書（変更）（別紙１）」及び「市町村への交付金交付計画書（変更）（別紙２）」を添えて提出するものとする。
B42: ３． | C42: 実施要領第２の19の(2)のカに該当する都道府県は、事業実施計画書に（別紙3）を添えて提出するものとする。
B46: ４． | C46: 多面的機能支払交付金交付要綱に基づき本様式を添付提出する場合は、重複提出とならないよう、本様式のみの提出を省略することも可能とする。

Sheet 【記入例】様式第2-8号
A1: （様式第２－８号）
A2: 【都道府県から国に提出するもの】 | AH2: 農林水産省様式
AC4: 番 号
AC5: 45017
B6: 地方農政局長（北海道にあっては農林水産省農村振興局長、沖縄県にあっては内閣府沖縄総合事務局長）
Q8: 殿
V13: ○○都道府県知事
H15: ○○ | L15: 年度 多面的機能支払交付金事業実施計画書
E17: （実績報告書）の提出について
B20: 多面的機能支払交付金実施要綱（平成26年４月１日付け25農振第2254号農林水産事務次官依命通知）別紙３の第２の１（別紙１の第8の１の（２）及び別紙２の第8の１の（２）)の規定に基づき、下記関係書類を添えて提出（報告）する。
A25: 記
B28: １．○○年度多面的機能支払交付金 事業実施計画書（実績報告書）（別紙１）
B29: ２．○○年度多面的機能支払交付金 市町村への交付金交付計画書（実績報告書）（別紙２）
B30: ３．◯◯年度多面的機能支払交付金 返還等実施計画表及び返還等実績報告表（別紙３）
B32: 〈施行注意〉
B33: １． | C33: 実績報告の際は、「実施計画書」を「実績報告書」、「別紙3の第2の１」を「別紙１の第8の１の（２）及び別紙２の第8の１の（２）」、「提出」を「報告」に置き換え、「市町村への交付金交付計画書」を「市町村への交付金交付実績報告書」とし、「実績報告書（別紙1）」及び「市町村への交付金交付実績報告書（別紙２）」を添付するものとする。
B37: ２． | C37: 事業実施計画書の変更に伴う提出の場合は、「事業実施計画書」を「事業実施計画書（変更）」、「別紙3の第２の１」を「別紙3の第２の２」、「市町村への交付金交付計画書」を「市町村への交付金交付計画書（変更）」に置き換え、「事業実施計画書（変更）（別紙１）」及び「市町村への交付金交付計画書（変更）（別紙２）」を添えて提出するものとする。
B42: ３． | C42: 実施要領第２の19の(2)のカに該当する都道府県は、事業実施計画書に（別紙3）を添えて提出するものとする。
B46: ４． | C46: 多面的機能支払交付金交付要綱に基づき本様式を添付提出する場合は、重複提出とならないよう、本様式のみの提出を省略することも可能とする。

Sheet データ取込シート_様式第2-8号
A1: 文書番号 | B1: 作成年月日
A2: =IF('様式第2-8号'!AC4<>"",'様式第2-8号'!AC4,"") | B2: =IF('様式第2-8号'!AC5<>"",'様式第2-8号'!AC5,"")

Sheet 別紙１
A1: （別紙１）
E2: ○○ | H2: 年度 多面的機能支払交付金事業実施計画書（実績報告書）
A5: 1．事業の目的
A7: ２．事業計画（実績）及びその内容
A9: （１）農地維持支払交付金
B10: ア．基本単価
B11: 区分 | I11: 交付単価 | O11: 対象農用地面積 | U11: 交付額（事業費） | AD11: 交付額（ 国 費 ） | AM11: 備考
B13: 田 ① | O13: =O15 -> 0 | U13: =U15 -> 0 | AD13: =AD15 -> 0
O14: =O16 -> 0 | T14: a | U14: =U16 -> 0 | AC14: 円 | AD14: =AD16 -> 0 | AL14: 円
B15: 基本単価 | I15: 0 | U15: =ROUNDDOWN((I15/10*O15),0) -> 0 | AD15: =ROUNDDOWN((I15/10*O15/2),0) -> 0
M16: （円/10a） | O16: 0 | T16: a | U16: =ROUNDDOWN((I15/10*O16),0) -> 0 | AC16: 円 | AD16: =ROUNDDOWN((I15/10*O16/2),0) -> 0 | AL16: 円
B17: 畑 ② | O17: =O19 -> 0 | U17: =U19 -> 0 | AD17: =AD19 -> 0
O18: =O20 -> 0 | T18: a | U18: =U20 -> 0 | AC18: 円 | AD18: =AD20 -> 0 | AL18: 円
B19: 基本単価 | I19: 0 | U19: =ROUNDDOWN((I19/10*O19),0) -> 0 | AD19: =ROUNDDOWN((I19/10*O19/2),0) -> 0
M20: （円/10a） | O20: 0 | T20: a | U20: =ROUNDDOWN((I19/10*O20),0) -> 0 | AC20: 円 | AD20: =ROUNDDOWN((I19/10*O20/2),0) -> 0 | AL20: 円
B21: 草地 ③ | O21: =O23 -> 0 | U21: =U23 -> 0 | AD21: =AD23 -> 0
O22: =O24 -> 0 | T22: a | U22: =U24 -> 0 | AC22: 円 | AD22: =AD24 -> 0 | AL22: 円
B23: 基本単価 | I23: 0 | U23: =ROUNDDOWN((I23/10*O23),0) -> 0 | AD23: =ROUNDDOWN((I23/10*O23/2),0) -> 0
M24: （円/10a） | O24: 0 | T24: a | U24: =ROUNDDOWN((I23/10*O24),0) -> 0 | AC24: 円 | AD24: =ROUNDDOWN((I23/10*O24/2),0) -> 0 | AL24: 円
B25: この線より上に行を挿入してください。
B26: 計 ①＋②＋③ | O26: =O13+O17+O21 -> 0 | U26: =U13+U17+U21 -> 0 | AD26: =AD13+AD17+AD21 -> 0
O27: =O14+O18+O22 -> 0 | T27: a | U27: =U14+U18+U22 -> 0 | AC27: 円 | AD27: =AD14+AD18+AD22 -> 0 | AL27: 円
B28: （注）区分及び交付単価は、都道府県が策定した要綱基本方針に従い記載し、市町村により異なる場合は行を追加すること。
B30: イ．加算単価 （加算措置の適用がある場合のみ、記載する）
B31: 区分 | I31: 交付単価 | O31: 対象農用地面積 | U31: 交付額（事業費） | AD31: 交付額（ 国 費 ） | AM31: 備考
B33: 田 ① | O33: =O35+O37 -> 0 | U33: =U35 -> 0 | AD33: =AD35 -> 0
O34: =O36+O38 -> 0 | T34: a | U34: =U36 -> 0 | AC34: 円 | AD34: =AD36 -> 0 | AL34: 円
B35: 加算単価 | I35: 0 | U35: =ROUNDDOWN((I35/10*O35),0) -> 0 | AD35: =ROUNDDOWN((I35/10*O35/2),0) -> 0
M36: （円/10a） | O36: 0 | T36: a | U36: =ROUNDDOWN((I35/10*O36),0) -> 0 | AC36: 円 | AD36: =ROUNDDOWN((I35/10*O36/2),0) -> 0 | AL36: 円
B37: 加算上限を適用する | I37: 0 | U37: =ROUNDDOWN((I37/10*O37),0) -> 0 | AD37: =ROUNDDOWN((I37/10*O37/2),0) -> 0
O38: 0 | T38: a | U38: =ROUNDDOWN((I37/10*O38),0) -> 0 | AC38: 円 | AD38: =ROUNDDOWN((I37/10*O38/2),0) -> 0 | AL38: 円
B39: 畑 ② | O39: =O41+O43 -> 0 | U39: =U41 -> 0 | AD39: =AD41 -> 0
O40: =O42+O44 -> 0 | T40: a | U40: =U42 -> 0 | AC40: 円 | AD40: =AD42 -> 0 | AL40: 円
B41: 加算単価 | I41: 0 | U41: =ROUNDDOWN((I41/10*O41),0) -> 0 | AD41: =ROUNDDOWN((I41/10*O41/2),0) -> 0
M42: （円/10a） | O42: 0 | T42: a | U42: =ROUNDDOWN((I41/10*O42),0) -> 0 | AC42: 円 | AD42: =ROUNDDOWN((I41/10*O42/2),0) -> 0 | AL42: 円
B43: 加算上限を適用する | I43: 0 | U43: =ROUNDDOWN((I43/10*O43),0) -> 0 | AD43: =ROUNDDOWN((I43/10*O43/2),0) -> 0
O44: 0 | T44: a | U44: =ROUNDDOWN((I43/10*O44),0) -> 0 | AC44: 円 | AD44: =ROUNDDOWN((I43/10*O44/2),0) -> 0 | AL44: 円
B45: 草地 ③ | O45: =O47+O49 -> 0 | U45: =U47 -> 0 | AD45: =AD47 -> 0
O46: =O48+O50 -> 0 | T46: a | U46: =U48 -> 0 | AC46: 円 | AD46: =AD48 -> 0 | AL46: 円
B47: 加算単価 | I47: 0 | U47: =ROUNDDOWN((I47/10*O47),0) -> 0 | AD47: =ROUNDDOWN((I47/10*O47/2),0) -> 0
M48: （円/10a） | O48: 0 | T48: a | U48: =ROUNDDOWN((I47/10*O48),0) -> 0 | AC48: 円 | AD48: =ROUNDDOWN((I47/10*O48/2),0) -> 0 | AL48: 円
B49: 加算上限を適用する | I49: 0 | U49: =ROUNDDOWN((I49/10*O49),0) -> 0 | AD49: =ROUNDDOWN((I49/10*O49/2),0) -> 0
O50: 0 | T50: a | U50: =ROUNDDOWN((I49/10*O50),0) -> 0 | AC50: 円 | AD50: =ROUNDDOWN((I49/10*O50/2),0) -> 0 | AL50: 円
B51: この線より上に行を挿入してください。
B52: １集落あたり加算上限を適用する集落 ④ | I52: 0 | U52: =I52*O52 -> 0 | AD52: =ROUNDDOWN((I52/10*O52/2),0) -> 0
M53: （円/集落） | O53: 0 | S53: 集落 | U53: =I52*O53 -> 0 | AC53: 円 | AD53: =ROUNDDOWN((I52/10*O53/2),0) -> 0 | AL53: 円
B54: １組織あたり加算上限を適用する組織 ⑤ | I54: 0 | U54: =I54*O54 -> 0 | AD54: =ROUNDDOWN((I54/10*O54/2),0) -> 0
M55: （円/組織） | O55: 0 | S55: 組織 | U55: =I54*O55 -> 0 | AC55: 円 | AD55: =ROUNDDOWN((I54/10*O55/2),0) -> 0 | AL55: 円
B56: この線より上に行を挿入してください。
B57: 面積計 ①＋②＋③ 交付額計①＋②＋③＋④＋⑤ | O57: =O45+O39+O33 -> 0 | U57: =U45+U39+U33+U52+U54 -> 0 | AD57: =AD45+AD39+AD33+AD52+AD54 -> 0
O58: =O46+O40+O34 -> 0 | T58: a | U58: =U46+U40+U34+U53+U55 -> 0 | AC58: 円 | AD58: =AD46+AD40+AD34+AD53+AD55 -> 0 | AL58: 円
B59: （注1）区分及び交付単価は、都道府県が策定した要綱基本方針に従い記載し、市町村により異なる場合は行を追加すること。
B60: （注2）１集落あたり加算上限と１組織あたり加算上限が重複する場合は、１組織あたり加算上限を適用する組織欄に記載すること。
B62: 加算措置の 対象組織数
B66: 0 | F66: 組織
A68: （２）資源向上支払交付金
B70: ア．地域資源の質的向上を図る共同活動
C71: （ア）基本単価
B72: 区分 | I72: 交付単価 | O72: 対象農用地面積 | U72: 交付額（事業費） | AD72: 交付額（ 国 費 ） | AM72: 備考
B74: 田 ① | O74: =O76+O78+O80+O82 -> 0 | U74: =U76+U78+U80+U82 -> 0 | AD74: =AD76+AD78+AD80+AD82 -> 0
O75: =O77+O79+O81+O83 -> 0 | T75: a | U75: =U77+U79+U81+U83 -> 0 | AC75: 円 | AD75: =AD77+AD79+AD81+AD83 -> 0 | AL75: 円
B76: 基本単価 | I76: 0 | M76: （円/10a） | U76: =ROUNDDOWN((I76/10*O76),0) -> 0 | AD76: =ROUNDDOWN((I76/10*O76/2),0) -> 0
O77: 0 | T77: a | U77: =ROUNDDOWN((I76/10*O77),0) -> 0 | AC77: 円 | AD77: =ROUNDDOWN((I76/10*O77/2),0) -> 0 | AL77: 円
B78: 基本単価×５／６ | I78: 0 | M78: （円/10a） | U78: =ROUNDDOWN((I78/10*O78),0) -> 0 | AD78: =ROUNDDOWN((I78/10*O78/2),0) -> 0
O79: 0 | T79: a | U79: =ROUNDDOWN((I78/10*O79),0) -> 0 | AC79: 円 | AD79: =ROUNDDOWN((I78/10*O79/2),0) -> 0 | AL79: 円
B80: 継続地区の交付単価 | I80: 0 | M80: （円/10a） | U80: =ROUNDDOWN((I80/10*O80),0) -> 0 | AD80: =ROUNDDOWN((I80/10*O80/2),0) -> 0
O81: 0 | T81: a | U81: =ROUNDDOWN((I80/10*O81),0) -> 0 | AC81: 円 | AD81: =ROUNDDOWN((I80/10*O81/2),0) -> 0 | AL81: 円
B82: 継続地区の交付単価×５／６ | I82: 0 | M82: （円/10a） | U82: =ROUNDDOWN((I82/10*O82),0) -> 0 | AD82: =ROUNDDOWN((I82/10*O82/2),0) -> 0
O83: 0 | T83: a | U83: =ROUNDDOWN((I82/10*O83),0) -> 0 | AC83: 円 | AD83: =ROUNDDOWN((I82/10*O83/2),0) -> 0 | AL83: 円
B84: 畑 ② | O84: =O86+O88+O90+O92 -> 0 | U84: =U86+U88+U90+U92 -> 0 | AD84: =AD86+AD88+AD90+AD92 -> 0
O85: =O87+O89+O91+O93 -> 0 | T85: a | U85: =U87+U89+U91+U93 -> 0 | AC85: 円 | AD85: =AD87+AD89+AD91+AD93 -> 0 | AL85: 円
B86: 基本単価 | I86: 0 | M86: （円/10a） | U86: =ROUNDDOWN((I86/10*O86),0) -> 0 | AD86: =ROUNDDOWN((I86/10*O86/2),0) -> 0
O87: 0 | T87: a | U87: =ROUNDDOWN((I86/10*O87),0) -> 0 | AC87: 円 | AD87: =ROUNDDOWN((I86/10*O87/2),0) -> 0 | AL87: 円
B88: 基本単価×５／６ | I88: 0 | M88: （円/10a） | U88: =ROUNDDOWN((I88/10*O88),0) -> 0 | AD88: =ROUNDDOWN((I88/10*O88/2),0) -> 0
O89: 0 | T89: a | U89: =ROUNDDOWN((I88/10*O89),0) -> 0 | AC89: 円 | AD89: =ROUNDDOWN((I88/10*O89/2),0) -> 0 | AL89: 円
B90: 継続地区の交付単価 | I90: 0 | M90: （円/10a） | U90: =ROUNDDOWN((I90/10*O90),0) -> 0 | AD90: =ROUNDDOWN((I90/10*O90/2),0) -> 0
O91: 0 | T91: a | U91: =ROUNDDOWN((I90/10*O91),0) -> 0 | AC91: 円 | AD91: =ROUNDDOWN((I90/10*O91/2),0) -> 0 | AL91: 円
B92: 継続地区の交付単価×５／６ | I92: 0 | M92: （円/10a） | U92: =ROUNDDOWN((I92/10*O92),0) -> 0 | AD92: =ROUNDDOWN((I92/10*O92/2),0) -> 0
O93: 0 | T93: a | U93: =ROUNDDOWN((I92/10*O93),0) -> 0 | AC93: 円 | AD93: =ROUNDDOWN((I92/10*O93/2),0) -> 0 | AL93: 円
B94: 草地 ③ | O94: =O96+O98+O100+O102 -> 0 | U94: =U96+U98+U100+U102 -> 0 | AD94: =AD96+AD98+AD100+AD102 -> 0
O95: =O97+O99+O101+O103 -> 0 | T95: a | U95: =U97+U99+U101+U103 -> 0 | AC95: 円 | AD95: =AD97+AD99+AD101+AD103 -> 0 | AL95: 円
B96: 基本単価 | I96: 0 | M96: （円/10a） | U96: =ROUNDDOWN((I96/10*O96),0) -> 0 | AD96: =ROUNDDOWN((I96/10*O96/2),0) -> 0
O97: 0 | T97: a | U97: =ROUNDDOWN((I96/10*O97),0) -> 0 | AC97: 円 | AD97: =ROUNDDOWN((I96/10*O97/2),0) -> 0 | AL97: 円
B98: 基本単価×５／６ | I98: 0 | M98: （円/10a） | U98: =ROUNDDOWN((I98/10*O98),0) -> 0 | AD98: =ROUNDDOWN((I98/10*O98/2),0) -> 0
O99: 0 | T99: a | U99: =ROUNDDOWN((I98/10*O99),0) -> 0 | AC99: 円 | AD99: =ROUNDDOWN((I98/10*O99/2),0) -> 0 | AL99: 円
B100: 継続地区の交付単価 | I100: 0 | M100: （円/10a） | U100: =ROUNDDOWN((I100/10*O100),0) -> 0 | AD100: =ROUNDDOWN((I100/10*O100/2),0) -> 0
O101: 0 | T101: a | U101: =ROUNDDOWN((I100/10*O101),0) -> 0 | AC101: 円 | AD101: =ROUNDDOWN((I100/10*O101/2),0) -> 0 | AL101: 円
B102: 継続地区の交付単価×５／６ | I102: 0 | M102: （円/10a） | U102: =ROUNDDOWN((I102/10*O102),0) -> 0 | AD102: =ROUNDDOWN((I102/10*O102/2),0) -> 0
O103: 0 | T103: a | U103: =ROUNDDOWN((I102/10*O103),0) -> 0 | AC103: 円 | AD103: =ROUNDDOWN((I102/10*O103/2),0) -> 0 | AL103: 円
B104: この線より上に行を挿入してください。
B105: 計 ①＋②＋③ | O105: =O94+O84+O74 -> 0 | U105: =U74+U84+U94 -> 0 | AD105: =AD74+AD84+AD94 -> 0
O106: =O95+O85+O75 -> 0 | T106: a | U106: =U75+U85+U95 -> 0 | AC106: 円 | AD106: =AD75+AD85+AD95 -> 0 | AL106: 円
B107: （注）区分及び交付単価は、都道府県が策定した要綱基本方針に従い記載し、市町村により異なる場合は行を追加すること。
C109: （イ）加算単価（加算措置の適用がある場合のみ、記載する）
D110: a.多面的機能の更なる増進に向けた活動への支援
B111: 区分 | I111: 交付単価 | O111: 対象農用地面積 | U111: 交付額（事業費） | AD111: 交付額（ 国 費 ） | AM111: 備考
B113: 田 ① | O113: =O115 -> 0 | U113: =U115 -> 0 | AD113: =AD115 -> 0
O114: =O116 -> 0 | T114: a | U114: =U116 -> 0 | AC114: 円 | AD114: =AD116 -> 0 | AL114: 円
B115: 加算単価 | I115: 0 | U115: =ROUNDDOWN((I115/10*O115),0) -> 0 | AD115: =ROUNDDOWN((I115/10*O115/2),0) -> 0
M116: （円/10a） | O116: 0 | T116: a | U116: =ROUNDDOWN((I115/10*O116),0) -> 0 | AC116: 円 | AD116: =ROUNDDOWN((I115/10*O116/2),0) -> 0 | AL116: 円
...

Sheet 【記入例】別紙１
A1: （別紙１）
E2: ○○ | H2: 年度 多面的機能支払交付金事業実施計画書（実績報告書）
A5: 1．事業の目的
B6: テスト１
A7: ２．事業計画（実績）及びその内容
A9: （１）農地維持支払交付金
B10: ア．基本単価
B11: 区分 | I11: 交付単価 | O11: 対象農用地面積 | U11: 交付額（事業費） | AD11: 交付額（ 国 費 ） | AM11: 備考
B13: 田 ① | O13: =O15 -> 0 | U13: =U15 -> 0 | AD13: =AD15 -> 0
O14: =O16 -> 0 | T14: a | U14: =U16 -> 0 | AC14: 円 | AD14: =AD16 -> 0 | AL14: 円
B15: 基本単価 | I15: 0 | U15: =ROUNDDOWN((I15/10*O15),0) -> 0 | AD15: =ROUNDDOWN((I15/10*O15/2),0) -> 0
M16: （円/10a） | O16: 0 | T16: a | U16: =ROUNDDOWN((I15/10*O16),0) -> 0 | AC16: 円 | AD16: =ROUNDDOWN((I15/10*O16/2),0) -> 0 | AL16: 円
B17: 畑 ② | O17: =O19 -> 0 | U17: =U19 -> 0 | AD17: =AD19 -> 0
O18: =O20 -> 0 | T18: a | U18: =U20 -> 0 | AC18: 円 | AD18: =AD20 -> 0 | AL18: 円
B19: 基本単価 | I19: 0 | U19: =ROUNDDOWN((I19/10*O19),0) -> 0 | AD19: =ROUNDDOWN((I19/10*O19/2),0) -> 0
M20: （円/10a） | O20: 0 | T20: a | U20: =ROUNDDOWN((I19/10*O20),0) -> 0 | AC20: 円 | AD20: =ROUNDDOWN((I19/10*O20/2),0) -> 0 | AL20: 円
B21: 草地 ③ | O21: =O23 -> 0 | U21: =U23 -> 0 | AD21: =AD23 -> 0
O22: =O24 -> 0 | T22: a | U22: =U24 -> 0 | AC22: 円 | AD22: =AD24 -> 0 | AL22: 円
B23: 基本単価 | I23: 0 | U23: =ROUNDDOWN((I23/10*O23),0) -> 0 | AD23: =ROUNDDOWN((I23/10*O23/2),0) -> 0
M24: （円/10a） | O24: 0 | T24: a | U24: =ROUNDDOWN((I23/10*O24),0) -> 0 | AC24: 円 | AD24: =ROUNDDOWN((I23/10*O24/2),0) -> 0 | AL24: 円
B25: この線より上に行を挿入してください。
B26: 計 ①＋②＋③ | O26: =O13+O17+O21 -> 0 | U26: =U13+U17+U21 -> 0 | AD26: =AD13+AD17+AD21 -> 0
O27: =O14+O18+O22 -> 0 | T27: a | U27: =U14+U18+U22 -> 0 | AC27: 円 | AD27: =AD14+AD18+AD22 -> 0 | AL27: 円
B28: （注）区分及び交付単価は、都道府県が策定した要綱基本方針に従い記載し、市町村により異なる場合は行を追加すること。
B30: イ．加算単価 （加算措置の適用がある場合のみ、記載する）
B31: 区分 | I31: 交付単価 | O31: 対象農用地面積 | U31: 交付額（事業費） | AD31: 交付額（ 国 費 ） | AM31: 備考
B33: 田 ① | O33: =O35+O37 -> 0 | U33: =U35 -> 0 | AD33: =AD35 -> 0
O34: =O36+O38 -> 0 | T34: a | U34: =U36 -> 0 | AC34: 円 | AD34: =AD36 -> 0 | AL34: 円
B35: 加算単価 | I35: 0 | U35: =ROUNDDOWN((I35/10*O35),0) -> 0 | AD35: =ROUNDDOWN((I35/10*O35/2),0) -> 0
M36: （円/10a） | O36: 0 | T36: a | U36: =ROUNDDOWN((I35/10*O36),0) -> 0 | AC36: 円 | AD36: =ROUNDDOWN((I35/10*O36/2),0) -> 0 | AL36: 円
B37: 加算上限を適用する | I37: 0 | U37: =ROUNDDOWN((I37/10*O37),0) -> 0 | AD37: =ROUNDDOWN((I37/10*O37/2),0) -> 0
O38: 0 | T38: a | U38: =ROUNDDOWN((I37/10*O38),0) -> 0 | AC38: 円 | AD38: =ROUNDDOWN((I37/10*O38/2),0) -> 0 | AL38: 円
B39: 畑 ② | O39: =O41+O43 -> 0 | U39: =U41 -> 0 | AD39: =AD41 -> 0
O40: =O42+O44 -> 0 | T40: a | U40: =U42 -> 0 | AC40: 円 | AD40: =AD42 -> 0 | AL40: 円
B41: 加算単価 | I41: 0 | U41: =ROUNDDOWN((I41/10*O41),0) -> 0 | AD41: =ROUNDDOWN((I41/10*O41/2),0) -> 0
M42: （円/10a） | O42: 0 | T42: a | U42: =ROUNDDOWN((I41/10*O42),0) -> 0 | AC42: 円 | AD42: =ROUNDDOWN((I41/10*O42/2),0) -> 0 | AL42: 円
B43: 加算上限を適用する | I43: 0 | U43: =ROUNDDOWN((I43/10*O43),0) -> 0 | AD43: =ROUNDDOWN((I43/10*O43/2),0) -> 0
O44: 0 | T44: a | U44: =ROUNDDOWN((I43/10*O44),0) -> 0 | AC44: 円 | AD44: =ROUNDDOWN((I43/10*O44/2),0) -> 0 | AL44: 円
B45: 草地 ③ | O45: =O47+O49 -> 0 | U45: =U47 -> 0 | AD45: =AD47 -> 0
O46: =O48+O50 -> 0 | T46: a | U46: =U48 -> 0 | AC46: 円 | AD46: =AD48 -> 0 | AL46: 円
B47: 加算単価 | I47: 0 | U47: =ROUNDDOWN((I47/10*O47),0) -> 0 | AD47: =ROUNDDOWN((I47/10*O47/2),0) -> 0
M48: （円/10a） | O48: 0 | T48: a | U48: =ROUNDDOWN((I47/10*O48),0) -> 0 | AC48: 円 | AD48: =ROUNDDOWN((I47/10*O48/2),0) -> 0 | AL48: 円
B49: 加算上限を適用する | I49: 0 | U49: =ROUNDDOWN((I49/10*O49),0) -> 0 | AD49: =ROUNDDOWN((I49/10*O49/2),0) -> 0
O50: 0 | T50: a | U50: =ROUNDDOWN((I49/10*O50),0) -> 0 | AC50: 円 | AD50: =ROUNDDOWN((I49/10*O50/2),0) -> 0 | AL50: 円
B51: この線より上に行を挿入してください。
B52: １集落あたり加算上限を適用する集落 ④ | I52: 0 | U52: =I52*O52 -> 0 | AD52: =ROUNDDOWN((I52/10*O52/2),0) -> 0
M53: （円/集落） | O53: 0 | S53: 集落 | U53: =I52*O53 -> 0 | AC53: 円 | AD53: =ROUNDDOWN((I52/10*O53/2),0) -> 0 | AL53: 円
B54: １組織あたり加算上限を適用する組織 ⑤ | I54: 0 | U54: =I54*O54 -> 0 | AD54: =ROUNDDOWN((I54/10*O54/2),0) -> 0
M55: （円/組織） | O55: 0 | S55: 組織 | U55: =I54*O55 -> 0 | AC55: 円 | AD55: =ROUNDDOWN((I54/10*O55/2),0) -> 0 | AL55: 円
B56: この線より上に行を挿入してください。
B57: 面積計 ①＋②＋③ 交付額計①＋②＋③＋④＋⑤ | O57: =O45+O39+O33 -> 0 | U57: =U45+U39+U33+U52+U54 -> 0 | AD57: =AD45+AD39+AD33+AD52+AD54 -> 0
O58: =O46+O40+O34 -> 0 | T58: a | U58: =U46+U40+U34+U53+U55 -> 0 | AC58: 円 | AD58: =AD46+AD40+AD34+AD53+AD55 -> 0 | AL58: 円
B59: （注1）区分及び交付単価は、都道府県が策定した要綱基本方針に従い記載し、市町村により異なる場合は行を追加すること。
B60: （注2）１集落あたり加算上限と１組織あたり加算上限が重複する場合は、１組織あたり加算上限を適用する組織欄に記載すること。
B62: 加算措置の 対象組織数
B66: 5 | F66: 組織
A68: （２）資源向上支払交付金
B70: ア．地域資源の質的向上を図る共同活動
C71: （ア）基本単価
B72: 区分 | I72: 交付単価 | O72: 対象農用地面積 | U72: 交付額（事業費） | AD72: 交付額（ 国 費 ） | AM72: 備考
B74: 田 ① | O74: =O76+O78+O80+O82 -> 0 | U74: =U76+U78+U80+U82 -> 0 | AD74: =AD76+AD78+AD80+AD82 -> 0
O75: =O77+O79+O81+O83 -> 0 | T75: a | U75: =U77+U79+U81+U83 -> 0 | AC75: 円 | AD75: =AD77+AD79+AD81+AD83 -> 0 | AL75: 円
B76: 基本単価 | I76: 0 | M76: （円/10a） | U76: =ROUNDDOWN((I76/10*O76),0) -> 0 | AD76: =ROUNDDOWN((I76/10*O76/2),0) -> 0
O77: 0 | T77: a | U77: =ROUNDDOWN((I76/10*O77),0) -> 0 | AC77: 円 | AD77: =ROUNDDOWN((I76/10*O77/2),0) -> 0 | AL77: 円
B78: 基本単価×５／６ | I78: 0 | M78: （円/10a） | U78: =ROUNDDOWN((I78/10*O78),0) -> 0 | AD78: =ROUNDDOWN((I78/10*O78/2),0) -> 0
O79: 0 | T79: a | U79: =ROUNDDOWN((I78/10*O79),0) -> 0 | AC79: 円 | AD79: =ROUNDDOWN((I78/10*O79/2),0) -> 0 | AL79: 円
B80: 継続地区の交付単価 | I80: 0 | M80: （円/10a） | U80: =ROUNDDOWN((I80/10*O80),0) -> 0 | AD80: =ROUNDDOWN((I80/10*O80/2),0) -> 0
O81: 0 | T81: a | U81: =ROUNDDOWN((I80/10*O81),0) -> 0 | AC81: 円 | AD81: =ROUNDDOWN((I80/10*O81/2),0) -> 0 | AL81: 円
B82: 継続地区の交付単価×５／６ | I82: 0 | M82: （円/10a） | U82: =ROUNDDOWN((I82/10*O82),0) -> 0 | AD82: =ROUNDDOWN((I82/10*O82/2),0) -> 0
O83: 0 | T83: a | U83: =ROUNDDOWN((I82/10*O83),0) -> 0 | AC83: 円 | AD83: =ROUNDDOWN((I82/10*O83/2),0) -> 0 | AL83: 円
B84: 畑 ② | O84: =O86+O88+O90+O92 -> 0 | U84: =U86+U88+U90+U92 -> 0 | AD84: =AD86+AD88+AD90+AD92 -> 0
O85: =O87+O89+O91+O93 -> 0 | T85: a | U85: =U87+U89+U91+U93 -> 0 | AC85: 円 | AD85: =AD87+AD89+AD91+AD93 -> 0 | AL85: 円
B86: 基本単価 | I86: 0 | M86: （円/10a） | U86: =ROUNDDOWN((I86/10*O86),0) -> 0 | AD86: =ROUNDDOWN((I86/10*O86/2),0) -> 0
O87: 0 | T87: a | U87: =ROUNDDOWN((I86/10*O87),0) -> 0 | AC87: 円 | AD87: =ROUNDDOWN((I86/10*O87/2),0) -> 0 | AL87: 円
B88: 基本単価×５／６ | I88: 0 | M88: （円/10a） | U88: =ROUNDDOWN((I88/10*O88),0) -> 0 | AD88: =ROUNDDOWN((I88/10*O88/2),0) -> 0
O89: 0 | T89: a | U89: =ROUNDDOWN((I88/10*O89),0) -> 0 | AC89: 円 | AD89: =ROUNDDOWN((I88/10*O89/2),0) -> 0 | AL89: 円
B90: 継続地区の交付単価 | I90: 0 | M90: （円/10a） | U90: =ROUNDDOWN((I90/10*O90),0) -> 0 | AD90: =ROUNDDOWN((I90/10*O90/2),0) -> 0
O91: 0 | T91: a | U91: =ROUNDDOWN((I90/10*O91),0) -> 0 | AC91: 円 | AD91: =ROUNDDOWN((I90/10*O91/2),0) -> 0 | AL91: 円
B92: 継続地区の交付単価×５／６ | I92: 0 | M92: （円/10a） | U92: =ROUNDDOWN((I92/10*O92),0) -> 0 | AD92: =ROUNDDOWN((I92/10*O92/2),0) -> 0
O93: 0 | T93: a | U93: =ROUNDDOWN((I92/10*O93),0) -> 0 | AC93: 円 | AD93: =ROUNDDOWN((I92/10*O93/2),0) -> 0 | AL93: 円
B94: 草地 ③ | O94: =O96+O98+O100+O102 -> 0 | U94: =U96+U98+U100+U102 -> 0 | AD94: =AD96+AD98+AD100+AD102 -> 0
O95: =O97+O99+O101+O103 -> 0 | T95: a | U95: =U97+U99+U101+U103 -> 0 | AC95: 円 | AD95: =AD97+AD99+AD101+AD103 -> 0 | AL95: 円
B96: 基本単価 | I96: 0 | M96: （円/10a） | U96: =ROUNDDOWN((I96/10*O96),0) -> 0 | AD96: =ROUNDDOWN((I96/10*O96/2),0) -> 0
O97: 0 | T97: a | U97: =ROUNDDOWN((I96/10*O97),0) -> 0 | AC97: 円 | AD97: =ROUNDDOWN((I96/10*O97/2),0) -> 0 | AL97: 円
B98: 基本単価×５／６ | I98: 0 | M98: （円/10a） | U98: =ROUNDDOWN((I98/10*O98),0) -> 0 | AD98: =ROUNDDOWN((I98/10*O98/2),0) -> 0
O99: 0 | T99: a | U99: =ROUNDDOWN((I98/10*O99),0) -> 0 | AC99: 円 | AD99: =ROUNDDOWN((I98/10*O99/2),0) -> 0 | AL99: 円
B100: 継続地区の交付単価 | I100: 0 | M100: （円/10a） | U100: =ROUNDDOWN((I100/10*O100),0) -> 0 | AD100: =ROUNDDOWN((I100/10*O100/2),0) -> 0
O101: 0 | T101: a | U101: =ROUNDDOWN((I100/10*O101),0) -> 0 | AC101: 円 | AD101: =ROUNDDOWN((I100/10*O101/2),0) -> 0 | AL101: 円
B102: 継続地区の交付単価×５／６ | I102: 0 | M102: （円/10a） | U102: =ROUNDDOWN((I102/10*O102),0) -> 0 | AD102: =ROUNDDOWN((I102/10*O102/2),0) -> 0
O103: 0 | T103: a | U103: =ROUNDDOWN((I102/10*O103),0) -> 0 | AC103: 円 | AD103: =ROUNDDOWN((I102/10*O103/2),0) -> 0 | AL103: 円
B104: この線より上に行を挿入してください。
B105: 計 ①＋②＋③ | O105: =O94+O84+O74 -> 0 | U105: =U74+U84+U94 -> 0 | AD105: =AD74+AD84+AD94 -> 0
O106: =O95+O85+O75 -> 0 | T106: a | U106: =U75+U85+U95 -> 0 | AC106: 円 | AD106: =AD75+AD85+AD95 -> 0 | AL106: 円
B107: （注）区分及び交付単価は、都道府県が策定した要綱基本方針に従い記載し、市町村により異なる場合は行を追加すること。
C109: （イ）加算単価（加算措置の適用がある場合のみ、記載する）
D110: a.多面的機能の更なる増進に向けた活動への支援
B111: 区分 | I111: 交付単価 | O111: 対象農用地面積 | U111: 交付額（事業費） | AD111: 交付額（ 国 費 ） | AM111: 備考
B113: 田 ① | O113: =O115 -> 0 | U113: =U115 -> 0 | AD113: =AD115 -> 0
O114: =O116 -> 0 | T114: a | U114: =U116 -> 0 | AC114: 円 | AD114: =AD116 -> 0 | AL114: 円
B115: 加算単価 | I115: 0 | U115: =ROUNDDOWN((I115/10*O115),0) -> 0 | AD115: =ROUNDDOWN((I115/10*O115/2),0) -> 0
...

Sheet データ整理_別紙１
A1: (整理用) | B1: 田・畑・草地判定 | C1: 区分01 | D1: 単価選択01 | E1: (その他の場合)単価名称01 | F1: 交付単価01 | G1: 対象農用地面積01 | H1: 備考01 | J1: 区分01 | K1: 単価選択01 | L1: (その他の場合)単価名称01 | M1: 交付単価01 | N1: 対象農用地面積01 | O1: 備考01 | P1: (整理用) | Q1: 田・畑・草地判定 | R1: 区分02 | S1: 単価選択02 | T1: (その他の場合)単価名称02 | U1: 交付単価02 | V1: 対象農用地面積02 | W1: 備考02 | Y1: 区分02 | Z1: 単価選択02 | AA1: (その他の場合)単価名称02 | AB1: 交付単価02 | AC1: 対象農用地面積02 | AD1: 備考02 | AF1: 区分03 | AG1: 交付単価03 | AH1: 対象集落/組織数03 | AI1: 備考03 | AJ1: (整理用) | AK1: 田・畑・草地判定 | AL1: 区分04 | AM1: 単価選択04 | AN1: (その他の場合)単価名称04 | AO1: 交付単価04 | AP1: 対象農用地面積04 | AQ1: 備考04 | AS1: 区分04 | AT1: 単価選択04 | AU1: (その他の場合)単価名称04 | AV1: 交付単価04 | AW1: 対象農用地面積04 | AX1: 備考04 | AY1: (整理用) | AZ1: 田・畑・草地判定 | BA1: 区分05 | BB1: 単価選択05 | BC1: (その他の場合)単価名称05 | BD1: 交付単価05 | BE1: 対象農用地面積05 | BF1: 備考05 | BH1: 区分05 | BI1: 単価選択05 | BJ1: (その他の場合)単価名称05 | BK1: 交付単価05 | BL1: 対象農用地面積05 | BM1: 備考05 | BN1: (整理用) | BO1: 田・畑・草地判定 | BP1: 区分06 | BQ1: 単価選択06 | BR1: (その他の場合)単価名称06 | BS1: 交付単価06 | BT1: 対象農用地面積06 | BU1: 備考06 | BW1: 区分06 | BX1: 単価選択06 | BY1: (その他の場合)単価名称06 | BZ1: 交付単価06 | CA1: 対象農用地面積06 | CB1: 備考06 | CC1: (整理用) | CD1: 田・畑・草地判定 | CE1: 区分07 | CF1: 単価選択07 | CG1: (その他の場合)単価名称07 | CH1: 交付単価07 | CI1: 対象農用地面積07 | CJ1: 備考07 | CL1: 区分07 | CM1: 単価選択07 | CN1: (その他の場合)単価名称07 | CO1: 交付単価07 | CP1: 対象農用地面積07 | CQ1: 備考07 | CR1: (整理用) | CS1: 田・畑・草地判定 | CT1: 区分08 | CU1: 単価選択08 | CV1: (その他の場合)単価名称08 | CW1: 交付単価08 | CX1: 対象農用地面積08 | CY1: 備考08 | DA1: 区分08 | DB1: 単価選択08 | DC1: (その他の場合)単価名称08 | DD1: 交付単価08 | DE1: 対象農用地面積08 | DF1: 備考08 | DH1: 区分09 | DI1: 交付単価09 | DJ1: 対象集落09 | DK1: 備考09
A2: 1 | B2: =IF(COUNTIF($C$2:C3,"田 ①") + COUNTIF($C$2:C3,"畑 ②") + COUNTIF($C$2:C4,"草地 ③")<=3,COUNTIF($C$2:C3,"田 ①") + COUNTIF($C$2:C3,"畑 ②") + COUNTIF($C$2:C4,"草地 ③"),3) -> 1 | C2: =IF(OFFSET(別紙１!$B$12,$A2,)="","",OFFSET(別紙１!$B$12,$A2,)) -> 田 ① | D2: =IF(OFFSET(別紙１!$B$12,$A2,)="","",OFFSET(別紙１!$B$12,$A2,)) -> 田 ① | E2: =IF(OFFSET(別紙１!$E$12,$A2,)="","",OFFSET(別紙１!$E$12,$A2,)) | F2: =IF(OFFSET(別紙１!$I$12,$A2,)="","",OFFSET(別紙１!$I$12,$A2,)) | G2: =IF(OFFSET(別紙１!$O$12,$A2+1,)="","",OFFSET(別紙１!$O$12,$A2+1,)) -> 0 | H2: =IF(OFFSET(別紙１!$AM$12,$A2,)="","",OFFSET(別紙１!$AM$12,$A2,)) | I2: 1 | J2: =IF(B2=1,"田 ①",IF(B2=2,"畑 ②",IF(B2=3,"草地 ③",))) -> 田 ① | K2: =IF(OFFSET(D$2,$I2+$B2-1,)="","",OFFSET(D$2,$I2+$B2-1,)) -> 基本単価 | L2: =IF(OFFSET(E$2,$I2+$B2-1,)="","",OFFSET(E$2,$I2+$B2-1,)) | M2: =IF(OFFSET(F$2,$I2+$B2-1,)="","",OFFSET(F$2,$I2+$B2-1,)) -> 0 | N2: =IF(OFFSET(G$2,$I2+$B2-1,)="","",OFFSET(G$2,$I2+$B2-1,)) -> 0 | O2: =IF(OFFSET(H$2,$I2+$B2-1,)="","",OFFSET(H$2,$I2+$B2-1,)) | P2: 1 | Q2: =IF(COUNTIF($R$2:R3,"田 ①") + COUNTIF($R$2:R3,"畑 ②") + COUNTIF($R$2:R4,"草地 ③")<=3,COUNTIF($R$2:R3,"田 ①") + COUNTIF($R$2:R3,"畑 ②") + COUNTIF($R$2:R4,"草地 ③"),3) -> 1 | R2: =IF(OFFSET(別紙１!$B$32,$P2,)="","",OFFSET(別紙１!$B$32,$P2,)) -> 田 ① | S2: =IF(OFFSET(別紙１!$B$32,$P2,)="","",OFFSET(別紙１!$B$32,$P2,)) -> 田 ① | T2: =IF(OFFSET(別紙１!$E$32,$P2,)="","",OFFSET(別紙１!$E$32,$P2,)) | U2: =IF(OFFSET(別紙１!$I$32,$P2,)="","",OFFSET(別紙１!$I$32,$P2,)) | V2: =IF(OFFSET(別紙１!$O$32,$P2+1,)="","",OFFSET(別紙１!$O$32,$P2+1,)) -> 0 | W2: =IF(OFFSET(別紙１!$AM$32,$P2,)="","",OFFSET(別紙１!$AM$32,$P2,)) | X2: 1 | Y2: =IF(Q2=1,"田 ①",IF(Q2=2,"畑 ②",IF(Q2=3,"草地 ③",))) -> 田 ① | Z2: =IF(OFFSET(S$2,$X2+$Q2-1,)="","",OFFSET(S$2,$X2+$Q2-1,)) -> 加算単価 | AA2: =IF(OFFSET(T$2,$X2+$Q2-1,)="","",OFFSET(T$2,$X2+$Q2-1,)) | AB2: =IF(OFFSET(U$2,$X2+$Q2-1,)="","",OFFSET(U$2,$X2+$Q2-1,)) -> 0 | AC2: =IF(OFFSET(V$2,$X2+$Q2-1,)="","",OFFSET(V$2,$X2+$Q2-1,)) -> 0 | AD2: =IF(OFFSET(W$2,$X2+$Q2-1,)="","",OFFSET(W$2,$X2+$Q2-1,)) | AE2: 1 | AF2: =IF(OFFSET(別紙１!B$51,$AE2,)="","",OFFSET(別紙１!B$51,$AE2,)) -> １集落あたり加算上限を適用する集落 ④ | AG2: =IF(OFFSET(別紙１!I$51,$AE2,)="","",OFFSET(別紙１!I$51,$AE2,)) -> 0 | AH2: =IF(OFFSET(別紙１!O$51,$AE2+1,)="","",OFFSET(別紙１!O$51,$AE2+1,)) -> 0 | AI2: =IF(OFFSET(別紙１!AM$51,$AE2,)="","",OFFSET(別紙１!AM$51,$AE2,)) | AJ2: 1 | AK2: =IF(COUNTIF($AL$2:AL3,"田 ①") + COUNTIF($AL$2:AL3,"畑 ②") + COUNTIF($AL$2:AL4,"草地 ③")<=3,COUNTIF($AL$2:AL3,"田 ①") + COUNTIF($AL$2:AL3,"畑 ②") + COUNTIF($AL$2:AL4,"草地 ③"),3) -> 1 | AL2: =IF(OFFSET(別紙１!B$73,$AJ2,)="","",OFFSET(別紙１!B$73,$AJ2,)) -> 田 ① | AM2: =IF(OFFSET(別紙１!B$73,$AJ2,)="","",OFFSET(別紙１!B$73,$AJ2,)) -> 田 ① | AN2: =IF(OFFSET(別紙１!E$73,$AJ2,)="","",OFFSET(別紙１!E$73,$AJ2,)) | AO2: =IF(OFFSET(別紙１!I$73,$AJ2,)="","",OFFSET(別紙１!I$73,$AJ2,)) | AP2: =IF(OFFSET(別紙１!O$73,$AJ2+1,)="","",OFFSET(別紙１!O$73,$AJ2+1,)) -> 0 | AQ2: =IF(OFFSET(別紙１!AM$73,$AJ2,)="","",OFFSET(別紙１!AM$73,$AJ2,)) | AR2: 1 | AS2: =IF(AK2=1,"田 ①",IF(AK2=2,"畑 ②",IF(AK2=3,"草地 ③",))) -> 田 ① | AT2: =IF(OFFSET(AM$2,$AR2+$AK2-1,)="","",OFFSET(AM$2,$AR2+$AK2-1,)) -> 基本単価 | AU2: =IF(OFFSET(AN$2,$AR2+$AK2-1,)="","",OFFSET(AN$2,$AR2+$AK2-1,)) | AV2: =IF(OFFSET(AO$2,$AR2+$AK2-1,)="","",OFFSET(AO$2,$AR2+$AK2-1,)) -> 0 | AW2: =IF(OFFSET(AP$2,$AR2+$AK2-1,)="","",OFFSET(AP$2,$AR2+$AK2-1,)) -> 0 | AX2: =IF(OFFSET(AQ$2,$AR2+$AK2-1,)="","",OFFSET(AQ$2,$AR2+$AK2-1,)) | AY2: 1 | AZ2: =IF(COUNTIF($BA$2:BA2,"田 ①") + COUNTIF($BA$2:BA3,"畑 ②") + COUNTIF($BA$2:BA4,"草地 ③")<=3,COUNTIF($BA$2:BA2,"田 ①") + COUNTIF($BA$2:BA3,"畑 ②") + COUNTIF($BA$2:BA4,"草地 ③"),3) -> 1 | BA2: =IF(OFFSET(別紙１!$B$112,$AY2,)="","",OFFSET(別紙１!$B$112,$AY2,)) -> 田 ① | BB2: =IF(OFFSET(別紙１!$B$112,$AY2,)="","",OFFSET(別紙１!$B$112,$AY2,)) -> 田 ① | BC2: =IF(OFFSET(別紙１!$E$112,$AY2,)="","",OFFSET(別紙１!$E$112,$AY2,)) | BD2: =IF(OFFSET(別紙１!$I$112,$AY2,)="","",OFFSET(別紙１!$I$112,$AY2,)) | BE2: =IF(OFFSET(別紙１!$O$112,$AY2+1,)="","",OFFSET(別紙１!$O$112,$AY2+1,)) -> 0 | BF2: =IF(OFFSET(別紙１!$AM$112,$AY2,)="","",OFFSET(別紙１!$AM$112,$AY2,)) | BG2: 1 | BH2: =IF(AZ2=1,"田 ①",IF(AZ2=2,"畑 ②",IF(AZ2=3,"草地 ③",))) -> 田 ① | BI2: =IF(OFFSET(BB$2,$AZ2+$BG2-1,)="","",OFFSET(BB$2,$AZ2+$BG2-1,)) -> 加算単価 | BJ2: =IF(OFFSET(BC$2,$AZ2+$BG2-1,)="","",OFFSET(BC$2,$AZ2+$BG2-1,)) | BK2: =IF(OFFSET(BD$2,$AZ2+$BG2-1,)="","",OFFSET(BD$2,$AZ2+$BG2-1,)) -> 0 | BL2: =IF(OFFSET(BE$2,$AZ2+$BG2-1,)="","",OFFSET(BE$2,$AZ2+$BG2-1,)) -> 0 | BM2: =IF(OFFSET(BF$2,$AZ2+$BG2-1,)="","",OFFSET(BF$2,$AZ2+$BG2-1,)) | BN2: 1 | BO2: =IF(COUNTIF($BP$2:BP2,"田 ①") + COUNTIF($BP$2:BP3,"畑 ②") + COUNTIF($BP$2:BP4,"草地 ③")<=3,COUNTIF($BP$2:BP2,"田 ①") + COUNTIF($BP$2:BP3,"畑 ②") + COUNTIF($BP$2:BP4,"草地 ③"),3) -> 1 | BP2: =IF(OFFSET(別紙１!$B$138,$BN2,)="","",OFFSET(別紙１!$B$138,$BN2,)) -> 田 ① | BQ2: =IF(OFFSET(別紙１!$B$138,$BN2,)="","",OFFSET(別紙１!$B$138,$BN2,)) -> 田 ① | BR2: =IF(OFFSET(別紙１!$E$138,$BN2,)="","",OFFSET(別紙１!$E$138,$BN2,)) | BS2: =IF(OFFSET(別紙１!$I$138,$BN2,)="","",OFFSET(別紙１!$I$138,$BN2,)) | BT2: =IF(OFFSET(別紙１!$O$138,$BN2+1,)="","",OFFSET(別紙１!$O$138,$BN2+1,)) -> 0 | BU2: =IF(OFFSET(別紙１!$AM$138,$BN2,)="","",OFFSET(別紙１!$AM$138,$BN2,)) | BV2: 1 | BW2: =IF(BO2=1,"田 ①",IF(BO2=2,"畑 ②",IF(BO2=3,"草地 ③",))) -> 田 ① | BX2: =IF(OFFSET(BQ$2,$BO2+$BV2-1,)="","",OFFSET(BQ$2,$BO2+$BV2-1,)) -> 加算単価 | BY2: =IF(OFFSET(BR$2,$BO2+$BV2-1,)="","",OFFSET(BR$2,$BO2+$BV2-1,)) | BZ2: =IF(OFFSET(BS$2,$BO2+$BV2-1,)="","",OFFSET(BS$2,$BO2+$BV2-1,)) -> 0 | CA2: =IF(OFFSET(BT$2,$BO2+$BV2-1,)="","",OFFSET(BT$2,$BO2+$BV2-1,)) -> 0 | CB2: =IF(OFFSET(BU$2,$BO2+$BV2-1,)="","",OFFSET(BU$2,$BO2+$BV2-1,)) | CC2: 1 | CD2: =IF(COUNTIF($CE$2:CE2,"田") <=1,COUNTIF($CE$2:CE2,"田"),1) -> 1 | CE2: =IF(OFFSET(別紙１!$B$164,$CC2,)="","",OFFSET(別紙１!$B$164,$CC2,)) -> 田 | CF2: =IF(OFFSET(別紙１!$B$164,$CC2,)="","",OFFSET(別紙１!$B$164,$CC2,)) -> 田 | CG2: =IF(OFFSET(別紙１!$E$164,$CC2,)="","",OFFSET(別紙１!$E$164,$CC2,)) | CH2: =IF(OFFSET(別紙１!$I$164,$CC2,)="","",OFFSET(別紙１!$I$164,$CC2,)) | CI2: =IF(OFFSET(別紙１!$O$164,$CC2+1,)="","",OFFSET(別紙１!$O$164,$CC2+1,)) -> 0 | CJ2: =IF(OFFSET(別紙１!$AM$164,$CC2,)="","",OFFSET(別紙１!$AM$164,$CC2,)) | CK2: 1 | CL2: =IF(CD2=1,"田",) -> 田 | CM2: =IF(OFFSET(CF$2,$CD2+$CK2-1,)="","",OFFSET(CF$2,$CD2+$CK2-1,)) -> 加算単価 | CN2: =IF(OFFSET(CG$2,$CD2+$CK2-1,)="","",OFFSET(CG$2,$CD2+$CK2-1,)) | CO2: =IF(OFFSET(CH$2,$CD2+$CK2-1,)="","",OFFSET(CH$2,$CD2+$CK2-1,)) -> 0 | CP2: =IF(OFFSET(CI$2,$CD2+$CK2-1,)="","",OFFSET(CI$2,$CD2+$CK2-1,)) -> 0 | CQ2: =IF(OFFSET(CJ$2,$CD2+$CK2-1,)="","",OFFSET(CJ$2,$CD2+$CK2-1,)) | CR2: 1 | CS2: =IF(COUNTIF($CT$2:CT2,"田 ①") + COUNTIF($CT$2:CT3,"畑 ②") + COUNTIF($CT$2:CT4,"草地 ③")<=3,COUNTIF($CT$2:CT2,"田 ①") + COUNTIF($CT$2:CT3,"畑 ②") + COUNTIF($CT$2:CT4,"草地 ③"),3) -> 1 | CT2: =IF(OFFSET(別紙１!$B$182,$BN2,)="","",OFFSET(別紙１!$B$182,$BN2,)) -> 田 ① | CU2: =IF(OFFSET(別紙１!$B$182,$BN2,)="","",OFFSET(別紙１!$B$182,$BN2,)) -> 田 ① | CV2: =IF(OFFSET(別紙１!$E$182,$BN2,)="","",OFFSET(別紙１!$E$182,$BN2,)) | CW2: =IF(OFFSET(別紙１!$I$182,$BN2,)="","",OFFSET(別紙１!$I$182,$BN2,)) | CX2: =IF(OFFSET(別紙１!$O$182,$BN2+1,)="","",OFFSET(別紙１!$O$182,$BN2+1,)) -> 0 | CY2: =IF(OFFSET(別紙１!$AM$182,$BN2,)="","",OFFSET(別紙１!$AM$182,$BN2,)) | CZ2: 1 | DA2: =IF(CS2=1,"田 ①",IF(CS2=2,"畑 ②",IF(CS2=3,"草地 ③",))) -> 田 ① | DB2: =IF(OFFSET(CU$2,$CS2+$CZ2-1,)="","",OFFSET(CU$2,$CS2+$CZ2-1,)) -> 交付単価 | DC2: =IF(OFFSET(CV$2,$CS2+$CZ2-1,)="","",OFFSET(CV$2,$CS2+$CZ2-1,)) | DD2: =IF(OFFSET(CW$2,$CS2+$CZ2-1,)="","",OFFSET(CW$2,$CS2+$CZ2-1,)) -> 0 | DE2: =IF(OFFSET(CX$2,$CS2+$CZ2-1,)="","",OFFSET(CX$2,$CS2+$CZ2-1,)) -> 0 | DF2: =IF(OFFSET(CY$2,$CS2+$CZ2-1,)="","",OFFSET(CY$2,$CS2+$CZ2-1,)) | DG2: 1 | DH2: =IF(OFFSET(別紙１!B$207,$DG2,)="","",OFFSET(別紙１!B$207,$DG2,)) -> 保全管理する区域内に 存在する集落数 ④ | DI2: =IF(OFFSET(別紙１!I$207,$DG2,)="","",OFFSET(別紙１!I$207,$DG2,)) -> 0 | DJ2: =IF(OFFSET(別紙１!O$207,$DG2+1,)="","",OFFSET(別紙１!O$207,$DG2+1,)) -> 0 | DK2: =IF(OFFSET(別紙１!AM$207,$DG2,)="","",OFFSET(別紙１!AM$207,$DG2,))
A3: 3 | B3: =IF(COUNTIF($C$2:C4,"田 ①") + COUNTIF($C$2:C4,"畑 ②") + COUNTIF($C$2:C5,"草地 ③")<=3,COUNTIF($C$2:C4,"田 ①") + COUNTIF($C$2:C4,"畑 ②") + COUNTIF($C$2:C5,"草地 ③"),3) -> 2 | C3: =IF(OFFSET(別紙１!$B$12,$A3,)="","",OFFSET(別紙１!$B$12,$A3,)) -> 基本単価 | D3: =IF(OFFSET(別紙１!$B$12,$A3,)="","",OFFSET(別紙１!$B$12,$A3,)) -> 基本単価 | E3: =IF(OFFSET(別紙１!$E$12,$A3,)="","",OFFSET(別紙１!$E$12,$A3,)) | F3: =IF(OFFSET(別紙１!$I$12,$A3,)="","",OFFSET(別紙１!$I$12,$A3,)) -> 0 | G3: =IF(OFFSET(別紙１!$O$12,$A3+1,)="","",OFFSET(別紙１!$O$12,$A3+1,)) -> 0 | H3: =IF(OFFSET(別紙１!$AM$12,$A3,)="","",OFFSET(別紙１!$AM$12,$A3,)) | I3: 2 | J3: =IF(B3=1,"田 ①",IF(B3=2,"畑 ②",IF(B3=3,"草地 ③",))) -> 畑 ② | K3: =IF(OFFSET(D$2,$I3+$B3-1,)="","",OFFSET(D$2,$I3+$B3-1,)) -> 基本単価 | L3: =IF(OFFSET(E$2,$I3+$B3-1,)="","",OFFSET(E$2,$I3+$B3-1,)) | M3: =IF(OFFSET(F$2,$I3+$B3-1,)="","",OFFSET(F$2,$I3+$B3-1,)) -> 0 | N3: =IF(OFFSET(G$2,$I3+$B3-1,)="","",OFFSET(G$2,$I3+$B3-1,)) -> 0 | O3: =IF(OFFSET(H$2,$I3+$B3-1,)="","",OFFSET(H$2,$I3+$B3-1,)) | P3: 3 | Q3: =IF(COUNTIF($R$2:R4,"田 ①") + COUNTIF($R$2:R4,"畑 ②") + COUNTIF($R$2:R5,"草地 ③")<=3,COUNTIF($R$2:R4,"田 ①") + COUNTIF($R$2:R4,"畑 ②") + COUNTIF($R$2:R5,"草地 ③"),3) -> 1 | R3: =IF(OFFSET(別紙１!$B$32,$P3,)="","",OFFSET(別紙１!$B$32,$P3,)) -> 加算単価 | S3: =IF(OFFSET(別紙１!$B$32,$P3,)="","",OFFSET(別紙１!$B$32,$P3,)) -> 加算単価 | T3: =IF(OFFSET(別紙１!$E$32,$P3,)="","",OFFSET(別紙１!$E$32,$P3,)) | U3: =IF(OFFSET(別紙１!$I$32,$P3,)="","",OFFSET(別紙１!$I$32,$P3,)) -> 0 | V3: =IF(OFFSET(別紙１!$O$32,$P3+1,)="","",OFFSET(別紙１!$O$32,$P3+1,)) -> 0 | W3: =IF(OFFSET(別紙１!$AM$32,$P3,)="","",OFFSET(別紙１!$AM$32,$P3,)) | X3: 2 | Y3: =IF(Q3=1,"田 ①",IF(Q3=2,"畑 ②",IF(Q3=3,"草地 ③",))) -> 田 ① | Z3: =IF(OFFSET(S$2,$X3+$Q3-1,)="","",OFFSET(S$2,$X3+$Q3-1,)) -> 加算上限を適用する | AA3: =IF(OFFSET(T$2,$X3+$Q3-1,)="","",OFFSET(T$2,$X3+$Q3-1,)) | AB3: =IF(OFFSET(U$2,$X3+$Q3-1,)="","",OFFSET(U$2,$X3+$Q3-1,)) -> 0 | AC3: =IF(OFFSET(V$2,$X3+$Q3-1,)="","",OFFSET(V$2,$X3+$Q3-1,)) -> 0 | AD3: =IF(OFFSET(W$2,$X3+$Q3-1,)="","",OFFSET(W$2,$X3+$Q3-1,)) | AE3: 3 | AF3: =IF(OFFSET(別紙１!B$51,$AE3,)="","",OFFSET(別紙１!B$51,$AE3,)) -> １組織あたり加算上限を適用する組織 ⑤ | AG3: =IF(OFFSET(別紙１!I$51,$AE3,)="","",OFFSET(別紙１!I$51,$AE3,)) -> 0 | AH3: =IF(OFFSET(別紙１!O$51,$AE3+1,)="","",OFFSET(別紙１!O$51,$AE3+1,)) -> 0 | AI3: =IF(OFFSET(別紙１!AM$51,$AE3,)="","",OFFSET(別紙１!AM$51,$AE3,)) | AJ3: 3 | AK3: =IF(COUNTIF($AL$2:AL4,"田 ①") + COUNTIF($AL$2:AL4,"畑 ②") + COUNTIF($AL$2:AL5,"草地 ③")<=3,COUNTIF($AL$2:AL4,"田 ①") + COUNTIF($AL$2:AL4,"畑 ②") + COUNTIF($AL$2:AL5,"草地 ③"),3) -> 1 | AL3: =IF(OFFSET(別紙１!B$73,$AJ3,)="","",OFFSET(別紙１!B$73,$AJ3,)) -> 基本単価 | AM3: =IF(OFFSET(別紙１!B$73,$AJ3,)="","",OFFSET(別紙１!B$73,$AJ3,)) -> 基本単価 | AN3: =IF(OFFSET(別紙１!E$73,$AJ3,)="","",OFFSET(別紙１!E$73,$AJ3,)) | AO3: =IF(OFFSET(別紙１!I$73,$AJ3,)="","",OFFSET(別紙１!I$73,$AJ3,)) -> 0 | AP3: =IF(OFFSET(別紙１!O$73,$AJ3+1,)="","",OFFSET(別紙１!O$73,$AJ3+1,)) -> 0 | AQ3: =IF(OFFSET(別紙１!AM$73,$AJ3,)="","",OFFSET(別紙１!AM$73,$AJ3,)) | AR3: 2 | AS3: =IF(AK3=1,"田 ①",IF(AK3=2,"畑 ②",IF(AK3=3,"草地 ③",))) -> 田 ① | AT3: =IF(OFFSET(AM$2,$AR3+$AK3-1,)="","",OFFSET(AM$2,$AR3+$AK3-1,)) -> 基本単価×５／６ | AU3: =IF(OFFSET(AN$2,$AR3+$AK3-1,)="","",OFFSET(AN$2,$AR3+$AK3-1,)) | AV3: =IF(OFFSET(AO$2,$AR3+$AK3-1,)="","",OFFSET(AO$2,$AR3+$AK3-1,)) -> 0 | AW3: =IF(OFFSET(AP$2,$AR3+$AK3-1,)="","",OFFSET(AP$2,$AR3+$AK3-1,)) -> 0 | AX3: =IF(OFFSET(AQ$2,$AR3+$AK3-1,)="","",OFFSET(AQ$2,$AR3+$AK3-1,)) | AY3: 3 | AZ3: =IF(COUNTIF($BA$2:BA3,"田 ①") + COUNTIF($BA$2:BA4,"畑 ②") + COUNTIF($BA$2:BA5,"草地 ③")<=3,COUNTIF($BA$2:BA3,"田 ①") + COUNTIF($BA$2:BA4,"畑 ②") + COUNTIF($BA$2:BA5,"草地 ③"),3) -> 2 | BA3: =IF(OFFSET(別紙１!$B$112,$AY3,)="","",OFFSET(別紙１!$B$112,$AY3,)) -> 加算単価 | BB3: =IF(OFFSET(別紙１!$B$112,$AY3,)="","",OFFSET(別紙１!$B$112,$AY3,)) -> 加算単価 | BC3: =IF(OFFSET(別紙１!$E$112,$AY3,)="","",OFFSET(別紙１!$E$112,$AY3,)) | BD3: =IF(OFFSET(別紙１!$I$112,$AY3,)="","",OFFSET(別紙１!$I$112,$AY3,)) -> 0 | BE3: =IF(OFFSET(別紙１!$O$112,$AY3+1,)="","",OFFSET(別紙１!$O$112,$AY3+1,)) -> 0 | BF3: =IF(OFFSET(別紙１!$AM$112,$AY3,)="","",OFFSET(別紙１!$AM$112,$AY3,)) | BG3: 2 | BH3: =IF(AZ3=1,"田 ①",IF(AZ3=2,"畑 ②",IF(AZ3=3,"草地 ③",))) -> 畑 ② | BI3: =IF(OFFSET(BB$2,$AZ3+$BG3-1,)="","",OFFSET(BB$2,$AZ3+$BG3-1,)) -> 加算単価 | BJ3: =IF(OFFSET(BC$2,$AZ3+$BG3-1,)="","",OFFSET(BC$2,$AZ3+$BG3-1,)) | BK3: =IF(OFFSET(BD$2,$AZ3+$BG3-1,)="","",OFFSET(BD$2,$AZ3+$BG3-1,)) -> 0 | BL3: =IF(OFFSET(BE$2,$AZ3+$BG3-1,)="","",OFFSET(BE$2,$AZ3+$BG3-1,)) -> 0 | BM3: =IF(OFFSET(BF$2,$AZ3+$BG3-1,)="","",OFFSET(BF$2,$AZ3+$BG3-1,)) | BN3: 3 | BO3: =IF(COUNTIF($BP$2:BP3,"田 ①") + COUNTIF($BP$2:BP4,"畑 ②") + COUNTIF($BP$2:BP5,"草地 ③")<=3,COUNTIF($BP$2:BP3,"田 ①") + COUNTIF($BP$2:BP4,"畑 ②") + COUNTIF($BP$2:BP5,"草地 ③"),3) -> 2 | BP3: =IF(OFFSET(別紙１!$B$138,$BN3,)="","",OFFSET(別紙１!$B$138,$BN3,)) -> 加算単価 | BQ3: =IF(OFFSET(別紙１!$B$138,$BN3,)="","",OFFSET(別紙１!$B$138,$BN3,)) -> 加算単価 | BR3: =IF(OFFSET(別紙１!$E$138,$BN3,)="","",OFFSET(別紙１!$E$138,$BN3,)) | BS3: =IF(OFFSET(別紙１!$I$138,$BN3,)="","",OFFSET(別紙１!$I$138,$BN3,)) -> 0 | BT3: =IF(OFFSET(別紙１!$O$138,$BN3+1,)="","",OFFSET(別紙１!$O$138,$BN3+1,)) -> 0 | BU3: =IF(OFFSET(別紙１!$AM$138,$BN3,)="","",OFFSET(別紙１!$AM$138,$BN3,)) | BV3: 2 | BW3: =IF(BO3=1,"田 ①",IF(BO3=2,"畑 ②",IF(BO3=3,"草地 ③",))) -> 畑 ② | BX3: =IF(OFFSET(BQ$2,$BO3+$BV3-1,)="","",OFFSET(BQ$2,$BO3+$BV3-1,)) -> 加算単価 | BY3: =IF(OFFSET(BR$2,$BO3+$BV3-1,)="","",OFFSET(BR$2,$BO3+$BV3-1,)) | BZ3: =IF(OFFSET(BS$2,$BO3+$BV3-1,)="","",OFFSET(BS$2,$BO3+$BV3-1,)) -> 0 | CA3: =IF(OFFSET(BT$2,$BO3+$BV3-1,)="","",OFFSET(BT$2,$BO3+$BV3-1,)) -> 0 | CB3: =IF(OFFSET(BU$2,$BO3+$BV3-1,)="","",OFFSET(BU$2,$BO3+$BV3-1,)) | CC3: 3 | CD3: =IF(COUNTIF($CE$2:CE3,"田") <=1,COUNTIF($CE$2:CE3,"田"),1) -> 1 | CE3: =IF(OFFSET(別紙１!$B$164,$CC3,)="","",OFFSET(別紙１!$B$164,$CC3,)) -> 加算単価 | CF3: =IF(OFFSET(別紙１!$B$164,$CC3,)="","",OFFSET(別紙１!$B$164,$CC3,)) -> 加算単価 | CG3: =IF(OFFSET(別紙１!$E$164,$CC3,)="","",OFFSET(別紙１!$E$164,$CC3,)) | CH3: =IF(OFFSET(別紙１!$I$164,$CC3,)="","",OFFSET(別紙１!$I$164,$CC3,)) -> 0 | CI3: =IF(OFFSET(別紙１!$O$164,$CC3+1,)="","",OFFSET(別紙１!$O$164,$CC3+1,)) -> 0 | CJ3: =IF(OFFSET(別紙１!$AM$164,$CC3,)="","",OFFSET(別紙１!$AM$164,$CC3,)) | CK3: 2 | CL3: =IF(CD3=1,"田",) -> 田 | CM3: =IF(OFFSET(CF$2,$CD3+$CK3-1,)="","",OFFSET(CF$2,$CD3+$CK3-1,)) -> この線より上に行を挿入してください。 | CN3: =IF(OFFSET(CG$2,$CD3+$CK3-1,)="","",OFFSET(CG$2,$CD3+$CK3-1,)) | CO3: =IF(OFFSET(CH$2,$CD3+$CK3-1,)="","",OFFSET(CH$2,$CD3+$CK3-1,)) | CP3: =IF(OFFSET(CI$2,$CD3+$CK3-1,)="","",OFFSET(CI$2,$CD3+$CK3-1,)) -> 0 | CQ3: =IF(OFFSET(CJ$2,$CD3+$CK3-1,)="","",OFFSET(CJ$2,$CD3+$CK3-1,)) | CR3: 3 | CS3: =IF(COUNTIF($CT$2:CT3,"田 ①") + COUNTIF($CT$2:CT4,"畑 ②") + COUNTIF($CT$2:CT5,"草地 ③")<=3,COUNTIF($CT$2:CT3,"田 ①") + COUNTIF($CT$2:CT4,"畑 ②") + COUNTIF($CT$2:CT5,"草地 ③"),3) -> 1 | CT3: =IF(OFFSET(別紙１!$B$182,$BN3,)="","",OFFSET(別紙１!$B$182,$BN3,)) -> 交付単価 | CU3: =IF(OFFSET(別紙１!$B$182,$BN3,)="","",OFFSET(別紙１!$B$182,$BN3,)) -> 交付単価 | CV3: =IF(OFFSET(別紙１!$E$182,$BN3,)="","",OFFSET(別紙１!$E$182,$BN3,)) | CW3: =IF(OFFSET(別紙１!$I$182,$BN3,)="","",OFFSET(別紙１!$I$182,$BN3,)) -> 0 | CX3: =IF(OFFSET(別紙１!$O$182,$BN3+1,)="","",OFFSET(別紙１!$O$182,$BN3+1,)) -> 0 | CY3: =IF(OFFSET(別紙１!$AM$182,$BN3,)="","",OFFSET(別紙１!$AM$182,$BN3,)) | CZ3: 2 | DA3: =IF(CS3=1,"田 ①",IF(CS3=2,"畑 ②",IF(CS3=3,"草地 ③",))) -> 田 ① | DB3: =IF(OFFSET(CU$2,$CS3+$CZ3-1,)="","",OFFSET(CU$2,$CS3+$CZ3-1,)) -> 交付単価×５／６ | DC3: =IF(OFFSET(CV$2,$CS3+$CZ3-1,)="","",OFFSET(CV$2,$CS3+$CZ3-1,)) | DD3: =IF(OFFSET(CW$2,$CS3+$CZ3-1,)="","",OFFSET(CW$2,$CS3+$CZ3-1,)) -> 0 | DE3: =IF(OFFSET(CX$2,$CS3+$CZ3-1,)="","",OFFSET(CX$2,$CS3+$CZ3-1,)) -> 0 | DF3: =IF(OFFSET(CY$2,$CS3+$CZ3-1,)="","",OFFSET(CY$2,$CS3+$CZ3-1,)) | DG3: 3 | DH3: =IF(OFFSET(別紙１!B$207,$DG3,)="","",OFFSET(別紙１!B$207,$DG3,)) -> この線より上に行を挿入してください。 | DI3: =IF(OFFSET(別紙１!I$207,$DG3,)="","",OFFSET(別紙１!I$207,$DG3,)) | DJ3: =IF(OFFSET(別紙１!O$207,$DG3+1,)="","",OFFSET(別紙１!O$207,$DG3+1,)) -> 0 | DK3: =IF(OFFSET(別紙１!AM$207,$DG3,)="","",OFFSET(別紙１!AM$207,$DG3,))
A4: 5 | B4: =IF(COUNTIF($C$2:C5,"田 ①") + COUNTIF($C$2:C5,"畑 ②") + COUNTIF($C$2:C6,"草地 ③")<=3,COUNTIF($C$2:C5,"田 ①") + COUNTIF($C$2:C5,"畑 ②") + COUNTIF($C$2:C6,"草地 ③"),3) -> 3 | C4: =IF(OFFSET(別紙１!$B$12,$A4,)="","",OFFSET(別紙１!$B$12,$A4,)) -> 畑 ② | D4: =IF(OFFSET(別紙１!$B$12,$A4,)="","",OFFSET(別紙１!$B$12,$A4,)) -> 畑 ② | E4: =IF(OFFSET(別紙１!$E$12,$A4,)="","",OFFSET(別紙１!$E$12,$A4,)) | F4: =IF(OFFSET(別紙１!$I$12,$A4,)="","",OFFSET(別紙１!$I$12,$A4,)) | G4: =IF(OFFSET(別紙１!$O$12,$A4+1,)="","",OFFSET(別紙１!$O$12,$A4+1,)) -> 0 | H4: =IF(OFFSET(別紙１!$AM$12,$A4,)="","",OFFSET(別紙１!$AM$12,$A4,)) | I4: 3 | J4: =IF(B4=1,"田 ①",IF(B4=2,"畑 ②",IF(B4=3,"草地 ③",))) -> 草地 ③ | K4: =IF(OFFSET(D$2,$I4+$B4-1,)="","",OFFSET(D$2,$I4+$B4-1,)) -> 基本単価 | L4: =IF(OFFSET(E$2,$I4+$B4-1,)="","",OFFSET(E$2,$I4+$B4-1,)) | M4: =IF(OFFSET(F$2,$I4+$B4-1,)="","",OFFSET(F$2,$I4+$B4-1,)) -> 0 | N4: =IF(OFFSET(G$2,$I4+$B4-1,)="","",OFFSET(G$2,$I4+$B4-1,)) -> 0 | O4: =IF(OFFSET(H$2,$I4+$B4-1,)="","",OFFSET(H$2,$I4+$B4-1,)) | P4: 5 | Q4: =IF(COUNTIF($R$2:R5,"田 ①") + COUNTIF($R$2:R5,"畑 ②") + COUNTIF($R$2:R6,"草地 ③")<=3,COUNTIF($R$2:R5,"田 ①") + COUNTIF($R$2:R5,"畑 ②") + COUNTIF($R$2:R6,"草地 ③"),3) -> 2 | R4: =IF(OFFSET(別紙１!$B$32,$P4,)="","",OFFSET(別紙１!$B$32,$P4,)) -> 加算上限を適用する | S4: =IF(OFFSET(別紙１!$B$32,$P4,)="","",OFFSET(別紙１!$B$32,$P4,)) -> 加算上限を適用する | T4: =IF(OFFSET(別紙１!$E$32,$P4,)="","",OFFSET(別紙１!$E$32,$P4,)) | U4: =IF(OFFSET(別紙１!$I$32,$P4,)="","",OFFSET(別紙１!$I$32,$P4,)) -> 0 | V4: =IF(OFFSET(別紙１!$O$32,$P4+1,)="","",OFFSET(別紙１!$O$32,$P4+1,)) -> 0 | W4: =IF(OFFSET(別紙１!$AM$32,$P4,)="","",OFFSET(別紙１!$AM$32,$P4,)) | X4: 3 | Y4: =IF(Q4=1,"田 ①",IF(Q4=2,"畑 ②",IF(Q4=3,"草地 ③",))) -> 畑 ② | Z4: =IF(OFFSET(S$2,$X4+$Q4-1,)="","",OFFSET(S$2,$X4+$Q4-1,)) -> 加算単価 | AA4: =IF(OFFSET(T$2,$X4+$Q4-1,)="","",OFFSET(T$2,$X4+$Q4-1,)) | AB4: =IF(OFFSET(U$2,$X4+$Q4-1,)="","",OFFSET(U$2,$X4+$Q4-1,)) -> 0 | AC4: =IF(OFFSET(V$2,$X4+$Q4-1,)="","",OFFSET(V$2,$X4+$Q4-1,)) -> 0 | AD4: =IF(OFFSET(W$2,$X4+$Q4-1,)="","",OFFSET(W$2,$X4+$Q4-1,)) | AE4: 5 | AF4: =IF(OFFSET(別紙１!B$51,$AE4,)="","",OFFSET(別紙１!B$51,$AE4,)) -> この線より上に行を挿入してください。 | AG4: =IF(OFFSET(別紙１!I$51,$AE4,)="","",OFFSET(別紙１!I$51,$AE4,)) | AH4: =IF(OFFSET(別紙１!O$51,$AE4+1,)="","",OFFSET(別紙１!O$51,$AE4+1,)) -> 0 | AI4: =IF(OFFSET(別紙１!AM$51,$AE4,)="","",OFFSET(別紙１!AM$51,$AE4,)) | AJ4: 5 | AK4: =IF(COUNTIF($AL$2:AL5,"田 ①") + COUNTIF($AL$2:AL5,"畑 ②") + COUNTIF($AL$2:AL6,"草地 ③")<=3,COUNTIF($AL$2:AL5,"田 ①") + COUNTIF($AL$2:AL5,"畑 ②") + COUNTIF($AL$2:AL6,"草地 ③"),3) -> 1 | AL4: =IF(OFFSET(別紙１!B$73,$AJ4,)="","",OFFSET(別紙１!B$73,$AJ4,)) -> 基本単価×５／６ | AM4: =IF(OFFSET(別紙１!B$73,$AJ4,)="","",OFFSET(別紙１!B$73,$AJ4,)) -> 基本単価×５／６ | AN4: =IF(OFFSET(別紙１!E$73,$AJ4,)="","",OFFSET(別紙１!E$73,$AJ4,)) | AO4: =IF(OFFSET(別紙１!I$73,$AJ4,)="","",OFFSET(別紙１!I$73,$AJ4,)) -> 0 | AP4: =IF(OFFSET(別紙１!O$73,$AJ4+1,)="","",OFFSET(別紙１!O$73,$AJ4+1,)) -> 0 | AQ4: =IF(OFFSET(別紙１!AM$73,$AJ4,)="","",OFFSET(別紙１!AM$73,$AJ4,)) | AR4: 3 | AS4: =IF(AK4=1,"田 ①",IF(AK4=2,"畑 ②",IF(AK4=3,"草地 ③",))) -> 田 ① | AT4: =IF(OFFSET(AM$2,$AR4+$AK4-1,)="","",OFFSET(AM$2,$AR4+$AK4-1,)) -> 継続地区の交付単価 | AU4: =IF(OFFSET(AN$2,$AR4+$AK4-1,)="","",OFFSET(AN$2,$AR4+$AK4-1,)) | AV4: =IF(OFFSET(AO$2,$AR4+$AK4-1,)="","",OFFSET(AO$2,$AR4+$AK4-1,)) -> 0 | AW4: =IF(OFFSET(AP$2,$AR4+$AK4-1,)="","",OFFSET(AP$2,$AR4+$AK4-1,)) -> 0 | AX4: =IF(OFFSET(AQ$2,$AR4+$AK4-1,)="","",OFFSET(AQ$2,$AR4+$AK4-1,)) | AY4: 5 | AZ4: =IF(COUNTIF($BA$2:BA4,"田 ①") + COUNTIF($BA$2:BA5,"畑 ②") + COUNTIF($BA$2:BA6,"草地 ③")<=3,COUNTIF($BA$2:BA4,"田 ①") + COUNTIF($BA$2:BA5,"畑 ②") + COUNTIF($BA$2:BA6,"草地 ③"),3) -> 3 | BA4: =IF(OFFSET(別紙１!$B$112,$AY4,)="","",OFFSET(別紙１!$B$112,$AY4,)) -> 畑 ② | BB4: =IF(OFFSET(別紙１!$B$112,$AY4,)="","",OFFSET(別紙１!$B$112,$AY4,)) -> 畑 ② | BC4: =IF(OFFSET(別紙１!$E$112,$AY4,)="","",OFFSET(別紙１!$E$112,$AY4,)) | BD4: =IF(OFFSET(別紙１!$I$112,$AY4,)="","",OFFSET(別紙１!$I$112,$AY4,)) | BE4: =IF(OFFSET(別紙１!$O$112,$AY4+1,)="","",OFFSET(別紙１!$O$112,$AY4+1,)) -> 0 | BF4: =IF(OFFSET(別紙１!$AM$112,$AY4,)="","",OFFSET(別紙１!$AM$112,$AY4,)) | BG4: 3 | BH4: =IF(AZ4=1,"田 ①",IF(AZ4=2,"畑 ②",IF(AZ4=3,"草地 ③",))) -> 草地 ③ | BI4: =IF(OFFSET(BB$2,$AZ4+$BG4-1,)="","",OFFSET(BB$2,$AZ4+$BG4-1,)) -> 加算単価 | BJ4: =IF(OFFSET(BC$2,$AZ4+$BG4-1,)="","",OFFSET(BC$2,$AZ4+$BG4-1,)) | BK4: =IF(OFFSET(BD$2,$AZ4+$BG4-1,)="","",OFFSET(BD$2,$AZ4+$BG4-1,)) -> 0 | BL4: =IF(OFFSET(BE$2,$AZ4+$BG4-1,)="","",OFFSET(BE$2,$AZ4+$BG4-1,)) -> 0 | BM4: =IF(OFFSET(BF$2,$AZ4+$BG4-1,)="","",OFFSET(BF$2,$AZ4+$BG4-1,)) | BN4: 5 | BO4: =IF(COUNTIF($BP$2:BP4,"田 ①") + COUNTIF($BP$2:BP5,"畑 ②") + COUNTIF($BP$2:BP6,"草地 ③")<=3,COUNTIF($BP$2:BP4,"田 ①") + COUNTIF($BP$2:BP5,"畑 ②") + COUNTIF($BP$2:BP6,"草地 ③"),3) -> 3 | BP4: =IF(OFFSET(別紙１!$B$138,$BN4,)="","",OFFSET(別紙１!$B$138,$BN4,)) -> 畑 ② | BQ4: =IF(OFFSET(別紙１!$B$138,$BN4,)="","",OFFSET(別紙１!$B$138,$BN4,)) -> 畑 ② | BR4: =IF(OFFSET(別紙１!$E$138,$BN4,)="","",OFFSET(別紙１!$E$138,$BN4,)) | BS4: =IF(OFFSET(別紙１!$I$138,$BN4,)="","",OFFSET(別紙１!$I$138,$BN4,)) | BT4: =IF(OFFSET(別紙１!$O$138,$BN4+1,)="","",OFFSET(別紙１!$O$138,$BN4+1,)) -> 0 | BU4: =IF(OFFSET(別紙１!$AM$138,$BN4,)="","",OFFSET(別紙１!$AM$138,$BN4,)) | BV4: 3 | BW4: =IF(BO4=1,"田 ①",IF(BO4=2,"畑 ②",IF(BO4=3,"草地 ③",))) -> 草地 ③ | BX4: =IF(OFFSET(BQ$2,$BO4+$BV4-1,)="","",OFFSET(BQ$2,$BO4+$BV4-1,)) -> 加算単価 | BY4: =IF(OFFSET(BR$2,$BO4+$BV4-1,)="","",OFFSET(BR$2,$BO4+$BV4-1,)) | BZ4: =IF(OFFSET(BS$2,$BO4+$BV4-1,)="","",OFFSET(BS$2,$BO4+$BV4-1,)) -> 0 | CA4: =IF(OFFSET(BT$2,$BO4+$BV4-1,)="","",OFFSET(BT$2,$BO4+$BV4-1,)) -> 0 | CB4: =IF(OFFSET(BU$2,$BO4+$BV4-1,)="","",OFFSET(BU$2,$BO4+$BV4-1,)) | CC4: 5 | CD4: =IF(COUNTIF($CE$2:CE4,"田") <=1,COUNTIF($CE$2:CE4,"田"),1) -> 1 | CE4: =IF(OFFSET(別紙１!$B$164,$CC4,)="","",OFFSET(別紙１!$B$164,$CC4,)) -> この線より上に行を挿入してください。 | CF4: =IF(OFFSET(別紙１!$B$164,$CC4,)="","",OFFSET(別紙１!$B$164,$CC4,)) -> この線より上に行を挿入してください。 | CG4: =IF(OFFSET(別紙１!$E$164,$CC4,)="","",OFFSET(別紙１!$E$164,$CC4,)) | CH4: =IF(OFFSET(別紙１!$I$164,$CC4,)="","",OFFSET(別紙１!$I$164,$CC4,)) | CI4: =IF(OFFSET(別紙１!$O$164,$CC4+1,)="","",OFFSET(別紙１!$O$164,$CC4+1,)) -> 0 | CJ4: =IF(OFFSET(別紙１!$AM$164,$CC4,)="","",OFFSET(別紙１!$AM$164,$CC4,)) | CK4: 3 | CL4: =IF(CD4=1,"田",) -> 田 | CM4: =IF(OFFSET(CF$2,$CD4+$CK4-1,)="","",OFFSET(CF$2,$CD4+$CK4-1,)) | CN4: =IF(OFFSET(CG$2,$CD4+$CK4-1,)="","",OFFSET(CG$2,$CD4+$CK4-1,)) | CO4: =IF(OFFSET(CH$2,$CD4+$CK4-1,)="","",OFFSET(CH$2,$CD4+$CK4-1,)) | CP4: =IF(OFFSET(CI$2,$CD4+$CK4-1,)="","",OFFSET(CI$2,$CD4+$CK4-1,)) | CQ4: =IF(OFFSET(CJ$2,$CD4+$CK4-1,)="","",OFFSET(CJ$2,$CD4+$CK4-1,)) | CR4: 5 | CS4: =IF(COUNTIF($CT$2:CT4,"田 ①") + COUNTIF($CT$2:CT5,"畑 ②") + COUNTIF($CT$2:CT6,"草地 ③")<=3,COUNTIF($CT$2:CT4,"田 ①") + COUNTIF($CT$2:CT5,"畑 ②") + COUNTIF($CT$2:CT6,"草地 ③"),3) -> 1 | CT4: =IF(OFFSET(別紙１!$B$182,$BN4,)="","",OFFSET(別紙１!$B$182,$BN4,)) -> 交付単価×５／６ | CU4: =IF(OFFSET(別紙１!$B$182,$BN4,)="","",OFFSET(別紙１!$B$182,$BN4,)) -> 交付単価×５／６ | CV4: =IF(OFFSET(別紙１!$E$182,$BN4,)="","",OFFSET(別紙１!$E$182,$BN4,)) | CW4: =IF(OFFSET(別紙１!$I$182,$BN4,)="","",OFFSET(別紙１!$I$182,$BN4,)) -> 0 | CX4: =IF(OFFSET(別紙１!$O$182,$BN4+1,)="","",OFFSET(別紙１!$O$182,$BN4+1,)) -> 0 | CY4: =IF(OFFSET(別紙１!$AM$182,$BN4,)="","",OFFSET(別紙１!$AM$182,$BN4,)) | CZ4: 3 | DA4: =IF(CS4=1,"田 ①",IF(CS4=2,"畑 ②",IF(CS4=3,"草地 ③",))) -> 田 ① | DB4: =IF(OFFSET(CU$2,$CS4+$CZ4-1,)="","",OFFSET(CU$2,$CS4+$CZ4-1,)) -> １集落200万円 | DC4: =IF(OFFSET(CV$2,$CS4+$CZ4-1,)="","",OFFSET(CV$2,$CS4+$CZ4-1,)) | DD4: =IF(OFFSET(CW$2,$CS4+$CZ4-1,)="","",OFFSET(CW$2,$CS4+$CZ4-1,)) | DE4: =IF(OFFSET(CX$2,$CS4+$CZ4-1,)="","",OFFSET(CX$2,$CS4+$CZ4-1,)) -> 0 | DF4: =IF(OFFSET(CY$2,$CS4+$CZ4-1,)="","",OFFSET(CY$2,$CS4+$CZ4-1,)) | DG4: 5 | DH4: =IF(OFFSET(別紙１!B$207,$DG4,)="","",OFFSET(別紙１!B$207,$DG4,)) | DI4: =IF(OFFSET(別紙１!I$207,$DG4,)="","",OFFSET(別紙１!I$207,$DG4,)) | DJ4: =IF(OFFSET(別紙１!O$207,$DG4+1,)="","",OFFSET(別紙１!O$207,$DG4+1,)) | DK4: =IF(OFFSET(別紙１!AM$207,$DG4,)="","",OFFSET(別紙１!AM$207,$DG4,))
A5: 7 | B5: =IF(COUNTIF($C$2:C6,"田 ①") + COUNTIF($C$2:C6,"畑 ②") + COUNTIF($C$2:C7,"草地 ③")<=3,COUNTIF($C$2:C6,"田 ①") + COUNTIF($C$2:C6,"畑 ②") + COUNTIF($C$2:C7,"草地 ③"),3) -> 3 | C5: =IF(OFFSET(別紙１!$B$12,$A5,)="","",OFFSET(別紙１!$B$12,$A5,)) -> 基本単価 | D5: =IF(OFFSET(別紙１!$B$12,$A5,)="","",OFFSET(別紙１!$B$12,$A5,)) -> 基本単価 | E5: =IF(OFFSET(別紙１!$E$12,$A5,)="","",OFFSET(別紙１!$E$12,$A5,)) | F5: =IF(OFFSET(別紙１!$I$12,$A5,)="","",OFFSET(別紙１!$I$12,$A5,)) -> 0 | G5: =IF(OFFSET(別紙１!$O$12,$A5+1,)="","",OFFSET(別紙１!$O$12,$A5+1,)) -> 0 | H5: =IF(OFFSET(別紙１!$AM$12,$A5,)="","",OFFSET(別紙１!$AM$12,$A5,)) | I5: 4 | J5: =IF(B5=1,"田 ①",IF(B5=2,"畑 ②",IF(B5=3,"草地 ③",))) -> 草地 ③ | K5: =IF(OFFSET(D$2,$I5+$B5-1,)="","",OFFSET(D$2,$I5+$B5-1,)) -> この線より上に行を挿入してください。 | L5: =IF(OFFSET(E$2,$I5+$B5-1,)="","",OFFSET(E$2,$I5+$B5-1,)) | M5: =IF(OFFSET(F$2,$I5+$B5-1,)="","",OFFSET(F$2,$I5+$B5-1,)) | N5: =IF(OFFSET(G$2,$I5+$B5-1,)="","",OFFSET(G$2,$I5+$B5-1,)) -> 0 | O5: =IF(OFFSET(H$2,$I5+$B5-1,)="","",OFFSET(H$2,$I5+$B5-1,)) | P5: 7 | Q5: =IF(COUNTIF($R$2:R6,"田 ①") + COUNTIF($R$2:R6,"畑 ②") + COUNTIF($R$2:R7,"草地 ③")<=3,COUNTIF($R$2:R6,"田 ①") + COUNTIF($R$2:R6,"畑 ②") + COUNTIF($R$2:R7,"草地 ③"),3) -> 2 | R5: =IF(OFFSET(別紙１!$B$32,$P5,)="","",OFFSET(別紙１!$B$32,$P5,)) -> 畑 ② | S5: =IF(OFFSET(別紙１!$B$32,$P5,)="","",OFFSET(別紙１!$B$32,$P5,)) -> 畑 ② | T5: =IF(OFFSET(別紙１!$E$32,$P5,)="","",OFFSET(別紙１!$E$32,$P5,)) | U5: =IF(OFFSET(別紙１!$I$32,$P5,)="","",OFFSET(別紙１!$I$32,$P5,)) | V5: =IF(OFFSET(別紙１!$O$32,$P5+1,)="","",OFFSET(別紙１!$O$32,$P5+1,)) -> 0 | W5: =IF(OFFSET(別紙１!$AM$32,$P5,)="","",OFFSET(別紙１!$AM$32,$P5,)) | X5: 4 | Y5: =IF(Q5=1,"田 ①",IF(Q5=2,"畑 ②",IF(Q5=3,"草地 ③",))) -> 畑 ② | Z5: =IF(OFFSET(S$2,$X5+$Q5-1,)="","",OFFSET(S$2,$X5+$Q5-1,)) -> 加算上限を適用する | AA5: =IF(OFFSET(T$2,$X5+$Q5-1,)="","",OFFSET(T$2,$X5+$Q5-1,)) | AB5: =IF(OFFSET(U$2,$X5+$Q5-1,)="","",OFFSET(U$2,$X5+$Q5-1,)) -> 0 | AC5: =IF(OFFSET(V$2,$X5+$Q5-1,)="","",OFFSET(V$2,$X5+$Q5-1,)) -> 0 | AD5: =IF(OFFSET(W$2,$X5+$Q5-1,)="","",OFFSET(W$2,$X5+$Q5-1,)) | AE5: 7 | AF5: =IF(OFFSET(別紙１!B$51,$AE5,)="","",OFFSET(別紙１!B$51,$AE5,)) | AG5: =IF(OFFSET(別紙１!I$51,$AE5,)="","",OFFSET(別紙１!I$51,$AE5,)) | AH5: =IF(OFFSET(別紙１!O$51,$AE5+1,)="","",OFFSET(別紙１!O$51,$AE5+1,)) | AI5: =IF(OFFSET(別紙１!AM$51,$AE5,)="","",OFFSET(別紙１!AM$51,$AE5,)) | AJ5: 7 | AK5: =IF(COUNTIF($AL$2:AL6,"田 ①") + COUNTIF($AL$2:AL6,"畑 ②") + COUNTIF($AL$2:AL7,"草地 ③")<=3,COUNTIF($AL$2:AL6,"田 ①") + COUNTIF($AL$2:AL6,"畑 ②") + COUNTIF($AL$2:AL7,"草地 ③"),3) -> 1 | AL5: =IF(OFFSET(別紙１!B$73,$AJ5,)="","",OFFSET(別紙１!B$73,$AJ5,)) -> 継続地区の交付単価 | AM5: =IF(OFFSET(別紙１!B$73,$AJ5,)="","",OFFSET(別紙１!B$73,$AJ5,)) -> 継続地区の交付単価 | AN5: =IF(OFFSET(別紙１!E$73,$AJ5,)="","",OFFSET(別紙１!E$73,$AJ5,)) | AO5: =IF(OFFSET(別紙１!I$73,$AJ5,)="","",OFFSET(別紙１!I$73,$AJ5,)) -> 0 | AP5: =IF(OFFSET(別紙１!O$73,$AJ5+1,)="","",OFFSET(別紙１!O$73,$AJ5+1,)) -> 0 | AQ5: =IF(OFFSET(別紙１!AM$73,$AJ5,)="","",OFFSET(別紙１!AM$73,$AJ5,)) | AR5: 4 | AS5: =IF(AK5=1,"田 ①",IF(AK5=2,"畑 ②",IF(AK5=3,"草地 ③",))) -> 田 ① | AT5: =IF(OFFSET(AM$2,$AR5+$AK5-1,)="","",OFFSET(AM$2,$AR5+$AK5-1,)) -> 継続地区の交付単価×５／６ | AU5: =IF(OFFSET(AN$2,$AR5+$AK5-1,)="","",OFFSET(AN$2,$AR5+$AK5-1,)) | AV5: =IF(OFFSET(AO$2,$AR5+$AK5-1,)="","",OFFSET(AO$2,$AR5+$AK5-1,)) -> 0 | AW5: =IF(OFFSET(AP$2,$AR5+$AK5-1,)="","",OFFSET(AP$2,$AR5+$AK5-1,)) -> 0 | AX5: =IF(OFFSET(AQ$2,$AR5+$AK5-1,)="","",OFFSET(AQ$2,$AR5+$AK5-1,)) | AY5: 7 | AZ5: =IF(COUNTIF($BA$2:BA5,"田 ①") + COUNTIF($BA$2:BA6,"畑 ②") + COUNTIF($BA$2:BA7,"草地 ③")<=3,COUNTIF($BA$2:BA5,"田 ①") + COUNTIF($BA$2:BA6,"畑 ②") + COUNTIF($BA$2:BA7,"草地 ③"),3) -> 3 | BA5: =IF(OFFSET(別紙１!$B$112,$AY5,)="","",OFFSET(別紙１!$B$112,$AY5,)) -> 加算単価 | BB5: =IF(OFFSET(別紙１!$B$112,$AY5,)="","",OFFSET(別紙１!$B$112,$AY5,)) -> 加算単価 | BC5: =IF(OFFSET(別紙１!$E$112,$AY5,)="","",OFFSET(別紙１!$E$112,$AY5,)) | BD5: =IF(OFFSET(別紙１!$I$112,$AY5,)="","",OFFSET(別紙１!$I$112,$AY5,)) -> 0 | BE5: =IF(OFFSET(別紙１!$O$112,$AY5+1,)="","",OFFSET(別紙１!$O$112,$AY5+1,)) -> 0 | BF5: =IF(OFFSET(別紙１!$AM$112,$AY5,)="","",OFFSET(別紙１!$AM$112,$AY5,)) | BG5: 4 | BH5: =IF(AZ5=1,"田 ①",IF(AZ5=2,"畑 ②",IF(AZ5=3,"草地 ③",))) -> 草地 ③ | BI5: =IF(OFFSET(BB$2,$AZ5+$BG5-1,)="","",OFFSET(BB$2,$AZ5+$BG5-1,)) -> この線より上に行を挿入してください。 | BJ5: =IF(OFFSET(BC$2,$AZ5+$BG5-1,)="","",OFFSET(BC$2,$AZ5+$BG5-1,)) | BK5: =IF(OFFSET(BD$2,$AZ5+$BG5-1,)="","",OFFSET(BD$2,$AZ5+$BG5-1,)) | BL5: =IF(OFFSET(BE$2,$AZ5+$BG5-1,)="","",OFFSET(BE$2,$AZ5+$BG5-1,)) -> 0 | BM5: =IF(OFFSET(BF$2,$AZ5+$BG5-1,)="","",OFFSET(BF$2,$AZ5+$BG5-1,)) | BN5: 7 | BO5: =IF(COUNTIF($BP$2:BP5,"田 ①") + COUNTIF($BP$2:BP6,"畑 ②") + COUNTIF($BP$2:BP7,"草地 ③")<=3,COUNTIF($BP$2:BP5,"田 ①") + COUNTIF($BP$2:BP6,"畑 ②") + COUNTIF($BP$2:BP7,"草地 ③"),3) -> 3 | BP5: =IF(OFFSET(別紙１!$B$138,$BN5,)="","",OFFSET(別紙１!$B$138,$BN5,)) -> 加算単価 | BQ5: =IF(OFFSET(別紙１!$B$138,$BN5,)="","",OFFSET(別紙１!$B$138,$BN5,)) -> 加算単価 | BR5: =IF(OFFSET(別紙１!$E$138,$BN5,)="","",OFFSET(別紙１!$E$138,$BN5,)) | BS5: =IF(OFFSET(別紙１!$I$138,$BN5,)="","",OFFSET(別紙１!$I$138,$BN5,)) -> 0 | BT5: =IF(OFFSET(別紙１!$O$138,$BN5+1,)="","",OFFSET(別紙１!$O$138,$BN5+1,)) -> 0 | BU5: =IF(OFFSET(別紙１!$AM$138,$BN5,)="","",OFFSET(別紙１!$AM$138,$BN5,)) | BV5: 4 | BW5: =IF(BO5=1,"田 ①",IF(BO5=2,"畑 ②",IF(BO5=3,"草地 ③",))) -> 草地 ③ | BX5: =IF(OFFSET(BQ$2,$BO5+$BV5-1,)="","",OFFSET(BQ$2,$BO5+$BV5-1,)) -> この線より上に行を挿入してください。 | BY5: =IF(OFFSET(BR$2,$BO5+$BV5-1,)="","",OFFSET(BR$2,$BO5+$BV5-1,)) | BZ5: =IF(OFFSET(BS$2,$BO5+$BV5-1,)="","",OFFSET(BS$2,$BO5+$BV5-1,)) | CA5: =IF(OFFSET(BT$2,$BO5+$BV5-1,)="","",OFFSET(BT$2,$BO5+$BV5-1,)) -> 0 | CB5: =IF(OFFSET(BU$2,$BO5+$BV5-1,)="","",OFFSET(BU$2,$BO5+$BV5-1,)) | CC5: 7 | CD5: =IF(COUNTIF($CE$2:CE5,"田") <=1,COUNTIF($CE$2:CE5,"田"),1) -> 1 | CE5: =IF(OFFSET(別紙１!$B$164,$CC5,)="","",OFFSET(別紙１!$B$164,$CC5,)) | CF5: =IF(OFFSET(別紙１!$B$164,$CC5,)="","",OFFSET(別紙１!$B$164,$CC5,)) | CG5: =IF(OFFSET(別紙１!$E$164,$CC5,)="","",OFFSET(別紙１!$E$164,$CC5,)) | CH5: =IF(OFFSET(別紙１!$I$164,$CC5,)="","",OFFSET(別紙１!$I$164,$CC5,)) | CI5: =IF(OFFSET(別紙１!$O$164,$CC5+1,)="","",OFFSET(別紙１!$O$164,$CC5+1,)) | CJ5: =IF(OFFSET(別紙１!$AM$164,$CC5,)="","",OFFSET(別紙１!$AM$164,$CC5,)) | CK5: 4 | CL5: =IF(CD5=1,"田",) -> 田 | CM5: =IF(OFFSET(CF$2,$CD5+$CK5-1,)="","",OFFSET(CF$2,$CD5+$CK5-1,)) | CN5: =IF(OFFSET(CG$2,$CD5+$CK5-1,)="","",OFFSET(CG$2,$CD5+$CK5-1,)) | CO5: =IF(OFFSET(CH$2,$CD5+$CK5-1,)="","",OFFSET(CH$2,$CD5+$CK5-1,)) | CP5: =IF(OFFSET(CI$2,$CD5+$CK5-1,)="","",OFFSET(CI$2,$CD5+$CK5-1,)) | CQ5: =IF(OFFSET(CJ$2,$CD5+$CK5-1,)="","",OFFSET(CJ$2,$CD5+$CK5-1,)) | CR5: 7 | CS5: =IF(COUNTIF($CT$2:CT5,"田 ①") + COUNTIF($CT$2:CT6,"畑 ②") + COUNTIF($CT$2:CT7,"草地 ③")<=3,COUNTIF($CT$2:CT5,"田 ①") + COUNTIF($CT$2:CT6,"畑 ②") + COUNTIF($CT$2:CT7,"草地 ③"),3) -> 2 | CT5: =IF(OFFSET(別紙１!$B$182,$BN5,)="","",OFFSET(別紙１!$B$182,$BN5,)) -> １集落200万円 | CU5: =IF(OFFSET(別紙１!$B$182,$BN5,)="","",OFFSET(別紙１!$B$182,$BN5,)) -> １集落200万円 | CV5: =IF(OFFSET(別紙１!$E$182,$BN5,)="","",OFFSET(別紙１!$E$182,$BN5,)) | CW5: =IF(OFFSET(別紙１!$I$182,$BN5,)="","",OFFSET(別紙１!$I$182,$BN5,)) | CX5: =IF(OFFSET(別紙１!$O$182,$BN5+1,)="","",OFFSET(別紙１!$O$182,$BN5+1,)) -> 0 | CY5: =IF(OFFSET(別紙１!$AM$182,$BN5,)="","",OFFSET(別紙１!$AM$182,$BN5,)) | CZ5: 4 | DA5: =IF(CS5=1,"田 ①",IF(CS5=2,"畑 ②",IF(CS5=3,"草地 ③",))) -> 畑 ② | DB5: =IF(OFFSET(CU$2,$CS5+$CZ5-1,)="","",OFFSET(CU$2,$CS5+$CZ5-1,)) -> 交付単価 | DC5: =IF(OFFSET(CV$2,$CS5+$CZ5-1,)="","",OFFSET(CV$2,$CS5+$CZ5-1,)) | DD5: =IF(OFFSET(CW$2,$CS5+$CZ5-1,)="","",OFFSET(CW$2,$CS5+$CZ5-1,)) -> 0 | DE5: =IF(OFFSET(CX$2,$CS5+$CZ5-1,)="","",OFFSET(CX$2,$CS5+$CZ5-1,)) -> 0 | DF5: =IF(OFFSET(CY$2,$CS5+$CZ5-1,)="","",OFFSET(CY$2,$CS5+$CZ5-1,)) | DG5: 7 | DH5: =IF(OFFSET(別紙１!B$207,$DG5,)="","",OFFSET(別紙１!B$207,$DG5,)) | DI5: =IF(OFFSET(別紙１!I$207,$DG5,)="","",OFFSET(別紙１!I$207,$DG5,)) | DJ5: =IF(OFFSET(別紙１!O$207,$DG5+1,)="","",OFFSET(別紙１!O$207,$DG5+1,)) | DK5: =IF(OFFSET(別紙１!AM$207,$DG5,)="","",OFFSET(別紙１!AM$207,$DG5,))
A6: 9 | B6: =IF(COUNTIF($C$2:C7,"田 ①") + COUNTIF($C$2:C7,"畑 ②") + COUNTIF($C$2:C8,"草地 ③")<=3,COUNTIF($C$2:C7,"田 ①") + COUNTIF($C$2:C7,"畑 ②") + COUNTIF($C$2:C8,"草地 ③"),3) -> 3 | C6: =IF(OFFSET(別紙１!$B$12,$A6,)="","",OFFSET(別紙１!$B$12,$A6,)) -> 草地 ③ | D6: =IF(OFFSET(別紙１!$B$12,$A6,)="","",OFFSET(別紙１!$B$12,$A6,)) -> 草地 ③ | E6: =IF(OFFSET(別紙１!$E$12,$A6,)="","",OFFSET(別紙１!$E$12,$A6,)) | F6: =IF(OFFSET(別紙１!$I$12,$A6,)="","",OFFSET(別紙１!$I$12,$A6,)) | G6: =IF(OFFSET(別紙１!$O$12,$A6+1,)="","",OFFSET(別紙１!$O$12,$A6+1,)) -> 0 | H6: =IF(OFFSET(別紙１!$AM$12,$A6,)="","",OFFSET(別紙１!$AM$12,$A6,)) | I6: 5 | J6: =IF(B6=1,"田 ①",IF(B6=2,"畑 ②",IF(B6=3,"草地 ③",))) -> 草地 ③ | K6: =IF(OFFSET(D$2,$I6+$B6-1,)="","",OFFSET(D$2,$I6+$B6-1,)) | L6: =IF(OFFSET(E$2,$I6+$B6-1,)="","",OFFSET(E$2,$I6+$B6-1,)) | M6: =IF(OFFSET(F$2,$I6+$B6-1,)="","",OFFSET(F$2,$I6+$B6-1,)) | N6: =IF(OFFSET(G$2,$I6+$B6-1,)="","",OFFSET(G$2,$I6+$B6-1,)) | O6: =IF(OFFSET(H$2,$I6+$B6-1,)="","",OFFSET(H$2,$I6+$B6-1,)) | P6: 9 | Q6: =IF(COUNTIF($R$2:R7,"田 ①") + COUNTIF($R$2:R7,"畑 ②") + COUNTIF($R$2:R8,"草地 ③")<=3,COUNTIF($R$2:R7,"田 ①") + COUNTIF($R$2:R7,"畑 ②") + COUNTIF($R$2:R8,"草地 ③"),3) -> 3 | R6: =IF(OFFSET(別紙１!$B$32,$P6,)="","",OFFSET(別紙１!$B$32,$P6,)) -> 加算単価 | S6: =IF(OFFSET(別紙１!$B$32,$P6,)="","",OFFSET(別紙１!$B$32,$P6,)) -> 加算単価 | T6: =IF(OFFSET(別紙１!$E$32,$P6,)="","",OFFSET(別紙１!$E$32,$P6,)) | U6: =IF(OFFSET(別紙１!$I$32,$P6,)="","",OFFSET(別紙１!$I$32,$P6,)) -> 0 | V6: =IF(OFFSET(別紙１!$O$32,$P6+1,)="","",OFFSET(別紙１!$O$32,$P6+1,)) -> 0 | W6: =IF(OFFSET(別紙１!$AM$32,$P6,)="","",OFFSET(別紙１!$AM$32,$P6,)) | X6: 5 | Y6: =IF(Q6=1,"田 ①",IF(Q6=2,"畑 ②",IF(Q6=3,"草地 ③",))) -> 草地 ③ | Z6: =IF(OFFSET(S$2,$X6+$Q6-1,)="","",OFFSET(S$2,$X6+$Q6-1,)) -> 加算単価 | AA6: =IF(OFFSET(T$2,$X6+$Q6-1,)="","",OFFSET(T$2,$X6+$Q6-1,)) | AB6: =IF(OFFSET(U$2,$X6+$Q6-1,)="","",OFFSET(U$2,$X6+$Q6-1,)) -> 0 | AC6: =IF(OFFSET(V$2,$X6+$Q6-1,)="","",OFFSET(V$2,$X6+$Q6-1,)) -> 0 | AD6: =IF(OFFSET(W$2,$X6+$Q6-1,)="","",OFFSET(W$2,$X6+$Q6-1,)) | AE6: 9 | AF6: =IF(OFFSET(別紙１!B$51,$AE6,)="","",OFFSET(別紙１!B$51,$AE6,)) -> （注2）１集落あたり加算上限と１組織あたり加算上限が重複する場合は、１組織あたり加算上限を適用する組織欄に記載すること。 | AG6: =IF(OFFSET(別紙１!I$51,$AE6,)="","",OFFSET(別紙１!I$51,$AE6,)) | AH6: =IF(OFFSET(別紙１!O$51,$AE6+1,)="","",OFFSET(別紙１!O$51,$AE6+1,)) | AI6: =IF(OFFSET(別紙１!AM$51,$AE6,)="","",OFFSET(別紙１!AM$51,$AE6,)) | AJ6: 9 | AK6: =IF(COUNTIF($AL$2:AL7,"田 ①") + COUNTIF($AL$2:AL7,"畑 ②") + COUNTIF($AL$2:AL8,"草地 ③")<=3,COUNTIF($AL$2:AL7,"田 ①") + COUNTIF($AL$2:AL7,"畑 ②") + COUNTIF($AL$2:AL8,"草地 ③"),3) -> 2 | AL6: =IF(OFFSET(別紙１!B$73,$AJ6,)="","",OFFSET(別紙１!B$73,$AJ6,)) -> 継続地区の交付単価×５／６ | AM6: =IF(OFFSET(別紙１!B$73,$AJ6,)="","",OFFSET(別紙１!B$73,$AJ6,)) -> 継続地区の交付単価×５／６ | AN6: =IF(OFFSET(別紙１!E$73,$AJ6,)="","",OFFSET(別紙１!E$73,$AJ6,)) | AO6: =IF(OFFSET(別紙１!I$73,$AJ6,)="","",OFFSET(別紙１!I$73,$AJ6,)) -> 0 | AP6: =IF(OFFSET(別紙１!O$73,$AJ6+1,)="","",OFFSET(別紙１!O$73,$AJ6+1,)) -> 0 | AQ6: =IF(OFFSET(別紙１!AM$73,$AJ6,)="","",OFFSET(別紙１!AM$73,$AJ6,)) | AR6: 5 | AS6: =IF(AK6=1,"田 ①",IF(AK6=2,"畑 ②",IF(AK6=3,"草地 ③",))) -> 畑 ② | AT6: =IF(OFFSET(AM$2,$AR6+$AK6-1,)="","",OFFSET(AM$2,$AR6+$AK6-1,)) -> 基本単価 | AU6: =IF(OFFSET(AN$2,$AR6+$AK6-1,)="","",OFFSET(AN$2,$AR6+$AK6-1,)) | AV6: =IF(OFFSET(AO$2,$AR6+$AK6-1,)="","",OFFSET(AO$2,$AR6+$AK6-1,)) -> 0 | AW6: =IF(OFFSET(AP$2,$AR6+$AK6-1,)="","",OFFSET(AP$2,$AR6+$AK6-1,)) -> 0 | AX6: =IF(OFFSET(AQ$2,$AR6+$AK6-1,)="","",OFFSET(AQ$2,$AR6+$AK6-1,)) | AY6: 9 | AZ6: =IF(COUNTIF($BA$2:BA6,"田 ①") + COUNTIF($BA$2:BA7,"畑 ②") + COUNTIF($BA$2:BA8,"草地 ③")<=3,COUNTIF($BA$2:BA6,"田 ①") + COUNTIF($BA$2:BA7,"畑 ②") + COUNTIF($BA$2:BA8,"草地 ③"),3) -> 3 | BA6: =IF(OFFSET(別紙１!$B$112,$AY6,)="","",OFFSET(別紙１!$B$112,$AY6,)) -> 草地 ③ | BB6: =IF(OFFSET(別紙１!$B$112,$AY6,)="","",OFFSET(別紙１!$B$112,$AY6,)) -> 草地 ③ | BC6: =IF(OFFSET(別紙１!$E$112,$AY6,)="","",OFFSET(別紙１!$E$112,$AY6,)) | BD6: =IF(OFFSET(別紙１!$I$112,$AY6,)="","",OFFSET(別紙１!$I$112,$AY6,)) | BE6: =IF(OFFSET(別紙１!$O$112,$AY6+1,)="","",OFFSET(別紙１!$O$112,$AY6+1,)) -> 0 | BF6: =IF(OFFSET(別紙１!$AM$112,$AY6,)="","",OFFSET(別紙１!$AM$112,$AY6,)) | BG6: 5 | BH6: =IF(AZ6=1,"田 ①",IF(AZ6=2,"畑 ②",IF(AZ6=3,"草地 ③",))) -> 草地 ③ | BI6: =IF(OFFSET(BB$2,$AZ6+$BG6-1,)="","",OFFSET(BB$2,$AZ6+$BG6-1,)) | BJ6: =IF(OFFSET(BC$2,$AZ6+$BG6-1,)="","",OFFSET(BC$2,$AZ6+$BG6-1,)) | BK6: =IF(OFFSET(BD$2,$AZ6+$BG6-1,)="","",OFFSET(BD$2,$AZ6+$BG6-1,)) | BL6: =IF(OFFSET(BE$2,$AZ6+$BG6-1,)="","",OFFSET(BE$2,$AZ6+$BG6-1,)) | BM6: =IF(OFFSET(BF$2,$AZ6+$BG6-1,)="","",OFFSET(BF$2,$AZ6+$BG6-1,)) | BN6: 9 | BO6: =IF(COUNTIF($BP$2:BP6,"田 ①") + COUNTIF($BP$2:BP7,"畑 ②") + COUNTIF($BP$2:BP8,"草地 ③")<=3,COUNTIF($BP$2:BP6,"田 ①") + COUNTIF($BP$2:BP7,"畑 ②") + COUNTIF($BP$2:BP8,"草地 ③"),3) -> 3 | BP6: =IF(OFFSET(別紙１!$B$138,$BN6,)="","",OFFSET(別紙１!$B$138,$BN6,)) -> 草地 ③ | BQ6: =IF(OFFSET(別紙１!$B$138,$BN6,)="","",OFFSET(別紙１!$B$138,$BN6,)) -> 草地 ③ | BR6: =IF(OFFSET(別紙１!$E$138,$BN6,)="","",OFFSET(別紙１!$E$138,$BN6,)) | BS6: =IF(OFFSET(別紙１!$I$138,$BN6,)="","",OFFSET(別紙１!$I$138,$BN6,)) | BT6: =IF(OFFSET(別紙１!$O$138,$BN6+1,)="","",OFFSET(別紙１!$O$138,$BN6+1,)) -> 0 | BU6: =IF(OFFSET(別紙１!$AM$138,$BN6,)="","",OFFSET(別紙１!$AM$138,$BN6,)) | BV6: 5 | BW6: =IF(BO6=1,"田 ①",IF(BO6=2,"畑 ②",IF(BO6=3,"草地 ③",))) -> 草地 ③ | BX6: =IF(OFFSET(BQ$2,$BO6+$BV6-1,)="","",OFFSET(BQ$2,$BO6+$BV6-1,)) | BY6: =IF(OFFSET(BR$2,$BO6+$BV6-1,)="","",OFFSET(BR$2,$BO6+$BV6-1,)) | BZ6: =IF(OFFSET(BS$2,$BO6+$BV6-1,)="","",OFFSET(BS$2,$BO6+$BV6-1,)) | CA6: =IF(OFFSET(BT$2,$BO6+$BV6-1,)="","",OFFSET(BT$2,$BO6+$BV6-1,)) | CB6: =IF(OFFSET(BU$2,$BO6+$BV6-1,)="","",OFFSET(BU$2,$BO6+$BV6-1,)) | CC6: 9 | CD6: =IF(COUNTIF($CE$2:CE6,"田") <=1,COUNTIF($CE$2:CE6,"田"),1) -> 1 | CE6: =IF(OFFSET(別紙１!$B$164,$CC6,)="","",OFFSET(別紙１!$B$164,$CC6,)) | CF6: =IF(OFFSET(別紙１!$B$164,$CC6,)="","",OFFSET(別紙１!$B$164,$CC6,)) | CG6: =IF(OFFSET(別紙１!$E$164,$CC6,)="","",OFFSET(別紙１!$E$164,$CC6,)) | CH6: =IF(OFFSET(別紙１!$I$164,$CC6,)="","",OFFSET(別紙１!$I$164,$CC6,)) | CI6: =IF(OFFSET(別紙１!$O$164,$CC6+1,)="","",OFFSET(別紙１!$O$164,$CC6+1,)) | CJ6: =IF(OFFSET(別紙１!$AM$164,$CC6,)="","",OFFSET(別紙１!$AM$164,$CC6,)) | CK6: 5 | CL6: =IF(CD6=1,"田",) -> 田 | CM6: =IF(OFFSET(CF$2,$CD6+$CK6-1,)="","",OFFSET(CF$2,$CD6+$CK6-1,)) | CN6: =IF(OFFSET(CG$2,$CD6+$CK6-1,)="","",OFFSET(CG$2,$CD6+$CK6-1,)) | CO6: =IF(OFFSET(CH$2,$CD6+$CK6-1,)="","",OFFSET(CH$2,$CD6+$CK6-1,)) | CP6: =IF(OFFSET(CI$2,$CD6+$CK6-1,)="","",OFFSET(CI$2,$CD6+$CK6-1,)) | CQ6: =IF(OFFSET(CJ$2,$CD6+$CK6-1,)="","",OFFSET(CJ$2,$CD6+$CK6-1,)) | CR6: 9 | CS6: =IF(COUNTIF($CT$2:CT6,"田 ①") + COUNTIF($CT$2:CT7,"畑 ②") + COUNTIF($CT$2:CT8,"草地 ③")<=3,COUNTIF($CT$2:CT6,"田 ①") + COUNTIF($CT$2:CT7,"畑 ②") + COUNTIF($CT$2:CT8,"草地 ③"),3) -> 2 | CT6: =IF(OFFSET(別紙１!$B$182,$BN6,)="","",OFFSET(別紙１!$B$182,$BN6,)) -> 畑 ② | CU6: =IF(OFFSET(別紙１!$B$182,$BN6,)="","",OFFSET(別紙１!$B$182,$BN6,)) -> 畑 ② | CV6: =IF(OFFSET(別紙１!$E$182,$BN6,)="","",OFFSET(別紙１!$E$182,$BN6,)) | CW6: =IF(OFFSET(別紙１!$I$182,$BN6,)="","",OFFSET(別紙１!$I$182,$BN6,)) | CX6: =IF(OFFSET(別紙１!$O$182,$BN6+1,)="","",OFFSET(別紙１!$O$182,$BN6+1,)) -> 0 | CY6: =IF(OFFSET(別紙１!$AM$182,$BN6,)="","",OFFSET(別紙１!$AM$182,$BN6,)) | CZ6: 5 | DA6: =IF(CS6=1,"田 ①",IF(CS6=2,"畑 ②",IF(CS6=3,"草地 ③",))) -> 畑 ② | DB6: =IF(OFFSET(CU$2,$CS6+$CZ6-1,)="","",OFFSET(CU$2,$CS6+$CZ6-1,)) -> 交付単価×５／６ | DC6: =IF(OFFSET(CV$2,$CS6+$CZ6-1,)="","",OFFSET(CV$2,$CS6+$CZ6-1,)) | DD6: =IF(OFFSET(CW$2,$CS6+$CZ6-1,)="","",OFFSET(CW$2,$CS6+$CZ6-1,)) -> 0 | DE6: =IF(OFFSET(CX$2,$CS6+$CZ6-1,)="","",OFFSET(CX$2,$CS6+$CZ6-1,)) -> 0 | DF6: =IF(OFFSET(CY$2,$CS6+$CZ6-1,)="","",OFFSET(CY$2,$CS6+$CZ6-1,)) | DG6: 9 | DH6: =IF(OFFSET(別紙１!B$207,$DG6,)="","",OFFSET(別紙１!B$207,$DG6,)) -> （注２）１集落200万円の対象農用地面積には、１集落200万円の上限額が適用される対象組織の対象農用地面積を記載すること。 | DI6: =IF(OFFSET(別紙１!I$207,$DG6,)="","",OFFSET(別紙１!I$207,$DG6,)) | DJ6: =IF(OFFSET(別紙１!O$207,$DG6+1,)="","",OFFSET(別紙１!O$207,$DG6+1,)) | DK6: =IF(OFFSET(別紙１!AM$207,$DG6,)="","",OFFSET(別紙１!AM$207,$DG6,))
A7: 11 | B7: =IF(COUNTIF($C$2:C8,"田 ①") + COUNTIF($C$2:C8,"畑 ②") + COUNTIF($C$2:C9,"草地 ③")<=3,COUNTIF($C$2:C8,"田 ①") + COUNTIF($C$2:C8,"畑 ②") + COUNTIF($C$2:C9,"草地 ③"),3) -> 3 | C7: =IF(OFFSET(別紙１!$B$12,$A7,)="","",OFFSET(別紙１!$B$12,$A7,)) -> 基本単価 | D7: =IF(OFFSET(別紙１!$B$12,$A7,)="","",OFFSET(別紙１!$B$12,$A7,)) -> 基本単価 | E7: =IF(OFFSET(別紙１!$E$12,$A7,)="","",OFFSET(別紙１!$E$12,$A7,)) | F7: =IF(OFFSET(別紙１!$I$12,$A7,)="","",OFFSET(別紙１!$I$12,$A7,)) -> 0 | G7: =IF(OFFSET(別紙１!$O$12,$A7+1,)="","",OFFSET(別紙１!$O$12,$A7+1,)) -> 0 | H7: =IF(OFFSET(別紙１!$AM$12,$A7,)="","",OFFSET(別紙１!$AM$12,$A7,)) | I7: 6 | J7: =IF(B7=1,"田 ①",IF(B7=2,"畑 ②",IF(B7=3,"草地 ③",))) -> 草地 ③ | K7: =IF(OFFSET(D$2,$I7+$B7-1,)="","",OFFSET(D$2,$I7+$B7-1,)) | L7: =IF(OFFSET(E$2,$I7+$B7-1,)="","",OFFSET(E$2,$I7+$B7-1,)) | M7: =IF(OFFSET(F$2,$I7+$B7-1,)="","",OFFSET(F$2,$I7+$B7-1,)) | N7: =IF(OFFSET(G$2,$I7+$B7-1,)="","",OFFSET(G$2,$I7+$B7-1,)) | O7: =IF(OFFSET(H$2,$I7+$B7-1,)="","",OFFSET(H$2,$I7+$B7-1,)) | P7: 11 | Q7: =IF(COUNTIF($R$2:R8,"田 ①") + COUNTIF($R$2:R8,"畑 ②") + COUNTIF($R$2:R9,"草地 ③")<=3,COUNTIF($R$2:R8,"田 ①") + COUNTIF($R$2:R8,"畑 ②") + COUNTIF($R$2:R9,"草地 ③"),3) -> 3 | R7: =IF(OFFSET(別紙１!$B$32,$P7,)="","",OFFSET(別紙１!$B$32,$P7,)) -> 加算上限を適用する | S7: =IF(OFFSET(別紙１!$B$32,$P7,)="","",OFFSET(別紙１!$B$32,$P7,)) -> 加算上限を適用する | T7: =IF(OFFSET(別紙１!$E$32,$P7,)="","",OFFSET(別紙１!$E$32,$P7,)) | U7: =IF(OFFSET(別紙１!$I$32,$P7,)="","",OFFSET(別紙１!$I$32,$P7,)) -> 0 | V7: =IF(OFFSET(別紙１!$O$32,$P7+1,)="","",OFFSET(別紙１!$O$32,$P7+1,)) -> 0 | W7: =IF(OFFSET(別紙１!$AM$32,$P7,)="","",OFFSET(別紙１!$AM$32,$P7,)) | X7: 6 | Y7: =IF(Q7=1,"田 ①",IF(Q7=2,"畑 ②",IF(Q7=3,"草地 ③",))) -> 草地 ③ | Z7: =IF(OFFSET(S$2,$X7+$Q7-1,)="","",OFFSET(S$2,$X7+$Q7-1,)) -> 加算上限を適用する | AA7: =IF(OFFSET(T$2,$X7+$Q7-1,)="","",OFFSET(T$2,$X7+$Q7-1,)) | AB7: =IF(OFFSET(U$2,$X7+$Q7-1,)="","",OFFSET(U$2,$X7+$Q7-1,)) -> 0 | AC7: =IF(OFFSET(V$2,$X7+$Q7-1,)="","",OFFSET(V$2,$X7+$Q7-1,)) -> 0 | AD7: =IF(OFFSET(W$2,$X7+$Q7-1,)="","",OFFSET(W$2,$X7+$Q7-1,)) | AE7: 11 | AF7: =IF(OFFSET(別紙１!B$51,$AE7,)="","",OFFSET(別紙１!B$51,$AE7,)) -> 加算措置の 対象組織数 | AG7: =IF(OFFSET(別紙１!I$51,$AE7,)="","",OFFSET(別紙１!I$51,$AE7,)) | AH7: =IF(OFFSET(別紙１!O$51,$AE7+1,)="","",OFFSET(別紙１!O$51,$AE7+1,)) | AI7: =IF(OFFSET(別紙１!AM$51,$AE7,)="","",OFFSET(別紙１!AM$51,$AE7,)) | AJ7: 11 | AK7: =IF(COUNTIF($AL$2:AL8,"田 ①") + COUNTIF($AL$2:AL8,"畑 ②") + COUNTIF($AL$2:AL9,"草地 ③")<=3,COUNTIF($AL$2:AL8,"田 ①") + COUNTIF($AL$2:AL8,"畑 ②") + COUNTIF($AL$2:AL9,"草地 ③"),3) -> 2 | AL7: =IF(OFFSET(別紙１!B$73,$AJ7,)="","",OFFSET(別紙１!B$73,$AJ7,)) -> 畑 ② | AM7: =IF(OFFSET(別紙１!B$73,$AJ7,)="","",OFFSET(別紙１!B$73,$AJ7,)) -> 畑 ② | AN7: =IF(OFFSET(別紙１!E$73,$AJ7,)="","",OFFSET(別紙１!E$73,$AJ7,)) | AO7: =IF(OFFSET(別紙１!I$73,$AJ7,)="","",OFFSET(別紙１!I$73,$AJ7,)) | AP7: =IF(OFFSET(別紙１!O$73,$AJ7+1,)="","",OFFSET(別紙１!O$73,$AJ7+1,)) -> 0 | AQ7: =IF(OFFSET(別紙１!AM$73,$AJ7,)="","",OFFSET(別紙１!AM$73,$AJ7,)) | AR7: 6 | AS7: =IF(AK7=1,"田 ①",IF(AK7=2,"畑 ②",IF(AK7=3,"草地 ③",))) -> 畑 ② | AT7: =IF(OFFSET(AM$2,$AR7+$AK7-1,)="","",OFFSET(AM$2,$AR7+$AK7-1,)) -> 基本単価×５／６ | AU7: =IF(OFFSET(AN$2,$AR7+$AK7-1,)="","",OFFSET(AN$2,$AR7+$AK7-1,)) | AV7: =IF(OFFSET(AO$2,$AR7+$AK7-1,)="","",OFFSET(AO$2,$AR7+$AK7-1,)) -> 0 | AW7: =IF(OFFSET(AP$2,$AR7+$AK7-1,)="","",OFFSET(AP$2,$AR7+$AK7-1,)) -> 0 | AX7: =IF(OFFSET(AQ$2,$AR7+$AK7-1,)="","",OFFSET(AQ$2,$AR7+$AK7-1,)) | AY7: 11 | AZ7: =IF(COUNTIF($BA$2:BA7,"田 ①") + COUNTIF($BA$2:BA8,"畑 ②") + COUNTIF($BA$2:BA9,"草地 ③")<=3,COUNTIF($BA$2:BA7,"田 ①") + COUNTIF($BA$2:BA8,"畑 ②") + COUNTIF($BA$2:BA9,"草地 ③"),3) -> 3 | BA7: =IF(OFFSET(別紙１!$B$112,$AY7,)="","",OFFSET(別紙１!$B$112,$AY7,)) -> 加算単価 | BB7: =IF(OFFSET(別紙１!$B$112,$AY7,)="","",OFFSET(別紙１!$B$112,$AY7,)) -> 加算単価 | BC7: =IF(OFFSET(別紙１!$E$112,$AY7,)="","",OFFSET(別紙１!$E$112,$AY7,)) | BD7: =IF(OFFSET(別紙１!$I$112,$AY7,)="","",OFFSET(別紙１!$I$112,$AY7,)) -> 0 | BE7: =IF(OFFSET(別紙１!$O$112,$AY7+1,)="","",OFFSET(別紙１!$O$112,$AY7+1,)) -> 0 | BF7: =IF(OFFSET(別紙１!$AM$112,$AY7,)="","",OFFSET(別紙１!$AM$112,$AY7,)) | BG7: 6 | BH7: =IF(AZ7=1,"田 ①",IF(AZ7=2,"畑 ②",IF(AZ7=3,"草地 ③",))) -> 草地 ③ | BI7: =IF(OFFSET(BB$2,$AZ7+$BG7-1,)="","",OFFSET(BB$2,$AZ7+$BG7-1,)) | BJ7: =IF(OFFSET(BC$2,$AZ7+$BG7-1,)="","",OFFSET(BC$2,$AZ7+$BG7-1,)) | BK7: =IF(OFFSET(BD$2,$AZ7+$BG7-1,)="","",OFFSET(BD$2,$AZ7+$BG7-1,)) | BL7: =IF(OFFSET(BE$2,$AZ7+$BG7-1,)="","",OFFSET(BE$2,$AZ7+$BG7-1,)) | BM7: =IF(OFFSET(BF$2,$AZ7+$BG7-1,)="","",OFFSET(BF$2,$AZ7+$BG7-1,)) | BN7: 11 | BO7: =IF(COUNTIF($BP$2:BP7,"田 ①") + COUNTIF($BP$2:BP8,"畑 ②") + COUNTIF($BP$2:BP9,"草地 ③")<=3,COUNTIF($BP$2:BP7,"田 ①") + COUNTIF($BP$2:BP8,"畑 ②") + COUNTIF($BP$2:BP9,"草地 ③"),3) -> 3 | BP7: =IF(OFFSET(別紙１!$B$138,$BN7,)="","",OFFSET(別紙１!$B$138,$BN7,)) -> 加算単価 | BQ7: =IF(OFFSET(別紙１!$B$138,$BN7,)="","",OFFSET(別紙１!$B$138,$BN7,)) -> 加算単価 | BR7: =IF(OFFSET(別紙１!$E$138,$BN7,)="","",OFFSET(別紙１!$E$138,$BN7,)) | BS7: =IF(OFFSET(別紙１!$I$138,$BN7,)="","",OFFSET(別紙１!$I$138,$BN7,)) -> 0 | BT7: =IF(OFFSET(別紙１!$O$138,$BN7+1,)="","",OFFSET(別紙１!$O$138,$BN7+1,)) -> 0 | BU7: =IF(OFFSET(別紙１!$AM$138,$BN7,)="","",OFFSET(別紙１!$AM$138,$BN7,)) | BV7: 6 | BW7: =IF(BO7=1,"田 ①",IF(BO7=2,"畑 ②",IF(BO7=3,"草地 ③",))) -> 草地 ③ | BX7: =IF(OFFSET(BQ$2,$BO7+$BV7-1,)="","",OFFSET(BQ$2,$BO7+$BV7-1,)) | BY7: =IF(OFFSET(BR$2,$BO7+$BV7-1,)="","",OFFSET(BR$2,$BO7+$BV7-1,)) | BZ7: =IF(OFFSET(BS$2,$BO7+$BV7-1,)="","",OFFSET(BS$2,$BO7+$BV7-1,)) | CA7: =IF(OFFSET(BT$2,$BO7+$BV7-1,)="","",OFFSET(BT$2,$BO7+$BV7-1,)) | CB7: =IF(OFFSET(BU$2,$BO7+$BV7-1,)="","",OFFSET(BU$2,$BO7+$BV7-1,)) | CC7: 11 | CD7: =IF(COUNTIF($CE$2:CE7,"田") <=1,COUNTIF($CE$2:CE7,"田"),1) -> 1 | CE7: =IF(OFFSET(別紙１!$B$164,$CC7,)="","",OFFSET(別紙１!$B$164,$CC7,)) | CF7: =IF(OFFSET(別紙１!$B$164,$CC7,)="","",OFFSET(別紙１!$B$164,$CC7,)) | CG7: =IF(OFFSET(別紙１!$E$164,$CC7,)="","",OFFSET(別紙１!$E$164,$CC7,)) | CH7: =IF(OFFSET(別紙１!$I$164,$CC7,)="","",OFFSET(別紙１!$I$164,$CC7,)) | CI7: =IF(OFFSET(別紙１!$O$164,$CC7+1,)="","",OFFSET(別紙１!$O$164,$CC7+1,)) | CJ7: =IF(OFFSET(別紙１!$AM$164,$CC7,)="","",OFFSET(別紙１!$AM$164,$CC7,)) | CK7: 6 | CL7: =IF(CD7=1,"田",) -> 田 | CM7: =IF(OFFSET(CF$2,$CD7+$CK7-1,)="","",OFFSET(CF$2,$CD7+$CK7-1,)) | CN7: =IF(OFFSET(CG$2,$CD7+$CK7-1,)="","",OFFSET(CG$2,$CD7+$CK7-1,)) | CO7: =IF(OFFSET(CH$2,$CD7+$CK7-1,)="","",OFFSET(CH$2,$CD7+$CK7-1,)) | CP7: =IF(OFFSET(CI$2,$CD7+$CK7-1,)="","",OFFSET(CI$2,$CD7+$CK7-1,)) | CQ7: =IF(OFFSET(CJ$2,$CD7+$CK7-1,)="","",OFFSET(CJ$2,$CD7+$CK7-1,)) | CR7: 11 | CS7: =IF(COUNTIF($CT$2:CT7,"田 ①") + COUNTIF($CT$2:CT8,"畑 ②") + COUNTIF($CT$2:CT9,"草地 ③")<=3,COUNTIF($CT$2:CT7,"田 ①") + COUNTIF($CT$2:CT8,"畑 ②") + COUNTIF($CT$2:CT9,"草地 ③"),3) -> 2 | CT7: =IF(OFFSET(別紙１!$B$182,$BN7,)="","",OFFSET(別紙１!$B$182,$BN7,)) -> 交付単価 | CU7: =IF(OFFSET(別紙１!$B$182,$BN7,)="","",OFFSET(別紙１!$B$182,$BN7,)) -> 交付単価 | CV7: =IF(OFFSET(別紙１!$E$182,$BN7,)="","",OFFSET(別紙１!$E$182,$BN7,)) | CW7: =IF(OFFSET(別紙１!$I$182,$BN7,)="","",OFFSET(別紙１!$I$182,$BN7,)) -> 0 | CX7: =IF(OFFSET(別紙１!$O$182,$BN7+1,)="","",OFFSET(別紙１!$O$182,$BN7+1,)) -> 0 | CY7: =IF(OFFSET(別紙１!$AM$182,$BN7,)="","",OFFSET(別紙１!$AM$182,$BN7,)) | CZ7: 6 | DA7: =IF(CS7=1,"田 ①",IF(CS7=2,"畑 ②",IF(CS7=3,"草地 ③",))) -> 畑 ② | DB7: =IF(OFFSET(CU$2,$CS7+$CZ7-1,)="","",OFFSET(CU$2,$CS7+$CZ7-1,)) -> １集落200万円 | DC7: =IF(OFFSET(CV$2,$CS7+$CZ7-1,)="","",OFFSET(CV$2,$CS7+$CZ7-1,)) | DD7: =IF(OFFSET(CW$2,$CS7+$CZ7-1,)="","",OFFSET(CW$2,$CS7+$CZ7-1,)) | DE7: =IF(OFFSET(CX$2,$CS7+$CZ7-1,)="","",OFFSET(CX$2,$CS7+$CZ7-1,)) -> 0 | DF7: =IF(OFFSET(CY$2,$CS7+$CZ7-1,)="","",OFFSET(CY$2,$CS7+$CZ7-1,)) | DG7: 11 | DH7: =IF(OFFSET(別紙１!B$207,$DG7,)="","",OFFSET(別紙１!B$207,$DG7,)) -> ウ．組織の広域化・体制強化 | DI7: =IF(OFFSET(別紙１!I$207,$DG7,)="","",OFFSET(別紙１!I$207,$DG7,)) | DJ7: =IF(OFFSET(別紙１!O$207,$DG7+1,)="","",OFFSET(別紙１!O$207,$DG7+1,)) -> 対象組織数 | DK7: =IF(OFFSET(別紙１!AM$207,$DG7,)="","",OFFSET(別紙１!AM$207,$DG7,))
A8: 13 | B8: =IF(COUNTIF($C$2:C9,"田 ①") + COUNTIF($C$2:C9,"畑 ②") + COUNTIF($C$2:C10,"草地 ③")<=3,COUNTIF($C$2:C9,"田 ①") + COUNTIF($C$2:C9,"畑 ②") + COUNTIF($C$2:C10,"草地 ③"),3) -> 3 | C8: =IF(OFFSET(別紙１!$B$12,$A8,)="","",OFFSET(別紙１!$B$12,$A8,)) -> この線より上に行を挿入してください。 | D8: =IF(OFFSET(別紙１!$B$12,$A8,)="","",OFFSET(別紙１!$B$12,$A8,)) -> この線より上に行を挿入してください。 | E8: =IF(OFFSET(別紙１!$E$12,$A8,)="","",OFFSET(別紙１!$E$12,$A8,)) | F8: =IF(OFFSET(別紙１!$I$12,$A8,)="","",OFFSET(別紙１!$I$12,$A8,)) | G8: =IF(OFFSET(別紙１!$O$12,$A8+1,)="","",OFFSET(別紙１!$O$12,$A8+1,)) -> 0 | H8: =IF(OFFSET(別紙１!$AM$12,$A8,)="","",OFFSET(別紙１!$AM$12,$A8,)) | I8: 7 | J8: =IF(B8=1,"田 ①",IF(B8=2,"畑 ②",IF(B8=3,"草地 ③",))) -> 草地 ③ | K8: =IF(OFFSET(D$2,$I8+$B8-1,)="","",OFFSET(D$2,$I8+$B8-1,)) -> 区分 | L8: =IF(OFFSET(E$2,$I8+$B8-1,)="","",OFFSET(E$2,$I8+$B8-1,)) | M8: =IF(OFFSET(F$2,$I8+$B8-1,)="","",OFFSET(F$2,$I8+$B8-1,)) -> 交付単価 | N8: =IF(OFFSET(G$2,$I8+$B8-1,)="","",OFFSET(G$2,$I8+$B8-1,)) | O8: =IF(OFFSET(H$2,$I8+$B8-1,)="","",OFFSET(H$2,$I8+$B8-1,)) -> 備考 | P8: 13 | Q8: =IF(COUNTIF($R$2:R9,"田 ①") + COUNTIF($R$2:R9,"畑 ②") + COUNTIF($R$2:R10,"草地 ③")<=3,COUNTIF($R$2:R9,"田 ①") + COUNTIF($R$2:R9,"畑 ②") + COUNTIF($R$2:R10,"草地 ③"),3) -> 3 | R8: =IF(OFFSET(別紙１!$B$32,$P8,)="","",OFFSET(別紙１!$B$32,$P8,)) -> 草地 ③ | S8: =IF(OFFSET(別紙１!$B$32,$P8,)="","",OFFSET(別紙１!$B$32,$P8,)) -> 草地 ③ | T8: =IF(OFFSET(別紙１!$E$32,$P8,)="","",OFFSET(別紙１!$E$32,$P8,)) | U8: =IF(OFFSET(別紙１!$I$32,$P8,)="","",OFFSET(別紙１!$I$32,$P8,)) | V8: =IF(OFFSET(別紙１!$O$32,$P8+1,)="","",OFFSET(別紙１!$O$32,$P8+1,)) -> 0 | W8: =IF(OFFSET(別紙１!$AM$32,$P8,)="","",OFFSET(別紙１!$AM$32,$P8,)) | X8: 7 | Y8: =IF(Q8=1,"田 ①",IF(Q8=2,"畑 ②",IF(Q8=3,"草地 ③",))) -> 草地 ③ | Z8: =IF(OFFSET(S$2,$X8+$Q8-1,)="","",OFFSET(S$2,$X8+$Q8-1,)) -> この線より上に行を挿入してください。 | AA8: =IF(OFFSET(T$2,$X8+$Q8-1,)="","",OFFSET(T$2,$X8+$Q8-1,)) | AB8: =IF(OFFSET(U$2,$X8+$Q8-1,)="","",OFFSET(U$2,$X8+$Q8-1,)) | AC8: =IF(OFFSET(V$2,$X8+$Q8-1,)="","",OFFSET(V$2,$X8+$Q8-1,)) | AD8: =IF(OFFSET(W$2,$X8+$Q8-1,)="","",OFFSET(W$2,$X8+$Q8-1,)) | AE8: 13 | AF8: =IF(OFFSET(別紙１!B$51,$AE8,)="","",OFFSET(別紙１!B$51,$AE8,)) | AG8: =IF(OFFSET(別紙１!I$51,$AE8,)="","",OFFSET(別紙１!I$51,$AE8,)) | AH8: =IF(OFFSET(別紙１!O$51,$AE8+1,)="","",OFFSET(別紙１!O$51,$AE8+1,)) | AI8: =IF(OFFSET(別紙１!AM$51,$AE8,)="","",OFFSET(別紙１!AM$51,$AE8,)) | AJ8: 13 | AK8: =IF(COUNTIF($AL$2:AL9,"田 ①") + COUNTIF($AL$2:AL9,"畑 ②") + COUNTIF($AL$2:AL10,"草地 ③")<=3,COUNTIF($AL$2:AL9,"田 ①") + COUNTIF($AL$2:AL9,"畑 ②") + COUNTIF($AL$2:AL10,"草地 ③"),3) -> 2 | AL8: =IF(OFFSET(別紙１!B$73,$AJ8,)="","",OFFSET(別紙１!B$73,$AJ8,)) -> 基本単価 | AM8: =IF(OFFSET(別紙１!B$73,$AJ8,)="","",OFFSET(別紙１!B$73,$AJ8,)) -> 基本単価 | AN8: =IF(OFFSET(別紙１!E$73,$AJ8,)="","",OFFSET(別紙１!E$73,$AJ8,)) | AO8: =IF(OFFSET(別紙１!I$73,$AJ8,)="","",OFFSET(別紙１!I$73,$AJ8,)) -> 0 | AP8: =IF(OFFSET(別紙１!O$73,$AJ8+1,)="","",OFFSET(別紙１!O$73,$AJ8+1,)) -> 0 | AQ8: =IF(OFFSET(別紙１!AM$73,$AJ8,)="","",OFFSET(別紙１!AM$73,$AJ8,)) | AR8: 7 | AS8: =IF(AK8=1,"田 ①",IF(AK8=2,"畑 ②",IF(AK8=3,"草地 ③",))) -> 畑 ② | AT8: =IF(OFFSET(AM$2,$AR8+$AK8-1,)="","",OFFSET(AM$2,$AR8+$AK8-1,)) -> 継続地区の交付単価 | AU8: =IF(OFFSET(AN$2,$AR8+$AK8-1,)="","",OFFSET(AN$2,$AR8+$AK8-1,)) | AV8: =IF(OFFSET(AO$2,$AR8+$AK8-1,)="","",OFFSET(AO$2,$AR8+$AK8-1,)) -> 0 | AW8: =IF(OFFSET(AP$2,$AR8+$AK8-1,)="","",OFFSET(AP$2,$AR8+$AK8-1,)) -> 0 | AX8: =IF(OFFSET(AQ$2,$AR8+$AK8-1,)="","",OFFSET(AQ$2,$AR8+$AK8-1,)) | AY8: 13 | AZ8: =IF(COUNTIF($BA$2:BA8,"田 ①") + COUNTIF($BA$2:BA9,"畑 ②") + COUNTIF($BA$2:BA10,"草地 ③")<=3,COUNTIF($BA$2:BA8,"田 ①") + COUNTIF($BA$2:BA9,"畑 ②") + COUNTIF($BA$2:BA10,"草地 ③"),3) -> 3 | BA8: =IF(OFFSET(別紙１!$B$112,$AY8,)="","",OFFSET(別紙１!$B$112,$AY8,)) -> この線より上に行を挿入してください。 | BB8: =IF(OFFSET(別紙１!$B$112,$AY8,)="","",OFFSET(別紙１!$B$112,$AY8,)) -> この線より上に行を挿入してください。 | BC8: =IF(OFFSET(別紙１!$E$112,$AY8,)="","",OFFSET(別紙１!$E$112,$AY8,)) | BD8: =IF(OFFSET(別紙１!$I$112,$AY8,)="","",OFFSET(別紙１!$I$112,$AY8,)) | BE8: =IF(OFFSET(別紙１!$O$112,$AY8+1,)="","",OFFSET(別紙１!$O$112,$AY8+1,)) -> 0 | BF8: =IF(OFFSET(別紙１!$AM$112,$AY8,)="","",OFFSET(別紙１!$AM$112,$AY8,)) | BG8: 7 | BH8: =IF(AZ8=1,"田 ①",IF(AZ8=2,"畑 ②",IF(AZ8=3,"草地 ③",))) -> 草地 ③ | BI8: =IF(OFFSET(BB$2,$AZ8+$BG8-1,)="","",OFFSET(BB$2,$AZ8+$BG8-1,)) | BJ8: =IF(OFFSET(BC$2,$AZ8+$BG8-1,)="","",OFFSET(BC$2,$AZ8+$BG8-1,)) | BK8: =IF(OFFSET(BD$2,$AZ8+$BG8-1,)="","",OFFSET(BD$2,$AZ8+$BG8-1,)) | BL8: =IF(OFFSET(BE$2,$AZ8+$BG8-1,)="","",OFFSET(BE$2,$AZ8+$BG8-1,)) | BM8: =IF(OFFSET(BF$2,$AZ8+$BG8-1,)="","",OFFSET(BF$2,$AZ8+$BG8-1,)) | BN8: 13 | BO8: =IF(COUNTIF($BP$2:BP8,"田 ①") + COUNTIF($BP$2:BP9,"畑 ②") + COUNTIF($BP$2:BP10,"草地 ③")<=3,COUNTIF($BP$2:BP8,"田 ①") + COUNTIF($BP$2:BP9,"畑 ②") + COUNTIF($BP$2:BP10,"草地 ③"),3) -> 3 | BP8: =IF(OFFSET(別紙１!$B$138,$BN8,)="","",OFFSET(別紙１!$B$138,$BN8,)) -> この線より上に行を挿入してください。 | BQ8: =IF(OFFSET(別紙１!$B$138,$BN8,)="","",OFFSET(別紙１!$B$138,$BN8,)) -> この線より上に行を挿入してください。 | BR8: =IF(OFFSET(別紙１!$E$138,$BN8,)="","",OFFSET(別紙１!$E$138,$BN8,)) | BS8: =IF(OFFSET(別紙１!$I$138,$BN8,)="","",OFFSET(別紙１!$I$138,$BN8,)) | BT8: =IF(OFFSET(別紙１!$O$138,$BN8+1,)="","",OFFSET(別紙１!$O$138,$BN8+1,)) -> 0 | BU8: =IF(OFFSET(別紙１!$AM$138,$BN8,)="","",OFFSET(別紙１!$AM$138,$BN8,)) | BV8: 7 | BW8: =IF(BO8=1,"田 ①",IF(BO8=2,"畑 ②",IF(BO8=3,"草地 ③",))) -> 草地 ③ | BX8: =IF(OFFSET(BQ$2,$BO8+$BV8-1,)="","",OFFSET(BQ$2,$BO8+$BV8-1,)) | BY8: =IF(OFFSET(BR$2,$BO8+$BV8-1,)="","",OFFSET(BR$2,$BO8+$BV8-1,)) | BZ8: =IF(OFFSET(BS$2,$BO8+$BV8-1,)="","",OFFSET(BS$2,$BO8+$BV8-1,)) | CA8: =IF(OFFSET(BT$2,$BO8+$BV8-1,)="","",OFFSET(BT$2,$BO8+$BV8-1,)) | CB8: =IF(OFFSET(BU$2,$BO8+$BV8-1,)="","",OFFSET(BU$2,$BO8+$BV8-1,)) | CC8: 13 | CD8: =IF(COUNTIF($CE$2:CE8,"田") <=1,COUNTIF($CE$2:CE8,"田"),1) -> 1 | CE8: =IF(OFFSET(別紙１!$B$164,$CC8,)="","",OFFSET(別紙１!$B$164,$CC8,)) | CF8: =IF(OFFSET(別紙１!$B$164,$CC8,)="","",OFFSET(別紙１!$B$164,$CC8,)) | CG8: =IF(OFFSET(別紙１!$E$164,$CC8,)="","",OFFSET(別紙１!$E$164,$CC8,)) | CH8: =IF(OFFSET(別紙１!$I$164,$CC8,)="","",OFFSET(別紙１!$I$164,$CC8,)) | CI8: =IF(OFFSET(別紙１!$O$164,$CC8+1,)="","",OFFSET(別紙１!$O$164,$CC8+1,)) | CJ8: =IF(OFFSET(別紙１!$AM$164,$CC8,)="","",OFFSET(別紙１!$AM$164,$CC8,)) | CK8: 7 | CL8: =IF(CD8=1,"田",) -> 田 | CM8: =IF(OFFSET(CF$2,$CD8+$CK8-1,)="","",OFFSET(CF$2,$CD8+$CK8-1,)) | CN8: =IF(OFFSET(CG$2,$CD8+$CK8-1,)="","",OFFSET(CG$2,$CD8+$CK8-1,)) | CO8: =IF(OFFSET(CH$2,$CD8+$CK8-1,)="","",OFFSET(CH$2,$CD8+$CK8-1,)) | CP8: =IF(OFFSET(CI$2,$CD8+$CK8-1,)="","",OFFSET(CI$2,$CD8+$CK8-1,)) | CQ8: =IF(OFFSET(CJ$2,$CD8+$CK8-1,)="","",OFFSET(CJ$2,$CD8+$CK8-1,)) | CR8: 13 | CS8: =IF(COUNTIF($CT$2:CT8,"田 ①") + COUNTIF($CT$2:CT9,"畑 ②") + COUNTIF($CT$2:CT10,"草地 ③")<=3,COUNTIF($CT$2:CT8,"田 ①") + COUNTIF($CT$2:CT9,"畑 ②") + COUNTIF($CT$2:CT10,"草地 ③"),3) -> 3 | CT8: =IF(OFFSET(別紙１!$B$182,$BN8,)="","",OFFSET(別紙１!$B$182,$BN8,)) -> 交付単価×５／６ | CU8: =IF(OFFSET(別紙１!$B$182,$BN8,)="","",OFFSET(別紙１!$B$182,$BN8,)) -> 交付単価×５／６ | CV8: =IF(OFFSET(別紙１!$E$182,$BN8,)="","",OFFSET(別紙１!$E$182,$BN8,)) | CW8: =IF(OFFSET(別紙１!$I$182,$BN8,)="","",OFFSET(別紙１!$I$182,$BN8,)) -> 0 | CX8: =IF(OFFSET(別紙１!$O$182,$BN8+1,)="","",OFFSET(別紙１!$O$182,$BN8+1,)) -> 0 | CY8: =IF(OFFSET(別紙１!$AM$182,$BN8,)="","",OFFSET(別紙１!$AM$182,$BN8,)) | CZ8: 7 | DA8: =IF(CS8=1,"田 ①",IF(CS8=2,"畑 ②",IF(CS8=3,"草地 ③",))) -> 草地 ③ | DB8: =IF(OFFSET(CU$2,$CS8+$CZ8-1,)="","",OFFSET(CU$2,$CS8+$CZ8-1,)) -> 交付単価 | DC8: =IF(OFFSET(CV$2,$CS8+$CZ8-1,)="","",OFFSET(CV$2,$CS8+$CZ8-1,)) | DD8: =IF(OFFSET(CW$2,$CS8+$CZ8-1,)="","",OFFSET(CW$2,$CS8+$CZ8-1,)) -> 0 | DE8: =IF(OFFSET(CX$2,$CS8+$CZ8-1,)="","",OFFSET(CX$2,$CS8+$CZ8-1,)) -> 0 | DF8: =IF(OFFSET(CY$2,$CS8+$CZ8-1,)="","",OFFSET(CY$2,$CS8+$CZ8-1,)) | DG8: 13 | DH8: =IF(OFFSET(別紙１!B$207,$DG8,)="","",OFFSET(別紙１!B$207,$DG8,)) | DI8: =IF(OFFSET(別紙１!I$207,$DG8,)="","",OFFSET(別紙１!I$207,$DG8,)) | DJ8: =IF(OFFSET(別紙１!O$207,$DG8+1,)="","",OFFSET(別紙１!O$207,$DG8+1,)) | DK8: =IF(OFFSET(別紙１!AM$207,$DG8,)="","",OFFSET(別紙１!AM$207,$DG8,))
A9: 15 | B9: =IF(COUNTIF($C$2:C10,"田 ①") + COUNTIF($C$2:C10,"畑 ②") + COUNTIF($C$2:C11,"草地 ③")<=3,COUNTIF($C$2:C10,"田 ①") + COUNTIF($C$2:C10,"畑 ②") + COUNTIF($C$2:C11,"草地 ③"),3) -> 3 | C9: =IF(OFFSET(別紙１!$B$12,$A9,)="","",OFFSET(別紙１!$B$12,$A9,)) | D9: =IF(OFFSET(別紙１!$B$12,$A9,)="","",OFFSET(別紙１!$B$12,$A9,)) | E9: =IF(OFFSET(別紙１!$E$12,$A9,)="","",OFFSET(別紙１!$E$12,$A9,)) | F9: =IF(OFFSET(別紙１!$I$12,$A9,)="","",OFFSET(別紙１!$I$12,$A9,)) | G9: =IF(OFFSET(別紙１!$O$12,$A9+1,)="","",OFFSET(別紙１!$O$12,$A9+1,)) | H9: =IF(OFFSET(別紙１!$AM$12,$A9,)="","",OFFSET(別紙１!$AM$12,$A9,)) | I9: 8 | J9: =IF(B9=1,"田 ①",IF(B9=2,"畑 ②",IF(B9=3,"草地 ③",))) -> 草地 ③ | K9: =IF(OFFSET(D$2,$I9+$B9-1,)="","",OFFSET(D$2,$I9+$B9-1,)) -> 田 ① | L9: =IF(OFFSET(E$2,$I9+$B9-1,)="","",OFFSET(E$2,$I9+$B9-1,)) | M9: =IF(OFFSET(F$2,$I9+$B9-1,)="","",OFFSET(F$2,$I9+$B9-1,)) | N9: =IF(OFFSET(G$2,$I9+$B9-1,)="","",OFFSET(G$2,$I9+$B9-1,)) -> 0 | O9: =IF(OFFSET(H$2,$I9+$B9-1,)="","",OFFSET(H$2,$I9+$B9-1,)) | P9: 15 | Q9: =IF(COUNTIF($R$2:R10,"田 ①") + COUNTIF($R$2:R10,"畑 ②") + COUNTIF($R$2:R11,"草地 ③")<=3,COUNTIF($R$2:R10,"田 ①") + COUNTIF($R$2:R10,"畑 ②") + COUNTIF($R$2:R11,"草地 ③"),3) -> 3 | R9: =IF(OFFSET(別紙１!$B$32,$P9,)="","",OFFSET(別紙１!$B$32,$P9,)) -> 加算単価 | S9: =IF(OFFSET(別紙１!$B$32,$P9,)="","",OFFSET(別紙１!$B$32,$P9,)) -> 加算単価 | T9: =IF(OFFSET(別紙１!$E$32,$P9,)="","",OFFSET(別紙１!$E$32,$P9,)) | U9: =IF(OFFSET(別紙１!$I$32,$P9,)="","",OFFSET(別紙１!$I$32,$P9,)) -> 0 | V9: =IF(OFFSET(別紙１!$O$32,$P9+1,)="","",OFFSET(別紙１!$O$32,$P9+1,)) -> 0 | W9: =IF(OFFSET(別紙１!$AM$32,$P9,)="","",OFFSET(別紙１!$AM$32,$P9,)) | X9: 8 | Y9: =IF(Q9=1,"田 ①",IF(Q9=2,"畑 ②",IF(Q9=3,"草地 ③",))) -> 草地 ③ | Z9: =IF(OFFSET(S$2,$X9+$Q9-1,)="","",OFFSET(S$2,$X9+$Q9-1,)) | AA9: =IF(OFFSET(T$2,$X9+$Q9-1,)="","",OFFSET(T$2,$X9+$Q9-1,)) | AB9: =IF(OFFSET(U$2,$X9+$Q9-1,)="","",OFFSET(U$2,$X9+$Q9-1,)) | AC9: =IF(OFFSET(V$2,$X9+$Q9-1,)="","",OFFSET(V$2,$X9+$Q9-1,)) | AD9: =IF(OFFSET(W$2,$X9+$Q9-1,)="","",OFFSET(W$2,$X9+$Q9-1,)) | AE9: 15 | AF9: =IF(OFFSET(別紙１!B$51,$AE9,)="","",OFFSET(別紙１!B$51,$AE9,)) -> 0 | AG9: =IF(OFFSET(別紙１!I$51,$AE9,)="","",OFFSET(別紙１!I$51,$AE9,)) | AH9: =IF(OFFSET(別紙１!O$51,$AE9+1,)="","",OFFSET(別紙１!O$51,$AE9+1,)) | AI9: =IF(OFFSET(別紙１!AM$51,$AE9,)="","",OFFSET(別紙１!AM$51,$AE9,)) | AJ9: 15 | AK9: =IF(COUNTIF($AL$2:AL10,"田 ①") + COUNTIF($AL$2:AL10,"畑 ②") + COUNTIF($AL$2:AL11,"草地 ③")<=3,COUNTIF($AL$2:AL10,"田 ①") + COUNTIF($AL$2:AL10,"畑 ②") + COUNTIF($AL$2:AL11,"草地 ③"),3) -> 2 | AL9: =IF(OFFSET(別紙１!B$73,$AJ9,)="","",OFFSET(別紙１!B$73,$AJ9,)) -> 基本単価×５／６ | AM9: =IF(OFFSET(別紙１!B$73,$AJ9,)="","",OFFSET(別紙１!B$73,$AJ9,)) -> 基本単価×５／６ | AN9: =IF(OFFSET(別紙１!E$73,$AJ9,)="","",OFFSET(別紙１!E$73,$AJ9,)) | AO9: =IF(OFFSET(別紙１!I$73,$AJ9,)="","",OFFSET(別紙１!I$73,$AJ9,)) -> 0 | AP9: =IF(OFFSET(別紙１!O$73,$AJ9+1,)="","",OFFSET(別紙１!O$73,$AJ9+1,)) -> 0 | AQ9: =IF(OFFSET(別紙１!AM$73,$AJ9,)="","",OFFSET(別紙１!AM$73,$AJ9,)) | AR9: 8 | AS9: =IF(AK9=1,"田 ①",IF(AK9=2,"畑 ②",IF(AK9=3,"草地 ③",))) -> 畑 ② | AT9: =IF(OFFSET(AM$2,$AR9+$AK9-1,)="","",OFFSET(AM$2,$AR9+$AK9-1,)) -> 継続地区の交付単価×５／６ | AU9: =IF(OFFSET(AN$2,$AR9+$AK9-1,)="","",OFFSET(AN$2,$AR9+$AK9-1,)) | AV9: =IF(OFFSET(AO$2,$AR9+$AK9-1,)="","",OFFSET(AO$2,$AR9+$AK9-1,)) -> 0 | AW9: =IF(OFFSET(AP$2,$AR9+$AK9-1,)="","",OFFSET(AP$2,$AR9+$AK9-1,)) -> 0 | AX9: =IF(OFFSET(AQ$2,$AR9+$AK9-1,)="","",OFFSET(AQ$2,$AR9+$AK9-1,)) | AY9: 15 | AZ9: =IF(COUNTIF($BA$2:BA9,"田 ①") + COUNTIF($BA$2:BA10,"畑 ②") + COUNTIF($BA$2:BA11,"草地 ③")<=3,COUNTIF($BA$2:BA9,"田 ①") + COUNTIF($BA$2:BA10,"畑 ②") + COUNTIF($BA$2:BA11,"草地 ③"),3) -> 3 | BA9: =IF(OFFSET(別紙１!$B$112,$AY9,)="","",OFFSET(別紙１!$B$112,$AY9,)) | BB9: =IF(OFFSET(別紙１!$B$112,$AY9,)="","",OFFSET(別紙１!$B$112,$AY9,)) | BC9: =IF(OFFSET(別紙１!$E$112,$AY9,)="","",OFFSET(別紙１!$E$112,$AY9,)) | BD9: =IF(OFFSET(別紙１!$I$112,$AY9,)="","",OFFSET(別紙１!$I$112,$AY9,)) | BE9: =IF(OFFSET(別紙１!$O$112,$AY9+1,)="","",OFFSET(別紙１!$O$112,$AY9+1,)) | BF9: =IF(OFFSET(別紙１!$AM$112,$AY9,)="","",OFFSET(別紙１!$AM$112,$AY9,)) | BG9: 8 | BH9: =IF(AZ9=1,"田 ①",IF(AZ9=2,"畑 ②",IF(AZ9=3,"草地 ③",))) -> 草地 ③ | BI9: =IF(OFFSET(BB$2,$AZ9+$BG9-1,)="","",OFFSET(BB$2,$AZ9+$BG9-1,)) | BJ9: =IF(OFFSET(BC$2,$AZ9+$BG9-1,)="","",OFFSET(BC$2,$AZ9+$BG9-1,)) | BK9: =IF(OFFSET(BD$2,$AZ9+$BG9-1,)="","",OFFSET(BD$2,$AZ9+$BG9-1,)) | BL9: =IF(OFFSET(BE$2,$AZ9+$BG9-1,)="","",OFFSET(BE$2,$AZ9+$BG9-1,)) | BM9: =IF(OFFSET(BF$2,$AZ9+$BG9-1,)="","",OFFSET(BF$2,$AZ9+$BG9-1,)) | BN9: 15 | BO9: =IF(COUNTIF($BP$2:BP9,"田 ①") + COUNTIF($BP$2:BP10,"畑 ②") + COUNTIF($BP$2:BP11,"草地 ③")<=3,COUNTIF($BP$2:BP9,"田 ①") + COUNTIF($BP$2:BP10,"畑 ②") + COUNTIF($BP$2:BP11,"草地 ③"),3) -> 3 | BP9: =IF(OFFSET(別紙１!$B$138,$BN9,)="","",OFFSET(別紙１!$B$138,$BN9,)) | BQ9: =IF(OFFSET(別紙１!$B$138,$BN9,)="","",OFFSET(別紙１!$B$138,$BN9,)) | BR9: =IF(OFFSET(別紙１!$E$138,$BN9,)="","",OFFSET(別紙１!$E$138,$BN9,)) | BS9: =IF(OFFSET(別紙１!$I$138,$BN9,)="","",OFFSET(別紙１!$I$138,$BN9,)) | BT9: =IF(OFFSET(別紙１!$O$138,$BN9+1,)="","",OFFSET(別紙１!$O$138,$BN9+1,)) | BU9: =IF(OFFSET(別紙１!$AM$138,$BN9,)="","",OFFSET(別紙１!$AM$138,$BN9,)) | BV9: 8 | BW9: =IF(BO9=1,"田 ①",IF(BO9=2,"畑 ②",IF(BO9=3,"草地 ③",))) -> 草地 ③ | BX9: =IF(OFFSET(BQ$2,$BO9+$BV9-1,)="","",OFFSET(BQ$2,$BO9+$BV9-1,)) | BY9: =IF(OFFSET(BR$2,$BO9+$BV9-1,)="","",OFFSET(BR$2,$BO9+$BV9-1,)) | BZ9: =IF(OFFSET(BS$2,$BO9+$BV9-1,)="","",OFFSET(BS$2,$BO9+$BV9-1,)) | CA9: =IF(OFFSET(BT$2,$BO9+$BV9-1,)="","",OFFSET(BT$2,$BO9+$BV9-1,)) | CB9: =IF(OFFSET(BU$2,$BO9+$BV9-1,)="","",OFFSET(BU$2,$BO9+$BV9-1,)) | CC9: 15 | CD9: =IF(COUNTIF($CE$2:CE9,"田") <=1,COUNTIF($CE$2:CE9,"田"),1) -> 1 | CE9: =IF(OFFSET(別紙１!$B$164,$CC9,)="","",OFFSET(別紙１!$B$164,$CC9,)) | CF9: =IF(OFFSET(別紙１!$B$164,$CC9,)="","",OFFSET(別紙１!$B$164,$CC9,)) | CG9: =IF(OFFSET(別紙１!$E$164,$CC9,)="","",OFFSET(別紙１!$E$164,$CC9,)) | CH9: =IF(OFFSET(別紙１!$I$164,$CC9,)="","",OFFSET(別紙１!$I$164,$CC9,)) | CI9: =IF(OFFSET(別紙１!$O$164,$CC9+1,)="","",OFFSET(別紙１!$O$164,$CC9+1,)) | CJ9: =IF(OFFSET(別紙１!$AM$164,$CC9,)="","",OFFSET(別紙１!$AM$164,$CC9,)) | CK9: 8 | CL9: =IF(CD9=1,"田",) -> 田 | CM9: =IF(OFFSET(CF$2,$CD9+$CK9-1,)="","",OFFSET(CF$2,$CD9+$CK9-1,)) -> 区分 | CN9: =IF(OFFSET(CG$2,$CD9+$CK9-1,)="","",OFFSET(CG$2,$CD9+$CK9-1,)) | CO9: =IF(OFFSET(CH$2,$CD9+$CK9-1,)="","",OFFSET(CH$2,$CD9+$CK9-1,)) -> 交付単価 | CP9: =IF(OFFSET(CI$2,$CD9+$CK9-1,)="","",OFFSET(CI$2,$CD9+$CK9-1,)) | CQ9: =IF(OFFSET(CJ$2,$CD9+$CK9-1,)="","",OFFSET(CJ$2,$CD9+$CK9-1,)) -> 備考 | CR9: 15 | CS9: =IF(COUNTIF($CT$2:CT9,"田 ①") + COUNTIF($CT$2:CT10,"畑 ②") + COUNTIF($CT$2:CT11,"草地 ③")<=3,COUNTIF($CT$2:CT9,"田 ①") + COUNTIF($CT$2:CT10,"畑 ②") + COUNTIF($CT$2:CT11,"草地 ③"),3) -> 3 | CT9: =IF(OFFSET(別紙１!$B$182,$BN9,)="","",OFFSET(別紙１!$B$182,$BN9,)) -> １集落200万円 | CU9: =IF(OFFSET(別紙１!$B$182,$BN9,)="","",OFFSET(別紙１!$B$182,$BN9,)) -> １集落200万円 | CV9: =IF(OFFSET(別紙１!$E$182,$BN9,)="","",OFFSET(別紙１!$E$182,$BN9,)) | CW9: =IF(OFFSET(別紙１!$I$182,$BN9,)="","",OFFSET(別紙１!$I$182,$BN9,)) | CX9: =IF(OFFSET(別紙１!$O$182,$BN9+1,)="","",OFFSET(別紙１!$O$182,$BN9+1,)) -> 0 | CY9: =IF(OFFSET(別紙１!$AM$182,$BN9,)="","",OFFSET(別紙１!$AM$182,$BN9,)) | CZ9: 8 | DA9: =IF(CS9=1,"田 ①",IF(CS9=2,"畑 ②",IF(CS9=3,"草地 ③",))) -> 草地 ③ | DB9: =IF(OFFSET(CU$2,$CS9+$CZ9-1,)="","",OFFSET(CU$2,$CS9+$CZ9-1,)) -> 交付単価×５／６ | DC9: =IF(OFFSET(CV$2,$CS9+$CZ9-1,)="","",OFFSET(CV$2,$CS9+$CZ9-1,)) | DD9: =IF(OFFSET(CW$2,$CS9+$CZ9-1,)="","",OFFSET(CW$2,$CS9+$CZ9-1,)) -> 0 | DE9: =IF(OFFSET(CX$2,$CS9+$CZ9-1,)="","",OFFSET(CX$2,$CS9+$CZ9-1,)) -> 0 | DF9: =IF(OFFSET(CY$2,$CS9+$CZ9-1,)="","",OFFSET(CY$2,$CS9+$CZ9-1,)) | DG9: 15 | DH9: =IF(OFFSET(別紙１!B$207,$DG9,)="","",OFFSET(別紙１!B$207,$DG9,)) -> ３集落以上または 50ha以上200ha未満 | DI9: =IF(OFFSET(別紙１!I$207,$DG9,)="","",OFFSET(別紙１!I$207,$DG9,)) -> 40000 | DJ9: =IF(OFFSET(別紙１!O$207,$DG9+1,)="","",OFFSET(別紙１!O$207,$DG9+1,)) -> 0 | DK9: =IF(OFFSET(別紙１!AM$207,$DG9,)="","",OFFSET(別紙１!AM$207,$DG9,))
A10: 17 | B10: =IF(COUNTIF($C$2:C11,"田 ①") + COUNTIF($C$2:C11,"畑 ②") + COUNTIF($C$2:C12,"草地 ③")<=3,COUNTIF($C$2:C11,"田 ①") + COUNTIF($C$2:C11,"畑 ②") + COUNTIF($C$2:C12,"草地 ③"),3) -> 3 | C10: =IF(OFFSET(別紙１!$B$12,$A10,)="","",OFFSET(別紙１!$B$12,$A10,)) | D10: =IF(OFFSET(別紙１!$B$12,$A10,)="","",OFFSET(別紙１!$B$12,$A10,)) | E10: =IF(OFFSET(別紙１!$E$12,$A10,)="","",OFFSET(別紙１!$E$12,$A10,)) | F10: =IF(OFFSET(別紙１!$I$12,$A10,)="","",OFFSET(別紙１!$I$12,$A10,)) | G10: =IF(OFFSET(別紙１!$O$12,$A10+1,)="","",OFFSET(別紙１!$O$12,$A10+1,)) | H10: =IF(OFFSET(別紙１!$AM$12,$A10,)="","",OFFSET(別紙１!$AM$12,$A10,)) | I10: 9 | J10: =IF(B10=1,"田 ①",IF(B10=2,"畑 ②",IF(B10=3,"草地 ③",))) -> 草地 ③ | K10: =IF(OFFSET(D$2,$I10+$B10-1,)="","",OFFSET(D$2,$I10+$B10-1,)) -> 加算単価 | L10: =IF(OFFSET(E$2,$I10+$B10-1,)="","",OFFSET(E$2,$I10+$B10-1,)) | M10: =IF(OFFSET(F$2,$I10+$B10-1,)="","",OFFSET(F$2,$I10+$B10-1,)) -> 0 | N10: =IF(OFFSET(G$2,$I10+$B10-1,)="","",OFFSET(G$2,$I10+$B10-1,)) -> 0 | O10: =IF(OFFSET(H$2,$I10+$B10-1,)="","",OFFSET(H$2,$I10+$B10-1,)) | P10: 17 | Q10: =IF(COUNTIF($R$2:R11,"田 ①") + COUNTIF($R$2:R11,"畑 ②") + COUNTIF($R$2:R12,"草地 ③")<=3,COUNTIF($R$2:R11,"田 ①") + COUNTIF($R$2:R11,"畑 ②") + COUNTIF($R$2:R12,"草地 ③"),3) -> 3 | R10: =IF(OFFSET(別紙１!$B$32,$P10,)="","",OFFSET(別紙１!$B$32,$P10,)) -> 加算上限を適用する | S10: =IF(OFFSET(別紙１!$B$32,$P10,)="","",OFFSET(別紙１!$B$32,$P10,)) -> 加算上限を適用する | T10: =IF(OFFSET(別紙１!$E$32,$P10,)="","",OFFSET(別紙１!$E$32,$P10,)) | U10: =IF(OFFSET(別紙１!$I$32,$P10,)="","",OFFSET(別紙１!$I$32,$P10,)) -> 0 | V10: =IF(OFFSET(別紙１!$O$32,$P10+1,)="","",OFFSET(別紙１!$O$32,$P10+1,)) -> 0 | W10: =IF(OFFSET(別紙１!$AM$32,$P10,)="","",OFFSET(別紙１!$AM$32,$P10,)) | X10: 9 | Y10: =IF(Q10=1,"田 ①",IF(Q10=2,"畑 ②",IF(Q10=3,"草地 ③",))) -> 草地 ③ | Z10: =IF(OFFSET(S$2,$X10+$Q10-1,)="","",OFFSET(S$2,$X10+$Q10-1,)) | AA10: =IF(OFFSET(T$2,$X10+$Q10-1,)="","",OFFSET(T$2,$X10+$Q10-1,)) | AB10: =IF(OFFSET(U$2,$X10+$Q10-1,)="","",OFFSET(U$2,$X10+$Q10-1,)) | AC10: =IF(OFFSET(V$2,$X10+$Q10-1,)="","",OFFSET(V$2,$X10+$Q10-1,)) | AD10: =IF(OFFSET(W$2,$X10+$Q10-1,)="","",OFFSET(W$2,$X10+$Q10-1,)) | AE10: 17 | AF10: =IF(OFFSET(別紙１!B$51,$AE10,)="","",OFFSET(別紙１!B$51,$AE10,)) | AG10: =IF(OFFSET(別紙１!I$51,$AE10,)="","",OFFSET(別紙１!I$51,$AE10,)) | AH10: =IF(OFFSET(別紙１!O$51,$AE10+1,)="","",OFFSET(別紙１!O$51,$AE10+1,)) | AI10: =IF(OFFSET(別紙１!AM$51,$AE10,)="","",OFFSET(別紙１!AM$51,$AE10,)) | AJ10: 17 | AK10: =IF(COUNTIF($AL$2:AL11,"田 ①") + COUNTIF($AL$2:AL11,"畑 ②") + COUNTIF($AL$2:AL12,"草地 ③")<=3,COUNTIF($AL$2:AL11,"田 ①") + COUNTIF($AL$2:AL11,"畑 ②") + COUNTIF($AL$2:AL12,"草地 ③"),3) -> 3 | AL10: =IF(OFFSET(別紙１!B$73,$AJ10,)="","",OFFSET(別紙１!B$73,$AJ10,)) -> 継続地区の交付単価 | AM10: =IF(OFFSET(別紙１!B$73,$AJ10,)="","",OFFSET(別紙１!B$73,$AJ10,)) -> 継続地区の交付単価 | AN10: =IF(OFFSET(別紙１!E$73,$AJ10,)="","",OFFSET(別紙１!E$73,$AJ10,)) | AO10: =IF(OFFSET(別紙１!I$73,$AJ10,)="","",OFFSET(別紙１!I$73,$AJ10,)) -> 0 | AP10: =IF(OFFSET(別紙１!O$73,$AJ10+1,)="","",OFFSET(別紙１!O$73,$AJ10+1,)) -> 0 | AQ10: =IF(OFFSET(別紙１!AM$73,$AJ10,)="","",OFFSET(別紙１!AM$73,$AJ10,)) | AR10: 9 | AS10: =IF(AK10=1,"田 ①",IF(AK10=2,"畑 ②",IF(AK10=3,"草地 ③",))) -> 草地 ③ | AT10: =IF(OFFSET(AM$2,$AR10+$AK10-1,)="","",OFFSET(AM$2,$AR10+$AK10-1,)) -> 基本単価 | AU10: =IF(OFFSET(AN$2,$AR10+$AK10-1,)="","",OFFSET(AN$2,$AR10+$AK10-1,)) | AV10: =IF(OFFSET(AO$2,$AR10+$AK10-1,)="","",OFFSET(AO$2,$AR10+$AK10-1,)) -> 0 | AW10: =IF(OFFSET(AP$2,$AR10+$AK10-1,)="","",OFFSET(AP$2,$AR10+$AK10-1,)) -> 0 | AX10: =IF(OFFSET(AQ$2,$AR10+$AK10-1,)="","",OFFSET(AQ$2,$AR10+$AK10-1,)) | AY10: 17 | AZ10: =IF(COUNTIF($BA$2:BA10,"田 ①") + COUNTIF($BA$2:BA11,"畑 ②") + COUNTIF($BA$2:BA12,"草地 ③")<=3,COUNTIF($BA$2:BA10,"田 ①") + COUNTIF($BA$2:BA11,"畑 ②") + COUNTIF($BA$2:BA12,"草地 ③"),3) -> 3 | BA10: =IF(OFFSET(別紙１!$B$112,$AY10,)="","",OFFSET(別紙１!$B$112,$AY10,)) | BB10: =IF(OFFSET(別紙１!$B$112,$AY10,)="","",OFFSET(別紙１!$B$112,$AY10,)) | BC10: =IF(OFFSET(別紙１!$E$112,$AY10,)="","",OFFSET(別紙１!$E$112,$AY10,)) | BD10: =IF(OFFSET(別紙１!$I$112,$AY10,)="","",OFFSET(別紙１!$I$112,$AY10,)) | BE10: =IF(OFFSET(別紙１!$O$112,$AY10+1,)="","",OFFSET(別紙１!$O$112,$AY10+1,)) | BF10: =IF(OFFSET(別紙１!$AM$112,$AY10,)="","",OFFSET(別紙１!$AM$112,$AY10,)) | BG10: 9 | BH10: =IF(AZ10=1,"田 ①",IF(AZ10=2,"畑 ②",IF(AZ10=3,"草地 ③",))) -> 草地 ③ | BI10: =IF(OFFSET(BB$2,$AZ10+$BG10-1,)="","",OFFSET(BB$2,$AZ10+$BG10-1,)) | BJ10: =IF(OFFSET(BC$2,$AZ10+$BG10-1,)="","",OFFSET(BC$2,$AZ10+$BG10-1,)) | BK10: =IF(OFFSET(BD$2,$AZ10+$BG10-1,)="","",OFFSET(BD$2,$AZ10+$BG10-1,)) | BL10: =IF(OFFSET(BE$2,$AZ10+$BG10-1,)="","",OFFSET(BE$2,$AZ10+$BG10-1,)) | BM10: =IF(OFFSET(BF$2,$AZ10+$BG10-1,)="","",OFFSET(BF$2,$AZ10+$BG10-1,)) | BN10: 17 | BO10: =IF(COUNTIF($BP$2:BP10,"田 ①") + COUNTIF($BP$2:BP11,"畑 ②") + COUNTIF($BP$2:BP12,"草地 ③")<=3,COUNTIF($BP$2:BP10,"田 ①") + COUNTIF($BP$2:BP11,"畑 ②") + COUNTIF($BP$2:BP12,"草地 ③"),3) -> 3 | BP10: =IF(OFFSET(別紙１!$B$138,$BN10,)="","",OFFSET(別紙１!$B$138,$BN10,)) | BQ10: =IF(OFFSET(別紙１!$B$138,$BN10,)="","",OFFSET(別紙１!$B$138,$BN10,)) | BR10: =IF(OFFSET(別紙１!$E$138,$BN10,)="","",OFFSET(別紙１!$E$138,$BN10,)) | BS10: =IF(OFFSET(別紙１!$I$138,$BN10,)="","",OFFSET(別紙１!$I$138,$BN10,)) | BT10: =IF(OFFSET(別紙１!$O$138,$BN10+1,)="","",OFFSET(別紙１!$O$138,$BN10+1,)) | BU10: =IF(OFFSET(別紙１!$AM$138,$BN10,)="","",OFFSET(別紙１!$AM$138,$BN10,)) | BV10: 9 | BW10: =IF(BO10=1,"田 ①",IF(BO10=2,"畑 ②",IF(BO10=3,"草地 ③",))) -> 草地 ③ | BX10: =IF(OFFSET(BQ$2,$BO10+$BV10-1,)="","",OFFSET(BQ$2,$BO10+$BV10-1,)) | BY10: =IF(OFFSET(BR$2,$BO10+$BV10-1,)="","",OFFSET(BR$2,$BO10+$BV10-1,)) | BZ10: =IF(OFFSET(BS$2,$BO10+$BV10-1,)="","",OFFSET(BS$2,$BO10+$BV10-1,)) | CA10: =IF(OFFSET(BT$2,$BO10+$BV10-1,)="","",OFFSET(BT$2,$BO10+$BV10-1,)) | CB10: =IF(OFFSET(BU$2,$BO10+$BV10-1,)="","",OFFSET(BU$2,$BO10+$BV10-1,)) | CC10: 17 | CD10: =IF(COUNTIF($CE$2:CE10,"田") <=1,COUNTIF($CE$2:CE10,"田"),1) -> 1 | CE10: =IF(OFFSET(別紙１!$B$164,$CC10,)="","",OFFSET(別紙１!$B$164,$CC10,)) -> 区分 | CF10: =IF(OFFSET(別紙１!$B$164,$CC10,)="","",OFFSET(別紙１!$B$164,$CC10,)) -> 区分 | CG10: =IF(OFFSET(別紙１!$E$164,$CC10,)="","",OFFSET(別紙１!$E$164,$CC10,)) | CH10: =IF(OFFSET(別紙１!$I$164,$CC10,)="","",OFFSET(別紙１!$I$164,$CC10,)) -> 交付単価 | CI10: =IF(OFFSET(別紙１!$O$164,$CC10+1,)="","",OFFSET(別紙１!$O$164,$CC10+1,)) | CJ10: =IF(OFFSET(別紙１!$AM$164,$CC10,)="","",OFFSET(別紙１!$AM$164,$CC10,)) -> 備考 | CK10: 9 | CL10: =IF(CD10=1,"田",) -> 田 | CM10: =IF(OFFSET(CF$2,$CD10+$CK10-1,)="","",OFFSET(CF$2,$CD10+$CK10-1,)) -> 田 ① | CN10: =IF(OFFSET(CG$2,$CD10+$CK10-1,)="","",OFFSET(CG$2,$CD10+$CK10-1,)) | CO10: =IF(OFFSET(CH$2,$CD10+$CK10-1,)="","",OFFSET(CH$2,$CD10+$CK10-1,)) | CP10: =IF(OFFSET(CI$2,$CD10+$CK10-1,)="","",OFFSET(CI$2,$CD10+$CK10-1,)) -> 0 | CQ10: =IF(OFFSET(CJ$2,$CD10+$CK10-1,)="","",OFFSET(CJ$2,$CD10+$CK10-1,)) | CR10: 17 | CS10: =IF(COUNTIF($CT$2:CT10,"田 ①") + COUNTIF($CT$2:CT11,"畑 ②") + COUNTIF($CT$2:CT12,"草地 ③")<=3,COUNTIF($CT$2:CT10,"田 ①") + COUNTIF($CT$2:CT11,"畑 ②") + COUNTIF($CT$2:CT12,"草地 ③"),3) -> 3 | CT10: =IF(OFFSET(別紙１!$B$182,$BN10,)="","",OFFSET(別紙１!$B$182,$BN10,)) -> 草地 ③ | CU10: =IF(OFFSET(別紙１!$B$182,$BN10,)="","",OFFSET(別紙１!$B$182,$BN10,)) -> 草地 ③ | CV10: =IF(OFFSET(別紙１!$E$182,$BN10,)="","",OFFSET(別紙１!$E$182,$BN10,)) | CW10: =IF(OFFSET(別紙１!$I$182,$BN10,)="","",OFFSET(別紙１!$I$182,$BN10,)) | CX10: =IF(OFFSET(別紙１!$O$182,$BN10+1,)="","",OFFSET(別紙１!$O$182,$BN10+1,)) -> 0 | CY10: =IF(OFFSET(別紙１!$AM$182,$BN10,)="","",OFFSET(別紙１!$AM$182,$BN10,)) | CZ10: 9 | DA10: =IF(CS10=1,"田 ①",IF(CS10=2,"畑 ②",IF(CS10=3,"草地 ③",))) -> 草地 ③ | DB10: =IF(OFFSET(CU$2,$CS10+$CZ10-1,)="","",OFFSET(CU$2,$CS10+$CZ10-1,)) -> １集落200万円 | DC10: =IF(OFFSET(CV$2,$CS10+$CZ10-1,)="","",OFFSET(CV$2,$CS10+$CZ10-1,)) | DD10: =IF(OFFSET(CW$2,$CS10+$CZ10-1,)="","",OFFSET(CW$2,$CS10+$CZ10-1,)) | DE10: =IF(OFFSET(CX$2,$CS10+$CZ10-1,)="","",OFFSET(CX$2,$CS10+$CZ10-1,)) -> 0 | DF10: =IF(OFFSET(CY$2,$CS10+$CZ10-1,)="","",OFFSET(CY$2,$CS10+$CZ10-1,)) | DG10: 17 | DH10: =IF(OFFSET(別紙１!B$207,$DG10,)="","",OFFSET(別紙１!B$207,$DG10,)) -> 200ha以上1,000ha未満または特定非営利活動法人 | DI10: =IF(OFFSET(別紙１!I$207,$DG10,)="","",OFFSET(別紙１!I$207,$DG10,)) -> 80000 | DJ10: =IF(OFFSET(別紙１!O$207,$DG10+1,)="","",OFFSET(別紙１!O$207,$DG10+1,)) -> 0 | DK10: =IF(OFFSET(別紙１!AM$207,$DG10,)="","",OFFSET(別紙１!AM$207,$DG10,))
A11: 19 | B11: =IF(COUNTIF($C$2:C12,"田 ①") + COUNTIF($C$2:C12,"畑 ②") + COUNTIF($C$2:C13,"草地 ③")<=3,COUNTIF($C$2:C12,"田 ①") + COUNTIF($C$2:C12,"畑 ②") + COUNTIF($C$2:C13,"草地 ③"),3) -> 3 | C11: =IF(OFFSET(別紙１!$B$12,$A11,)="","",OFFSET(別紙１!$B$12,$A11,)) -> 区分 | D11: =IF(OFFSET(別紙１!$B$12,$A11,)="","",OFFSET(別紙１!$B$12,$A11,)) -> 区分 | E11: =IF(OFFSET(別紙１!$E$12,$A11,)="","",OFFSET(別紙１!$E$12,$A11,)) | F11: =IF(OFFSET(別紙１!$I$12,$A11,)="","",OFFSET(別紙１!$I$12,$A11,)) -> 交付単価 | G11: =IF(OFFSET(別紙１!$O$12,$A11+1,)="","",OFFSET(別紙１!$O$12,$A11+1,)) | H11: =IF(OFFSET(別紙１!$AM$12,$A11,)="","",OFFSET(別紙１!$AM$12,$A11,)) -> 備考 | I11: 10 | J11: =IF(B11=1,"田 ①",IF(B11=2,"畑 ②",IF(B11=3,"草地 ③",))) -> 草地 ③ | K11: =IF(OFFSET(D$2,$I11+$B11-1,)="","",OFFSET(D$2,$I11+$B11-1,)) -> 加算上限を適用する | L11: =IF(OFFSET(E$2,$I11+$B11-1,)="","",OFFSET(E$2,$I11+$B11-1,)) | M11: =IF(OFFSET(F$2,$I11+$B11-1,)="","",OFFSET(F$2,$I11+$B11-1,)) -> 0 | N11: =IF(OFFSET(G$2,$I11+$B11-1,)="","",OFFSET(G$2,$I11+$B11-1,)) -> 0 | O11: =IF(OFFSET(H$2,$I11+$B11-1,)="","",OFFSET(H$2,$I11+$B11-1,)) | P11: 19 | Q11: =IF(COUNTIF($R$2:R12,"田 ①") + COUNTIF($R$2:R12,"畑 ②") + COUNTIF($R$2:R13,"草地 ③")<=3,COUNTIF($R$2:R12,"田 ①") + COUNTIF($R$2:R12,"畑 ②") + COUNTIF($R$2:R13,"草地 ③"),3) -> 3 | R11: =IF(OFFSET(別紙１!$B$32,$P11,)="","",OFFSET(別紙１!$B$32,$P11,)) -> この線より上に行を挿入してください。 | S11: =IF(OFFSET(別紙１!$B$32,$P11,)="","",OFFSET(別紙１!$B$32,$P11,)) -> この線より上に行を挿入してください。 | T11: =IF(OFFSET(別紙１!$E$32,$P11,)="","",OFFSET(別紙１!$E$32,$P11,)) | U11: =IF(OFFSET(別紙１!$I$32,$P11,)="","",OFFSET(別紙１!$I$32,$P11,)) | V11: =IF(OFFSET(別紙１!$O$32,$P11+1,)="","",OFFSET(別紙１!$O$32,$P11+1,)) | W11: =IF(OFFSET(別紙１!$AM$32,$P11,)="","",OFFSET(別紙１!$AM$32,$P11,)) | X11: 10 | Y11: =IF(Q11=1,"田 ①",IF(Q11=2,"畑 ②",IF(Q11=3,"草地 ③",))) -> 草地 ③ | Z11: =IF(OFFSET(S$2,$X11+$Q11-1,)="","",OFFSET(S$2,$X11+$Q11-1,)) -> 面積計 ①＋②＋③ 交付額計①＋②＋③＋④＋⑤ | AA11: =IF(OFFSET(T$2,$X11+$Q11-1,)="","",OFFSET(T$2,$X11+$Q11-1,)) | AB11: =IF(OFFSET(U$2,$X11+$Q11-1,)="","",OFFSET(U$2,$X11+$Q11-1,)) | AC11: =IF(OFFSET(V$2,$X11+$Q11-1,)="","",OFFSET(V$2,$X11+$Q11-1,)) -> 0 | AD11: =IF(OFFSET(W$2,$X11+$Q11-1,)="","",OFFSET(W$2,$X11+$Q11-1,)) | AE11: 19 | AF11: =IF(OFFSET(別紙１!B$51,$AE11,)="","",OFFSET(別紙１!B$51,$AE11,)) -> ア．地域資源の質的向上を図る共同活動 | AG11: =IF(OFFSET(別紙１!I$51,$AE11,)="","",OFFSET(別紙１!I$51,$AE11,)) | AH11: =IF(OFFSET(別紙１!O$51,$AE11+1,)="","",OFFSET(別紙１!O$51,$AE11+1,)) | AI11: =IF(OFFSET(別紙１!AM$51,$AE11,)="","",OFFSET(別紙１!AM$51,$AE11,)) | AJ11: 19 | AK11: =IF(COUNTIF($AL$2:AL12,"田 ①") + COUNTIF($AL$2:AL12,"畑 ②") + COUNTIF($AL$2:AL13,"草地 ③")<=3,COUNTIF($AL$2:AL12,"田 ①") + COUNTIF($AL$2:AL12,"畑 ②") + COUNTIF($AL$2:AL13,"草地 ③"),3) -> 3 | AL11: =IF(OFFSET(別紙１!B$73,$AJ11,)="","",OFFSET(別紙１!B$73,$AJ11,)) -> 継続地区の交付単価×５／６ | AM11: =IF(OFFSET(別紙１!B$73,$AJ11,)="","",OFFSET(別紙１!B$73,$AJ11,)) -> 継続地区の交付単価×５／６ | AN11: =IF(OFFSET(別紙１!E$73,$AJ11,)="","",OFFSET(別紙１!E$73,$AJ11,)) | AO11: =IF(OFFSET(別紙１!I$73,$AJ11,)="","",OFFSET(別紙１!I$73,$AJ11,)) -> 0 | AP11: =IF(OFFSET(別紙１!O$73,$AJ11+1,)="","",OFFSET(別紙１!O$73,$AJ11+1,)) -> 0 | AQ11: =IF(OFFSET(別紙１!AM$73,$AJ11,)="","",OFFSET(別紙１!AM$73,$AJ11,)) | AR11: 10 | AS11: =IF(AK11=1,"田 ①",IF(AK11=2,"畑 ②",IF(AK11=3,"草地 ③",))) -> 草地 ③ | AT11: =IF(OFFSET(AM$2,$AR11+$AK11-1,)="","",OFFSET(AM$2,$AR11+$AK11-1,)) -> 基本単価×５／６ | AU11: =IF(OFFSET(AN$2,$AR11+$AK11-1,)="","",OFFSET(AN$2,$AR11+$AK11-1,)) | AV11: =IF(OFFSET(AO$2,$AR11+$AK11-1,)="","",OFFSET(AO$2,$AR11+$AK11-1,)) -> 0 | AW11: =IF(OFFSET(AP$2,$AR11+$AK11-1,)="","",OFFSET(AP$2,$AR11+$AK11-1,)) -> 0 | AX11: =IF(OFFSET(AQ$2,$AR11+$AK11-1,)="","",OFFSET(AQ$2,$AR11+$AK11-1,)) | AY11: 19 | AZ11: =IF(COUNTIF($BA$2:BA11,"田 ①") + COUNTIF($BA$2:BA12,"畑 ②") + COUNTIF($BA$2:BA13,"草地 ③")<=3,COUNTIF($BA$2:BA11,"田 ①") + COUNTIF($BA$2:BA12,"畑 ②") + COUNTIF($BA$2:BA13,"草地 ③"),3) -> 3 | BA11: =IF(OFFSET(別紙１!$B$112,$AY11,)="","",OFFSET(別紙１!$B$112,$AY11,)) | BB11: =IF(OFFSET(別紙１!$B$112,$AY11,)="","",OFFSET(別紙１!$B$112,$AY11,)) | BC11: =IF(OFFSET(別紙１!$E$112,$AY11,)="","",OFFSET(別紙１!$E$112,$AY11,)) | BD11: =IF(OFFSET(別紙１!$I$112,$AY11,)="","",OFFSET(別紙１!$I$112,$AY11,)) | BE11: =IF(OFFSET(別紙１!$O$112,$AY11+1,)="","",OFFSET(別紙１!$O$112,$AY11+1,)) | BF11: =IF(OFFSET(別紙１!$AM$112,$AY11,)="","",OFFSET(別紙１!$AM$112,$AY11,)) | BG11: 10 | BH11: =IF(AZ11=1,"田 ①",IF(AZ11=2,"畑 ②",IF(AZ11=3,"草地 ③",))) -> 草地 ③ | BI11: =IF(OFFSET(BB$2,$AZ11+$BG11-1,)="","",OFFSET(BB$2,$AZ11+$BG11-1,)) -> 区分 | BJ11: =IF(OFFSET(BC$2,$AZ11+$BG11-1,)="","",OFFSET(BC$2,$AZ11+$BG11-1,)) | BK11: =IF(OFFSET(BD$2,$AZ11+$BG11-1,)="","",OFFSET(BD$2,$AZ11+$BG11-1,)) -> 交付単価 | BL11: =IF(OFFSET(BE$2,$AZ11+$BG11-1,)="","",OFFSET(BE$2,$AZ11+$BG11-1,)) | BM11: =IF(OFFSET(BF$2,$AZ11+$BG11-1,)="","",OFFSET(BF$2,$AZ11+$BG11-1,)) -> 備考 | BN11: 19 | BO11: =IF(COUNTIF($BP$2:BP11,"田 ①") + COUNTIF($BP$2:BP12,"畑 ②") + COUNTIF($BP$2:BP13,"草地 ③")<=3,COUNTIF($BP$2:BP11,"田 ①") + COUNTIF($BP$2:BP12,"畑 ②") + COUNTIF($BP$2:BP13,"草地 ③"),3) -> 3 | BP11: =IF(OFFSET(別紙１!$B$138,$BN11,)="","",OFFSET(別紙１!$B$138,$BN11,)) | BQ11: =IF(OFFSET(別紙１!$B$138,$BN11,)="","",OFFSET(別紙１!$B$138,$BN11,)) | BR11: =IF(OFFSET(別紙１!$E$138,$BN11,)="","",OFFSET(別紙１!$E$138,$BN11,)) | BS11: =IF(OFFSET(別紙１!$I$138,$BN11,)="","",OFFSET(別紙１!$I$138,$BN11,)) | BT11: =IF(OFFSET(別紙１!$O$138,$BN11+1,)="","",OFFSET(別紙１!$O$138,$BN11+1,)) | BU11: =IF(OFFSET(別紙１!$AM$138,$BN11,)="","",OFFSET(別紙１!$AM$138,$BN11,)) | BV11: 10 | BW11: =IF(BO11=1,"田 ①",IF(BO11=2,"畑 ②",IF(BO11=3,"草地 ③",))) -> 草地 ③ | BX11: =IF(OFFSET(BQ$2,$BO11+$BV11-1,)="","",OFFSET(BQ$2,$BO11+$BV11-1,)) -> 区分 | BY11: =IF(OFFSET(BR$2,$BO11+$BV11-1,)="","",OFFSET(BR$2,$BO11+$BV11-1,)) | BZ11: =IF(OFFSET(BS$2,$BO11+$BV11-1,)="","",OFFSET(BS$2,$BO11+$BV11-1,)) -> 交付単価 | CA11: =IF(OFFSET(BT$2,$BO11+$BV11-1,)="","",OFFSET(BT$2,$BO11+$BV11-1,)) | CB11: =IF(OFFSET(BU$2,$BO11+$BV11-1,)="","",OFFSET(BU$2,$BO11+$BV11-1,)) -> 備考 | CC11: 19 | CD11: =IF(COUNTIF($CE$2:CE11,"田") <=1,COUNTIF($CE$2:CE11,"田"),1) -> 1 | CE11: =IF(OFFSET(別紙１!$B$164,$CC11,)="","",OFFSET(別紙１!$B$164,$CC11,)) -> 田 ① | CF11: =IF(OFFSET(別紙１!$B$164,$CC11,)="","",OFFSET(別紙１!$B$164,$CC11,)) -> 田 ① | CG11: =IF(OFFSET(別紙１!$E$164,$CC11,)="","",OFFSET(別紙１!$E$164,$CC11,)) | CH11: =IF(OFFSET(別紙１!$I$164,$CC11,)="","",OFFSET(別紙１!$I$164,$CC11,)) | CI11: =IF(OFFSET(別紙１!$O$164,$CC11+1,)="","",OFFSET(別紙１!$O$164,$CC11+1,)) -> 0 | CJ11: =IF(OFFSET(別紙１!$AM$164,$CC11,)="","",OFFSET(別紙１!$AM$164,$CC11,)) | CK11: 10 | CL11: =IF(CD11=1,"田",) -> 田 | CM11: =IF(OFFSET(CF$2,$CD11+$CK11-1,)="","",OFFSET(CF$2,$CD11+$CK11-1,)) -> 交付単価 | CN11: =IF(OFFSET(CG$2,$CD11+$CK11-1,)="","",OFFSET(CG$2,$CD11+$CK11-1,)) | CO11: =IF(OFFSET(CH$2,$CD11+$CK11-1,)="","",OFFSET(CH$2,$CD11+$CK11-1,)) -> 0 | CP11: =IF(OFFSET(CI$2,$CD11+$CK11-1,)="","",OFFSET(CI$2,$CD11+$CK11-1,)) -> 0 | CQ11: =IF(OFFSET(CJ$2,$CD11+$CK11-1,)="","",OFFSET(CJ$2,$CD11+$CK11-1,)) | CR11: 19 | CS11: =IF(COUNTIF($CT$2:CT11,"田 ①") + COUNTIF($CT$2:CT12,"畑 ②") + COUNTIF($CT$2:CT13,"草地 ③")<=3,COUNTIF($CT$2:CT11,"田 ①") + COUNTIF($CT$2:CT12,"畑 ②") + COUNTIF($CT$2:CT13,"草地 ③"),3) -> 3 | CT11: =IF(OFFSET(別紙１!$B$182,$BN11,)="","",OFFSET(別紙１!$B$182,$BN11,)) -> 交付単価 | CU11: =IF(OFFSET(別紙１!$B$182,$BN11,)="","",OFFSET(別紙１!$B$182,$BN11,)) -> 交付単価 | CV11: =IF(OFFSET(別紙１!$E$182,$BN11,)="","",OFFSET(別紙１!$E$182,$BN11,)) | CW11: =IF(OFFSET(別紙１!$I$182,$BN11,)="","",OFFSET(別紙１!$I$182,$BN11,)) -> 0 | CX11: =IF(OFFSET(別紙１!$O$182,$BN11+1,)="","",OFFSET(別紙１!$O$182,$BN11+1,)) -> 0 | CY11: =IF(OFFSET(別紙１!$AM$182,$BN11,)="","",OFFSET(別紙１!$AM$182,$BN11,)) | CZ11: 10 | DA11: =IF(CS11=1,"田 ①",IF(CS11=2,"畑 ②",IF(CS11=3,"草地 ③",))) -> 草地 ③ | DB11: =IF(OFFSET(CU$2,$CS11+$CZ11-1,)="","",OFFSET(CU$2,$CS11+$CZ11-1,)) -> この線より上に行を挿入してください。 | DC11: =IF(OFFSET(CV$2,$CS11+$CZ11-1,)="","",OFFSET(CV$2,$CS11+$CZ11-1,)) | DD11: =IF(OFFSET(CW$2,$CS11+$CZ11-1,)="","",OFFSET(CW$2,$CS11+$CZ11-1,)) | DE11: =IF(OFFSET(CX$2,$CS11+$CZ11-1,)="","",OFFSET(CX$2,$CS11+$CZ11-1,)) | DF11: =IF(OFFSET(CY$2,$CS11+$CZ11-1,)="","",OFFSET(CY$2,$CS11+$CZ11-1,)) | DG11: 19 | DH11: =IF(OFFSET(別紙１!B$207,$DG11,)="","",OFFSET(別紙１!B$207,$DG11,)) -> 1,000ha以上 | DI11: =IF(OFFSET(別紙１!I$207,$DG11,)="","",OFFSET(別紙１!I$207,$DG11,)) -> 160000 | DJ11: =IF(OFFSET(別紙１!O$207,$DG11+1,)="","",OFFSET(別紙１!O$207,$DG11+1,)) -> 0 | DK11: =IF(OFFSET(別紙１!AM$207,$DG11,)="","",OFFSET(別紙１!AM$207,$DG11,))
A12: 21 | B12: =IF(COUNTIF($C$2:C13,"田 ①") + COUNTIF($C$2:C13,"畑 ②") + COUNTIF($C$2:C14,"草地 ③")<=3,COUNTIF($C$2:C13,"田 ①") + COUNTIF($C$2:C13,"畑 ②") + COUNTIF($C$2:C14,"草地 ③"),3) -> 3 | C12: =IF(OFFSET(別紙１!$B$12,$A12,)="","",OFFSET(別紙１!$B$12,$A12,)) -> 田 ① | D12: =IF(OFFSET(別紙１!$B$12,$A12,)="","",OFFSET(別紙１!$B$12,$A12,)) -> 田 ① | E12: =IF(OFFSET(別紙１!$E$12,$A12,)="","",OFFSET(別紙１!$E$12,$A12,)) | F12: =IF(OFFSET(別紙１!$I$12,$A12,)="","",OFFSET(別紙１!$I$12,$A12,)) | G12: =IF(OFFSET(別紙１!$O$12,$A12+1,)="","",OFFSET(別紙１!$O$12,$A12+1,)) -> 0 | H12: =IF(OFFSET(別紙１!$AM$12,$A12,)="","",OFFSET(別紙１!$AM$12,$A12,)) | I12: 11 | J12: =IF(B12=1,"田 ①",IF(B12=2,"畑 ②",IF(B12=3,"草地 ③",))) -> 草地 ③ | K12: =IF(OFFSET(D$2,$I12+$B12-1,)="","",OFFSET(D$2,$I12+$B12-1,)) -> 畑 ② | L12: =IF(OFFSET(E$2,$I12+$B12-1,)="","",OFFSET(E$2,$I12+$B12-1,)) | M12: =IF(OFFSET(F$2,$I12+$B12-1,)="","",OFFSET(F$2,$I12+$B12-1,)) | N12: =IF(OFFSET(G$2,$I12+$B12-1,)="","",OFFSET(G$2,$I12+$B12-1,)) -> 0 | O12: =IF(OFFSET(H$2,$I12+$B12-1,)="","",OFFSET(H$2,$I12+$B12-1,)) | P12: 21 | Q12: =IF(COUNTIF($R$2:R13,"田 ①") + COUNTIF($R$2:R13,"畑 ②") + COUNTIF($R$2:R14,"草地 ③")<=3,COUNTIF($R$2:R13,"田 ①") + COUNTIF($R$2:R13,"畑 ②") + COUNTIF($R$2:R14,"草地 ③"),3) -> 3 | R12: =IF(OFFSET(別紙１!$B$32,$P12,)="","",OFFSET(別紙１!$B$32,$P12,)) | S12: =IF(OFFSET(別紙１!$B$32,$P12,)="","",OFFSET(別紙１!$B$32,$P12,)) | T12: =IF(OFFSET(別紙１!$E$32,$P12,)="","",OFFSET(別紙１!$E$32,$P12,)) | U12: =IF(OFFSET(別紙１!$I$32,$P12,)="","",OFFSET(別紙１!$I$32,$P12,)) | V12: =IF(OFFSET(別紙１!$O$32,$P12+1,)="","",OFFSET(別紙１!$O$32,$P12+1,)) | W12: =IF(OFFSET(別紙１!$AM$32,$P12,)="","",OFFSET(別紙１!$AM$32,$P12,)) | X12: 11 | Y12: =IF(Q12=1,"田 ①",IF(Q12=2,"畑 ②",IF(Q12=3,"草地 ③",))) -> 草地 ③ | Z12: =IF(OFFSET(S$2,$X12+$Q12-1,)="","",OFFSET(S$2,$X12+$Q12-1,)) -> （注1）区分及び交付単価は、都道府県が策定した要綱基本方針に従い記載し、市町村により異なる場合は行を追加すること。 | AA12: =IF(OFFSET(T$2,$X12+$Q12-1,)="","",OFFSET(T$2,$X12+$Q12-1,)) | AB12: =IF(OFFSET(U$2,$X12+$Q12-1,)="","",OFFSET(U$2,$X12+$Q12-1,)) | AC12: =IF(OFFSET(V$2,$X12+$Q12-1,)="","",OFFSET(V$2,$X12+$Q12-1,)) | AD12: =IF(OFFSET(W$2,$X12+$Q12-1,)="","",OFFSET(W$2,$X12+$Q12-1,)) | AE12: 21 | AF12: =IF(OFFSET(別紙１!B$51,$AE12,)="","",OFFSET(別紙１!B$51,$AE12,)) -> 区分 | AG12: =IF(OFFSET(別紙１!I$51,$AE12,)="","",OFFSET(別紙１!I$51,$AE12,)) -> 交付単価 | AH12: =IF(OFFSET(別紙１!O$51,$AE12+1,)="","",OFFSET(別紙１!O$51,$AE12+1,)) | AI12: =IF(OFFSET(別紙１!AM$51,$AE12,)="","",OFFSET(別紙１!AM$51,$AE12,)) -> 備考 | AJ12: 21 | AK12: =IF(COUNTIF($AL$2:AL13,"田 ①") + COUNTIF($AL$2:AL13,"畑 ②") + COUNTIF($AL$2:AL14,"草地 ③")<=3,COUNTIF($AL$2:AL13,"田 ①") + COUNTIF($AL$2:AL13,"畑 ②") + COUNTIF($AL$2:AL14,"草地 ③"),3) -> 3 | AL12: =IF(OFFSET(別紙１!B$73,$AJ12,)="","",OFFSET(別紙１!B$73,$AJ12,)) -> 草地 ③ | AM12: =IF(OFFSET(別紙１!B$73,$AJ12,)="","",OFFSET(別紙１!B$73,$AJ12,)) -> 草地 ③ | AN12: =IF(OFFSET(別紙１!E$73,$AJ12,)="","",OFFSET(別紙１!E$73,$AJ12,)) | AO12: =IF(OFFSET(別紙１!I$73,$AJ12,)="","",OFFSET(別紙１!I$73,$AJ12,)) | AP12: =IF(OFFSET(別紙１!O$73,$AJ12+1,)="","",OFFSET(別紙１!O$73,$AJ12+1,)) -> 0 | AQ12: =IF(OFFSET(別紙１!AM$73,$AJ12,)="","",OFFSET(別紙１!AM$73,$AJ12,)) | AR12: 11 | AS12: =IF(AK12=1,"田 ①",IF(AK12=2,"畑 ②",IF(AK12=3,"草地 ③",))) -> 草地 ③ | AT12: =IF(OFFSET(AM$2,$AR12+$AK12-1,)="","",OFFSET(AM$2,$AR12+$AK12-1,)) -> 継続地区の交付単価 | AU12: =IF(OFFSET(AN$2,$AR12+$AK12-1,)="","",OFFSET(AN$2,$AR12+$AK12-1,)) | AV12: =IF(OFFSET(AO$2,$AR12+$AK12-1,)="","",OFFSET(AO$2,$AR12+$AK12-1,)) -> 0 | AW12: =IF(OFFSET(AP$2,$AR12+$AK12-1,)="","",OFFSET(AP$2,$AR12+$AK12-1,)) -> 0 | AX12: =IF(OFFSET(AQ$2,$AR12+$AK12-1,)="","",OFFSET(AQ$2,$AR12+$AK12-1,)) | AY12: 21 | AZ12: =IF(COUNTIF($BA$2:BA12,"田 ①") + COUNTIF($BA$2:BA13,"畑 ②") + COUNTIF($BA$2:BA14,"草地 ③")<=3,COUNTIF($BA$2:BA12,"田 ①") + COUNTIF($BA$2:BA13,"畑 ②") + COUNTIF($BA$2:BA14,"草地 ③"),3) -> 3 | BA12: =IF(OFFSET(別紙１!$B$112,$AY12,)="","",OFFSET(別紙１!$B$112,$AY12,)) | BB12: =IF(OFFSET(別紙１!$B$112,$AY12,)="","",OFFSET(別紙１!$B$112,$AY12,)) | BC12: =IF(OFFSET(別紙１!$E$112,$AY12,)="","",OFFSET(別紙１!$E$112,$AY12,)) | BD12: =IF(OFFSET(別紙１!$I$112,$AY12,)="","",OFFSET(別紙１!$I$112,$AY12,)) | BE12: =IF(OFFSET(別紙１!$O$112,$AY12+1,)="","",OFFSET(別紙１!$O$112,$AY12+1,)) | BF12: =IF(OFFSET(別紙１!$AM$112,$AY12,)="","",OFFSET(別紙１!$AM$112,$AY12,)) | BG12: 11 | BH12: =IF(AZ12=1,"田 ①",IF(AZ12=2,"畑 ②",IF(AZ12=3,"草地 ③",))) -> 草地 ③ | BI12: =IF(OFFSET(BB$2,$AZ12+$BG12-1,)="","",OFFSET(BB$2,$AZ12+$BG12-1,)) -> 田 ① | BJ12: =IF(OFFSET(BC$2,$AZ12+$BG12-1,)="","",OFFSET(BC$2,$AZ12+$BG12-1,)) | BK12: =IF(OFFSET(BD$2,$AZ12+$BG12-1,)="","",OFFSET(BD$2,$AZ12+$BG12-1,)) | BL12: =IF(OFFSET(BE$2,$AZ12+$BG12-1,)="","",OFFSET(BE$2,$AZ12+$BG12-1,)) -> 0 | BM12: =IF(OFFSET(BF$2,$AZ12+$BG12-1,)="","",OFFSET(BF$2,$AZ12+$BG12-1,)) | BN12: 21 | BO12: =IF(COUNTIF($BP$2:BP12,"田 ①") + COUNTIF($BP$2:BP13,"畑 ②") + COUNTIF($BP$2:BP14,"草地 ③")<=3,COUNTIF($BP$2:BP12,"田 ①") + COUNTIF($BP$2:BP13,"畑 ②") + COUNTIF($BP$2:BP14,"草地 ③"),3) -> 3 | BP12: =IF(OFFSET(別紙１!$B$138,$BN12,)="","",OFFSET(別紙１!$B$138,$BN12,)) | BQ12: =IF(OFFSET(別紙１!$B$138,$BN12,)="","",OFFSET(別紙１!$B$138,$BN12,)) | BR12: =IF(OFFSET(別紙１!$E$138,$BN12,)="","",OFFSET(別紙１!$E$138,$BN12,)) | BS12: =IF(OFFSET(別紙１!$I$138,$BN12,)="","",OFFSET(別紙１!$I$138,$BN12,)) | BT12: =IF(OFFSET(別紙１!$O$138,$BN12+1,)="","",OFFSET(別紙１!$O$138,$BN12+1,)) | BU12: =IF(OFFSET(別紙１!$AM$138,$BN12,)="","",OFFSET(別紙１!$AM$138,$BN12,)) | BV12: 11 | BW12: =IF(BO12=1,"田 ①",IF(BO12=2,"畑 ②",IF(BO12=3,"草地 ③",))) -> 草地 ③ | BX12: =IF(OFFSET(BQ$2,$BO12+$BV12-1,)="","",OFFSET(BQ$2,$BO12+$BV12-1,)) -> 田 | BY12: =IF(OFFSET(BR$2,$BO12+$BV12-1,)="","",OFFSET(BR$2,$BO12+$BV12-1,)) | BZ12: =IF(OFFSET(BS$2,$BO12+$BV12-1,)="","",OFFSET(BS$2,$BO12+$BV12-1,)) | CA12: =IF(OFFSET(BT$2,$BO12+$BV12-1,)="","",OFFSET(BT$2,$BO12+$BV12-1,)) -> 0 | CB12: =IF(OFFSET(BU$2,$BO12+$BV12-1,)="","",OFFSET(BU$2,$BO12+$BV12-1,)) | CC12: 21 | CD12: =IF(COUNTIF($CE$2:CE12,"田") <=1,COUNTIF($CE$2:CE12,"田"),1) -> 1 | CE12: =IF(OFFSET(別紙１!$B$164,$CC12,)="","",OFFSET(別紙１!$B$164,$CC12,)) -> 交付単価 | CF12: =IF(OFFSET(別紙１!$B$164,$CC12,)="","",OFFSET(別紙１!$B$164,$CC12,)) -> 交付単価 | CG12: =IF(OFFSET(別紙１!$E$164,$CC12,)="","",OFFSET(別紙１!$E$164,$CC12,)) | CH12: =IF(OFFSET(別紙１!$I$164,$CC12,)="","",OFFSET(別紙１!$I$164,$CC12,)) -> 0 | CI12: =IF(OFFSET(別紙１!$O$164,$CC12+1,)="","",OFFSET(別紙１!$O$164,$CC12+1,)) -> 0 | CJ12: =IF(OFFSET(別紙１!$AM$164,$CC12,)="","",OFFSET(別紙１!$AM$164,$CC12,)) | CK12: 11 | CL12: =IF(CD12=1,"田",) -> 田 | CM12: =IF(OFFSET(CF$2,$CD12+$CK12-1,)="","",OFFSET(CF$2,$CD12+$CK12-1,)) -> 交付単価×５／６ | CN12: =IF(OFFSET(CG$2,$CD12+$CK12-1,)="","",OFFSET(CG$2,$CD12+$CK12-1,)) | CO12: =IF(OFFSET(CH$2,$CD12+$CK12-1,)="","",OFFSET(CH$2,$CD12+$CK12-1,)) -> 0 | CP12: =IF(OFFSET(CI$2,$CD12+$CK12-1,)="","",OFFSET(CI$2,$CD12+$CK12-1,)) -> 0 | CQ12: =IF(OFFSET(CJ$2,$CD12+$CK12-1,)="","",OFFSET(CJ$2,$CD12+$CK12-1,)) | CR12: 21 | CS12: =IF(COUNTIF($CT$2:CT12,"田 ①") + COUNTIF($CT$2:CT13,"畑 ②") + COUNTIF($CT$2:CT14,"草地 ③")<=3,COUNTIF($CT$2:CT12,"田 ①") + COUNTIF($CT$2:CT13,"畑 ②") + COUNTIF($CT$2:CT14,"草地 ③"),3) -> 3 | CT12: =IF(OFFSET(別紙１!$B$182,$BN12,)="","",OFFSET(別紙１!$B$182,$BN12,)) -> 交付単価×５／６ | CU12: =IF(OFFSET(別紙１!$B$182,$BN12,)="","",OFFSET(別紙１!$B$182,$BN12,)) -> 交付単価×５／６ | CV12: =IF(OFFSET(別紙１!$E$182,$BN12,)="","",OFFSET(別紙１!$E$182,$BN12,)) | CW12: =IF(OFFSET(別紙１!$I$182,$BN12,)="","",OFFSET(別紙１!$I$182,$BN12,)) -> 0 | CX12: =IF(OFFSET(別紙１!$O$182,$BN12+1,)="","",OFFSET(別紙１!$O$182,$BN12+1,)) -> 0 | CY12: =IF(OFFSET(別紙１!$AM$182,$BN12,)="","",OFFSET(別紙１!$AM$182,$BN12,)) | CZ12: 11 | DA12: =IF(CS12=1,"田 ①",IF(CS12=2,"畑 ②",IF(CS12=3,"草地 ③",))) -> 草地 ③ | DB12: =IF(OFFSET(CU$2,$CS12+$CZ12-1,)="","",OFFSET(CU$2,$CS12+$CZ12-1,)) | DC12: =IF(OFFSET(CV$2,$CS12+$CZ12-1,)="","",OFFSET(CV$2,$CS12+$CZ12-1,)) | DD12: =IF(OFFSET(CW$2,$CS12+$CZ12-1,)="","",OFFSET(CW$2,$CS12+$CZ12-1,)) | DE12: =IF(OFFSET(CX$2,$CS12+$CZ12-1,)="","",OFFSET(CX$2,$CS12+$CZ12-1,)) | DF12: =IF(OFFSET(CY$2,$CS12+$CZ12-1,)="","",OFFSET(CY$2,$CS12+$CZ12-1,)) | DG12: 21 | DH12: =IF(OFFSET(別紙１!B$207,$DG12,)="","",OFFSET(別紙１!B$207,$DG12,)) -> （注）北海道にあっては、３集落以上または1,500ha以上3,000ha未満のとき40,000円/組織、3,000ha以上15,000ha未満のとき80,000円/組織、15,000ha以上のとき160,000円/組織に置き換えること。 | DI12: =IF(OFFSET(別紙１!I$207,$DG12,)="","",OFFSET(別紙１!I$207,$DG12,)) | DJ12: =IF(OFFSET(別紙１!O$207,$DG12+1,)="","",OFFSET(別紙１!O$207,$DG12+1,)) | DK12: =IF(OFFSET(別紙１!AM$207,$DG12,)="","",OFFSET(別紙１!AM$207,$DG12,))
A13: 23 | B13: =IF(COUNTIF($C$2:C14,"田 ①") + COUNTIF($C$2:C14,"畑 ②") + COUNTIF($C$2:C15,"草地 ③")<=3,COUNTIF($C$2:C14,"田 ①") + COUNTIF($C$2:C14,"畑 ②") + COUNTIF($C$2:C15,"草地 ③"),3) -> 3 | C13: =IF(OFFSET(別紙１!$B$12,$A13,)="","",OFFSET(別紙１!$B$12,$A13,)) -> 加算単価 | D13: =IF(OFFSET(別紙１!$B$12,$A13,)="","",OFFSET(別紙１!$B$12,$A13,)) -> 加算単価 | E13: =IF(OFFSET(別紙１!$E$12,$A13,)="","",OFFSET(別紙１!$E$12,$A13,)) | F13: =IF(OFFSET(別紙１!$I$12,$A13,)="","",OFFSET(別紙１!$I$12,$A13,)) -> 0 | G13: =IF(OFFSET(別紙１!$O$12,$A13+1,)="","",OFFSET(別紙１!$O$12,$A13+1,)) -> 0 | H13: =IF(OFFSET(別紙１!$AM$12,$A13,)="","",OFFSET(別紙１!$AM$12,$A13,)) | I13: 12 | J13: =IF(B13=1,"田 ①",IF(B13=2,"畑 ②",IF(B13=3,"草地 ③",))) -> 草地 ③ | K13: =IF(OFFSET(D$2,$I13+$B13-1,)="","",OFFSET(D$2,$I13+$B13-1,)) -> 加算単価 | L13: =IF(OFFSET(E$2,$I13+$B13-1,)="","",OFFSET(E$2,$I13+$B13-1,)) | M13: =IF(OFFSET(F$2,$I13+$B13-1,)="","",OFFSET(F$2,$I13+$B13-1,)) -> 0 | N13: =IF(OFFSET(G$2,$I13+$B13-1,)="","",OFFSET(G$2,$I13+$B13-1,)) -> 0 | O13: =IF(OFFSET(H$2,$I13+$B13-1,)="","",OFFSET(H$2,$I13+$B13-1,)) | P13: 23 | Q13: =IF(COUNTIF($R$2:R14,"田 ①") + COUNTIF($R$2:R14,"畑 ②") + COUNTIF($R$2:R15,"草地 ③")<=3,COUNTIF($R$2:R14,"田 ①") + COUNTIF($R$2:R14,"畑 ②") + COUNTIF($R$2:R15,"草地 ③"),3) -> 3 | R13: =IF(OFFSET(別紙１!$B$32,$P13,)="","",OFFSET(別紙１!$B$32,$P13,)) | S13: =IF(OFFSET(別紙１!$B$32,$P13,)="","",OFFSET(別紙１!$B$32,$P13,)) | T13: =IF(OFFSET(別紙１!$E$32,$P13,)="","",OFFSET(別紙１!$E$32,$P13,)) | U13: =IF(OFFSET(別紙１!$I$32,$P13,)="","",OFFSET(別紙１!$I$32,$P13,)) | V13: =IF(OFFSET(別紙１!$O$32,$P13+1,)="","",OFFSET(別紙１!$O$32,$P13+1,)) | W13: =IF(OFFSET(別紙１!$AM$32,$P13,)="","",OFFSET(別紙１!$AM$32,$P13,)) | X13: 12 | Y13: =IF(Q13=1,"田 ①",IF(Q13=2,"畑 ②",IF(Q13=3,"草地 ③",))) -> 草地 ③ | Z13: =IF(OFFSET(S$2,$X13+$Q13-1,)="","",OFFSET(S$2,$X13+$Q13-1,)) | AA13: =IF(OFFSET(T$2,$X13+$Q13-1,)="","",OFFSET(T$2,$X13+$Q13-1,)) | AB13: =IF(OFFSET(U$2,$X13+$Q13-1,)="","",OFFSET(U$2,$X13+$Q13-1,)) | AC13: =IF(OFFSET(V$2,$X13+$Q13-1,)="","",OFFSET(V$2,$X13+$Q13-1,)) | AD13: =IF(OFFSET(W$2,$X13+$Q13-1,)="","",OFFSET(W$2,$X13+$Q13-1,)) | AE13: 23 | AF13: =IF(OFFSET(別紙１!B$51,$AE13,)="","",OFFSET(別紙１!B$51,$AE13,)) -> 田 ① | AG13: =IF(OFFSET(別紙１!I$51,$AE13,)="","",OFFSET(別紙１!I$51,$AE13,)) | AH13: =IF(OFFSET(別紙１!O$51,$AE13+1,)="","",OFFSET(別紙１!O$51,$AE13+1,)) -> 0 | AI13: =IF(OFFSET(別紙１!AM$51,$AE13,)="","",OFFSET(別紙１!AM$51,$AE13,)) | AJ13: 23 | AK13: =IF(COUNTIF($AL$2:AL14,"田 ①") + COUNTIF($AL$2:AL14,"畑 ②") + COUNTIF($AL$2:AL15,"草地 ③")<=3,COUNTIF($AL$2:AL14,"田 ①") + COUNTIF($AL$2:AL14,"畑 ②") + COUNTIF($AL$2:AL15,"草地 ③"),3) -> 3 | AL13: =IF(OFFSET(別紙１!B$73,$AJ13,)="","",OFFSET(別紙１!B$73,$AJ13,)) -> 基本単価 | AM13: =IF(OFFSET(別紙１!B$73,$AJ13,)="","",OFFSET(別紙１!B$73,$AJ13,)) -> 基本単価 | AN13: =IF(OFFSET(別紙１!E$73,$AJ13,)="","",OFFSET(別紙１!E$73,$AJ13,)) | AO13: =IF(OFFSET(別紙１!I$73,$AJ13,)="","",OFFSET(別紙１!I$73,$AJ13,)) -> 0 | AP13: =IF(OFFSET(別紙１!O$73,$AJ13+1,)="","",OFFSET(別紙１!O$73,$AJ13+1,)) -> 0 | AQ13: =IF(OFFSET(別紙１!AM$73,$AJ13,)="","",OFFSET(別紙１!AM$73,$AJ13,)) | AR13: 12 | AS13: =IF(AK13=1,"田 ①",IF(AK13=2,"畑 ②",IF(AK13=3,"草地 ③",))) -> 草地 ③ | AT13: =IF(OFFSET(AM$2,$AR13+$AK13-1,)="","",OFFSET(AM$2,$AR13+$AK13-1,)) -> 継続地区の交付単価×５／６ | AU13: =IF(OFFSET(AN$2,$AR13+$AK13-1,)="","",OFFSET(AN$2,$AR13+$AK13-1,)) | AV13: =IF(OFFSET(AO$2,$AR13+$AK13-1,)="","",OFFSET(AO$2,$AR13+$AK13-1,)) -> 0 | AW13: =IF(OFFSET(AP$2,$AR13+$AK13-1,)="","",OFFSET(AP$2,$AR13+$AK13-1,)) -> 0 | AX13: =IF(OFFSET(AQ$2,$AR13+$AK13-1,)="","",OFFSET(AQ$2,$AR13+$AK13-1,)) | AY13: 23 | AZ13: =IF(COUNTIF($BA$2:BA13,"田 ①") + COUNTIF($BA$2:BA14,"畑 ②") + COUNTIF($BA$2:BA15,"草地 ③")<=3,COUNTIF($BA$2:BA13,"田 ①") + COUNTIF($BA$2:BA14,"畑 ②") + COUNTIF($BA$2:BA15,"草地 ③"),3) -> 3 | BA13: =IF(OFFSET(別紙１!$B$112,$AY13,)="","",OFFSET(別紙１!$B$112,$AY13,)) | BB13: =IF(OFFSET(別紙１!$B$112,$AY13,)="","",OFFSET(別紙１!$B$112,$AY13,)) | BC13: =IF(OFFSET(別紙１!$E$112,$AY13,)="","",OFFSET(別紙１!$E$112,$AY13,)) | BD13: =IF(OFFSET(別紙１!$I$112,$AY13,)="","",OFFSET(別紙１!$I$112,$AY13,)) | BE13: =IF(OFFSET(別紙１!$O$112,$AY13+1,)="","",OFFSET(別紙１!$O$112,$AY13+1,)) | BF13: =IF(OFFSET(別紙１!$AM$112,$AY13,)="","",OFFSET(別紙１!$AM$112,$AY13,)) | BG13: 12 | BH13: =IF(AZ13=1,"田 ①",IF(AZ13=2,"畑 ②",IF(AZ13=3,"草地 ③",))) -> 草地 ③ | BI13: =IF(OFFSET(BB$2,$AZ13+$BG13-1,)="","",OFFSET(BB$2,$AZ13+$BG13-1,)) -> 加算単価 | BJ13: =IF(OFFSET(BC$2,$AZ13+$BG13-1,)="","",OFFSET(BC$2,$AZ13+$BG13-1,)) | BK13: =IF(OFFSET(BD$2,$AZ13+$BG13-1,)="","",OFFSET(BD$2,$AZ13+$BG13-1,)) -> 0 | BL13: =IF(OFFSET(BE$2,$AZ13+$BG13-1,)="","",OFFSET(BE$2,$AZ13+$BG13-1,)) -> 0 | BM13: =IF(OFFSET(BF$2,$AZ13+$BG13-1,)="","",OFFSET(BF$2,$AZ13+$BG13-1,)) | BN13: 23 | BO13: =IF(COUNTIF($BP$2:BP13,"田 ①") + COUNTIF($BP$2:BP14,"畑 ②") + COUNTIF($BP$2:BP15,"草地 ③")<=3,COUNTIF($BP$2:BP13,"田 ①") + COUNTIF($BP$2:BP14,"畑 ②") + COUNTIF($BP$2:BP15,"草地 ③"),3) -> 3 | BP13: =IF(OFFSET(別紙１!$B$138,$BN13,)="","",OFFSET(別紙１!$B$138,$BN13,)) | BQ13: =IF(OFFSET(別紙１!$B$138,$BN13,)="","",OFFSET(別紙１!$B$138,$BN13,)) | BR13: =IF(OFFSET(別紙１!$E$138,$BN13,)="","",OFFSET(別紙１!$E$138,$BN13,)) | BS13: =IF(OFFSET(別紙１!$I$138,$BN13,)="","",OFFSET(別紙１!$I$138,$BN13,)) | BT13: =IF(OFFSET(別紙１!$O$138,$BN13+1,)="","",OFFSET(別紙１!$O$138,$BN13+1,)) | BU13: =IF(OFFSET(別紙１!$AM$138,$BN13,)="","",OFFSET(別紙１!$AM$138,$BN13,)) | BV13: 12 | BW13: =IF(BO13=1,"田 ①",IF(BO13=2,"畑 ②",IF(BO13=3,"草地 ③",))) -> 草地 ③ | BX13: =IF(OFFSET(BQ$2,$BO13+$BV13-1,)="","",OFFSET(BQ$2,$BO13+$BV13-1,)) -> 加算単価 | BY13: =IF(OFFSET(BR$2,$BO13+$BV13-1,)="","",OFFSET(BR$2,$BO13+$BV13-1,)) | BZ13: =IF(OFFSET(BS$2,$BO13+$BV13-1,)="","",OFFSET(BS$2,$BO13+$BV13-1,)) -> 0 | CA13: =IF(OFFSET(BT$2,$BO13+$BV13-1,)="","",OFFSET(BT$2,$BO13+$BV13-1,)) -> 0 | CB13: =IF(OFFSET(BU$2,$BO13+$BV13-1,)="","",OFFSET(BU$2,$BO13+$BV13-1,)) | CC13: 23 | CD13: =IF(COUNTIF($CE$2:CE13,"田") <=1,COUNTIF($CE$2:CE13,"田"),1) -> 1 | CE13: =IF(OFFSET(別紙１!$B$164,$CC13,)="","",OFFSET(別紙１!$B$164,$CC13,)) -> 交付単価×５／６ | CF13: =IF(OFFSET(別紙１!$B$164,$CC13,)="","",OFFSET(別紙１!$B$164,$CC13,)) -> 交付単価×５／６ | CG13: =IF(OFFSET(別紙１!$E$164,$CC13,)="","",OFFSET(別紙１!$E$164,$CC13,)) | CH13: =IF(OFFSET(別紙１!$I$164,$CC13,)="","",OFFSET(別紙１!$I$164,$CC13,)) -> 0 | CI13: =IF(OFFSET(別紙１!$O$164,$CC13+1,)="","",OFFSET(別紙１!$O$164,$CC13+1,)) -> 0 | CJ13: =IF(OFFSET(別紙１!$AM$164,$CC13,)="","",OFFSET(別紙１!$AM$164,$CC13,)) | CK13: 12 | CL13: =IF(CD13=1,"田",) -> 田 | CM13: =IF(OFFSET(CF$2,$CD13+$CK13-1,)="","",OFFSET(CF$2,$CD13+$CK13-1,)) -> １集落200万円 | CN13: =IF(OFFSET(CG$2,$CD13+$CK13-1,)="","",OFFSET(CG$2,$CD13+$CK13-1,)) | CO13: =IF(OFFSET(CH$2,$CD13+$CK13-1,)="","",OFFSET(CH$2,$CD13+$CK13-1,)) | CP13: =IF(OFFSET(CI$2,$CD13+$CK13-1,)="","",OFFSET(CI$2,$CD13+$CK13-1,)) -> 0 | CQ13: =IF(OFFSET(CJ$2,$CD13+$CK13-1,)="","",OFFSET(CJ$2,$CD13+$CK13-1,)) | CR13: 23 | CS13: =IF(COUNTIF($CT$2:CT13,"田 ①") + COUNTIF($CT$2:CT14,"畑 ②") + COUNTIF($CT$2:CT15,"草地 ③")<=3,COUNTIF($CT$2:CT13,"田 ①") + COUNTIF($CT$2:CT14,"畑 ②") + COUNTIF($CT$2:CT15,"草地 ③"),3) -> 3 | CT13: =IF(OFFSET(別紙１!$B$182,$BN13,)="","",OFFSET(別紙１!$B$182,$BN13,)) -> １集落200万円 | CU13: =IF(OFFSET(別紙１!$B$182,$BN13,)="","",OFFSET(別紙１!$B$182,$BN13,)) -> １集落200万円 | CV13: =IF(OFFSET(別紙１!$E$182,$BN13,)="","",OFFSET(別紙１!$E$182,$BN13,)) | CW13: =IF(OFFSET(別紙１!$I$182,$BN13,)="","",OFFSET(別紙１!$I$182,$BN13,)) | CX13: =IF(OFFSET(別紙１!$O$182,$BN13+1,)="","",OFFSET(別紙１!$O$182,$BN13+1,)) -> 0 | CY13: =IF(OFFSET(別紙１!$AM$182,$BN13,)="","",OFFSET(別紙１!$AM$182,$BN13,)) | CZ13: 12 | DA13: =IF(CS13=1,"田 ①",IF(CS13=2,"畑 ②",IF(CS13=3,"草地 ③",))) -> 草地 ③ | DB13: =IF(OFFSET(CU$2,$CS13+$CZ13-1,)="","",OFFSET(CU$2,$CS13+$CZ13-1,)) -> 計 ①＋②＋③＋④ | DC13: =IF(OFFSET(CV$2,$CS13+$CZ13-1,)="","",OFFSET(CV$2,$CS13+$CZ13-1,)) | DD13: =IF(OFFSET(CW$2,$CS13+$CZ13-1,)="","",OFFSET(CW$2,$CS13+$CZ13-1,)) | DE13: =IF(OFFSET(CX$2,$CS13+$CZ13-1,)="","",OFFSET(CX$2,$CS13+$CZ13-1,)) -> 0 | DF13: =IF(OFFSET(CY$2,$CS13+$CZ13-1,)="","",OFFSET(CY$2,$CS13+$CZ13-1,)) | DG13: 23 | DH13: =IF(OFFSET(別紙１!B$207,$DG13,)="","",OFFSET(別紙１!B$207,$DG13,)) | DI13: =IF(OFFSET(別紙１!I$207,$DG13,)="","",OFFSET(別紙１!I$207,$DG13,)) | DJ13: =IF(OFFSET(別紙１!O$207,$DG13+1,)="","",OFFSET(別紙１!O$207,$DG13+1,)) | DK13: =IF(OFFSET(別紙１!AM$207,$DG13,)="","",OFFSET(別紙１!AM$207,$DG13,))
... A126: 249 | B126: =IF(COUNTIF($C$2:C127,"田 ①") + COUNTIF($C$2:C127,"畑 ②") + COUNTIF($C$2:C128,"草地 ③")<=3,COUNTIF($C$2:C127,"田 ①") + COUNTIF($C$2:C127,"畑 ②") + COUNTIF($C$2:C128,"草地 ③"),3) -> 3 | C126: =IF(OFFSET(別紙１!$B$12,$A126,)="","",OFFSET(別紙１!$B$12,$A126,)) -> 都道府県費 | D126: =IF(OFFSET(別紙１!$B$12,$A126,)="","",OFFSET(別紙１!$B$12,$A126,)) -> 都道府県費 | E126: =IF(OFFSET(別紙１!$E$12,$A126,)="","",OFFSET(別紙１!$E$12,$A126,)) | F126: =IF(OFFSET(別紙１!$I$12,$A126,)="","",OFFSET(別紙１!$I$12,$A126,)) | G126: =IF(OFFSET(別紙１!$O$12,$A126+1,)="","",OFFSET(別紙１!$O$12,$A126+1,)) | H126: =IF(OFFSET(別紙１!$AM$12,$A126,)="","",OFFSET(別紙１!$AM$12,$A126,)) | I126: 125 | J126: =IF(B126=1,"田 ①",IF(B126=2,"畑 ②",IF(B126=3,"草地 ③",))) -> 草地 ③ | K126: =IF(OFFSET(D$2,$I126+$B126-1,)="","",OFFSET(D$2,$I126+$B126-1,)) -> 区 分 | L126: =IF(OFFSET(E$2,$I126+$B126-1,)="","",OFFSET(E$2,$I126+$B126-1,)) | M126: =IF(OFFSET(F$2,$I126+$B126-1,)="","",OFFSET(F$2,$I126+$B126-1,)) | N126: =IF(OFFSET(G$2,$I126+$B126-1,)="","",OFFSET(G$2,$I126+$B126-1,)) | O126: =IF(OFFSET(H$2,$I126+$B126-1,)="","",OFFSET(H$2,$I126+$B126-1,)) | P126: 249 | Q126: =IF(COUNTIF($R$2:R127,"田 ①") + COUNTIF($R$2:R127,"畑 ②") + COUNTIF($R$2:R128,"草地 ③")<=3,COUNTIF($R$2:R127,"田 ①") + COUNTIF($R$2:R127,"畑 ②") + COUNTIF($R$2:R128,"草地 ③"),3) -> 3 | R126: =IF(OFFSET(別紙１!$B$32,$P126,)="","",OFFSET(別紙１!$B$32,$P126,)) | S126: =IF(OFFSET(別紙１!$B$32,$P126,)="","",OFFSET(別紙１!$B$32,$P126,)) | T126: =IF(OFFSET(別紙１!$E$32,$P126,)="","",OFFSET(別紙１!$E$32,$P126,)) | U126: =IF(OFFSET(別紙１!$I$32,$P126,)="","",OFFSET(別紙１!$I$32,$P126,)) | V126: =IF(OFFSET(別紙１!$O$32,$P126+1,)="","",OFFSET(別紙１!$O$32,$P126+1,)) | W126: =IF(OFFSET(別紙１!$AM$32,$P126,)="","",OFFSET(別紙１!$AM$32,$P126,)) | X126: 125 | Y126: =IF(Q126=1,"田 ①",IF(Q126=2,"畑 ②",IF(Q126=3,"草地 ③",))) -> 草地 ③ | Z126: =IF(OFFSET(S$2,$X126+$Q126-1,)="","",OFFSET(S$2,$X126+$Q126-1,)) | AA126: =IF(OFFSET(T$2,$X126+$Q126-1,)="","",OFFSET(T$2,$X126+$Q126-1,)) | AB126: =IF(OFFSET(U$2,$X126+$Q126-1,)="","",OFFSET(U$2,$X126+$Q126-1,)) | AC126: =IF(OFFSET(V$2,$X126+$Q126-1,)="","",OFFSET(V$2,$X126+$Q126-1,)) | AD126: =IF(OFFSET(W$2,$X126+$Q126-1,)="","",OFFSET(W$2,$X126+$Q126-1,)) | AE126: 249 | AF126: =IF(OFFSET(別紙１!B$51,$AE126,)="","",OFFSET(別紙１!B$51,$AE126,)) | AG126: =IF(OFFSET(別紙１!I$51,$AE126,)="","",OFFSET(別紙１!I$51,$AE126,)) | AH126: =IF(OFFSET(別紙１!O$51,$AE126+1,)="","",OFFSET(別紙１!O$51,$AE126+1,)) | AI126: =IF(OFFSET(別紙１!AM$51,$AE126,)="","",OFFSET(別紙１!AM$51,$AE126,)) | AJ126: 249 | AK126: =IF(COUNTIF($AL$2:AL127,"田 ①") + COUNTIF($AL$2:AL127,"畑 ②") + COUNTIF($AL$2:AL128,"草地 ③")<=3,COUNTIF($AL$2:AL127,"田 ①") + COUNTIF($AL$2:AL127,"畑 ②") + COUNTIF($AL$2:AL128,"草地 ③"),3) -> 3 | AL126: =IF(OFFSET(別紙１!B$73,$AJ126,)="","",OFFSET(別紙１!B$73,$AJ126,)) | AM126: =IF(OFFSET(別紙１!B$73,$AJ126,)="","",OFFSET(別紙１!B$73,$AJ126,)) | AN126: =IF(OFFSET(別紙１!E$73,$AJ126,)="","",OFFSET(別紙１!E$73,$AJ126,)) | AO126: =IF(OFFSET(別紙１!I$73,$AJ126,)="","",OFFSET(別紙１!I$73,$AJ126,)) | AP126: =IF(OFFSET(別紙１!O$73,$AJ126+1,)="","",OFFSET(別紙１!O$73,$AJ126+1,)) | AQ126: =IF(OFFSET(別紙１!AM$73,$AJ126,)="","",OFFSET(別紙１!AM$73,$AJ126,)) | AR126: 125 | AS126: =IF(AK126=1,"田 ①",IF(AK126=2,"畑 ②",IF(AK126=3,"草地 ③",))) -> 草地 ③ | AT126: =IF(OFFSET(AM$2,$AR126+$AK126-1,)="","",OFFSET(AM$2,$AR126+$AK126-1,)) | AU126: =IF(OFFSET(AN$2,$AR126+$AK126-1,)="","",OFFSET(AN$2,$AR126+$AK126-1,)) | AV126: =IF(OFFSET(AO$2,$AR126+$AK126-1,)="","",OFFSET(AO$2,$AR126+$AK126-1,)) | AW126: =IF(OFFSET(AP$2,$AR126+$AK126-1,)="","",OFFSET(AP$2,$AR126+$AK126-1,)) | AX126: =IF(OFFSET(AQ$2,$AR126+$AK126-1,)="","",OFFSET(AQ$2,$AR126+$AK126-1,)) | AY126: 249 | AZ126: =IF(COUNTIF($BA$2:BA126,"田 ①") + COUNTIF($BA$2:BA127,"畑 ②") + COUNTIF($BA$2:BA128,"草地 ③")<=3,COUNTIF($BA$2:BA126,"田 ①") + COUNTIF($BA$2:BA127,"畑 ②") + COUNTIF($BA$2:BA128,"草地 ③"),3) -> 3 | BA126: =IF(OFFSET(別紙１!$B$112,$AY126,)="","",OFFSET(別紙１!$B$112,$AY126,)) | BB126: =IF(OFFSET(別紙１!$B$112,$AY126,)="","",OFFSET(別紙１!$B$112,$AY126,)) | BC126: =IF(OFFSET(別紙１!$E$112,$AY126,)="","",OFFSET(別紙１!$E$112,$AY126,)) | BD126: =IF(OFFSET(別紙１!$I$112,$AY126,)="","",OFFSET(別紙１!$I$112,$AY126,)) | BE126: =IF(OFFSET(別紙１!$O$112,$AY126+1,)="","",OFFSET(別紙１!$O$112,$AY126+1,)) | BF126: =IF(OFFSET(別紙１!$AM$112,$AY126,)="","",OFFSET(別紙１!$AM$112,$AY126,)) | BG126: 125 | BH126: =IF(AZ126=1,"田 ①",IF(AZ126=2,"畑 ②",IF(AZ126=3,"草地 ③",))) -> 草地 ③ | BI126: =IF(OFFSET(BB$2,$AZ126+$BG126-1,)="","",OFFSET(BB$2,$AZ126+$BG126-1,)) | BJ126: =IF(OFFSET(BC$2,$AZ126+$BG126-1,)="","",OFFSET(BC$2,$AZ126+$BG126-1,)) | BK126: =IF(OFFSET(BD$2,$AZ126+$BG126-1,)="","",OFFSET(BD$2,$AZ126+$BG126-1,)) | BL126: =IF(OFFSET(BE$2,$AZ126+$BG126-1,)="","",OFFSET(BE$2,$AZ126+$BG126-1,)) | BM126: =IF(OFFSET(BF$2,$AZ126+$BG126-1,)="","",OFFSET(BF$2,$AZ126+$BG126-1,)) | BN126: 249 | BO126: =IF(COUNTIF($BP$2:BP126,"田 ①") + COUNTIF($BP$2:BP127,"畑 ②") + COUNTIF($BP$2:BP128,"草地 ③")<=3,COUNTIF($BP$2:BP126,"田 ①") + COUNTIF($BP$2:BP127,"畑 ②") + COUNTIF($BP$2:BP128,"草地 ③"),3) -> 3 | BP126: =IF(OFFSET(別紙１!$B$138,$BN126,)="","",OFFSET(別紙１!$B$138,$BN126,)) | BQ126: =IF(OFFSET(別紙１!$B$138,$BN126,)="","",OFFSET(別紙１!$B$138,$BN126,)) | BR126: =IF(OFFSET(別紙１!$E$138,$BN126,)="","",OFFSET(別紙１!$E$138,$BN126,)) | BS126: =IF(OFFSET(別紙１!$I$138,$BN126,)="","",OFFSET(別紙１!$I$138,$BN126,)) | BT126: =IF(OFFSET(別紙１!$O$138,$BN126+1,)="","",OFFSET(別紙１!$O$138,$BN126+1,)) | BU126: =IF(OFFSET(別紙１!$AM$138,$BN126,)="","",OFFSET(別紙１!$AM$138,$BN126,)) | BV126: 125 | BW126: =IF(BO126=1,"田 ①",IF(BO126=2,"畑 ②",IF(BO126=3,"草地 ③",))) -> 草地 ③ | BX126: =IF(OFFSET(BQ$2,$BO126+$BV126-1,)="","",OFFSET(BQ$2,$BO126+$BV126-1,)) | BY126: =IF(OFFSET(BR$2,$BO126+$BV126-1,)="","",OFFSET(BR$2,$BO126+$BV126-1,)) | BZ126: =IF(OFFSET(BS$2,$BO126+$BV126-1,)="","",OFFSET(BS$2,$BO126+$BV126-1,)) | CA126: =IF(OFFSET(BT$2,$BO126+$BV126-1,)="","",OFFSET(BT$2,$BO126+$BV126-1,)) | CB126: =IF(OFFSET(BU$2,$BO126+$BV126-1,)="","",OFFSET(BU$2,$BO126+$BV126-1,)) | CC126: 249 | CD126: =IF(COUNTIF($CE$2:CE126,"田") <=1,COUNTIF($CE$2:CE126,"田"),1) -> 1 | CE126: =IF(OFFSET(別紙１!$B$164,$CC126,)="","",OFFSET(別紙１!$B$164,$CC126,)) | CF126: =IF(OFFSET(別紙１!$B$164,$CC126,)="","",OFFSET(別紙１!$B$164,$CC126,)) | CG126: =IF(OFFSET(別紙１!$E$164,$CC126,)="","",OFFSET(別紙１!$E$164,$CC126,)) | CH126: =IF(OFFSET(別紙１!$I$164,$CC126,)="","",OFFSET(別紙１!$I$164,$CC126,)) | CI126: =IF(OFFSET(別紙１!$O$164,$CC126+1,)="","",OFFSET(別紙１!$O$164,$CC126+1,)) | CJ126: =IF(OFFSET(別紙１!$AM$164,$CC126,)="","",OFFSET(別紙１!$AM$164,$CC126,)) | CK126: 125 | CL126: =IF(CD126=1,"田",) -> 田 | CM126: =IF(OFFSET(CF$2,$CD126+$CK126-1,)="","",OFFSET(CF$2,$CD126+$CK126-1,)) | CN126: =IF(OFFSET(CG$2,$CD126+$CK126-1,)="","",OFFSET(CG$2,$CD126+$CK126-1,)) | CO126: =IF(OFFSET(CH$2,$CD126+$CK126-1,)="","",OFFSET(CH$2,$CD126+$CK126-1,)) | CP126: =IF(OFFSET(CI$2,$CD126+$CK126-1,)="","",OFFSET(CI$2,$CD126+$CK126-1,)) | CQ126: =IF(OFFSET(CJ$2,$CD126+$CK126-1,)="","",OFFSET(CJ$2,$CD126+$CK126-1,)) | CR126: 249 | CS126: =IF(COUNTIF($CT$2:CT126,"田 ①") + COUNTIF($CT$2:CT127,"畑 ②") + COUNTIF($CT$2:CT128,"草地 ③")<=3,COUNTIF($CT$2:CT126,"田 ①") + COUNTIF($CT$2:CT127,"畑 ②") + COUNTIF($CT$2:CT128,"草地 ③"),3) -> 3 | CT126: =IF(OFFSET(別紙１!$B$182,$BN126,)="","",OFFSET(別紙１!$B$182,$BN126,)) | CU126: =IF(OFFSET(別紙１!$B$182,$BN126,)="","",OFFSET(別紙１!$B$182,$BN126,)) | CV126: =IF(OFFSET(別紙１!$E$182,$BN126,)="","",OFFSET(別紙１!$E$182,$BN126,)) | CW126: =IF(OFFSET(別紙１!$I$182,$BN126,)="","",OFFSET(別紙１!$I$182,$BN126,)) | CX126: =IF(OFFSET(別紙１!$O$182,$BN126+1,)="","",OFFSET(別紙１!$O$182,$BN126+1,)) | CY126: =IF(OFFSET(別紙１!$AM$182,$BN126,)="","",OFFSET(別紙１!$AM$182,$BN126,)) | CZ126: 125 | DA126: =IF(CS126=1,"田 ①",IF(CS126=2,"畑 ②",IF(CS126=3,"草地 ③",))) -> 草地 ③ | DB126: =IF(OFFSET(CU$2,$CS126+$CZ126-1,)="","",OFFSET(CU$2,$CS126+$CZ126-1,)) | DC126: =IF(OFFSET(CV$2,$CS126+$CZ126-1,)="","",OFFSET(CV$2,$CS126+$CZ126-1,)) | DD126: =IF(OFFSET(CW$2,$CS126+$CZ126-1,)="","",OFFSET(CW$2,$CS126+$CZ126-1,)) | DE126: =IF(OFFSET(CX$2,$CS126+$CZ126-1,)="","",OFFSET(CX$2,$CS126+$CZ126-1,)) | DF126: =IF(OFFSET(CY$2,$CS126+$CZ126-1,)="","",OFFSET(CY$2,$CS126+$CZ126-1,)) | DG126: 249 | DH126: =IF(OFFSET(別紙１!B$207,$DG126,)="","",OFFSET(別紙１!B$207,$DG126,)) | DI126: =IF(OFFSET(別紙１!I$207,$DG126,)="","",OFFSET(別紙１!I$207,$DG126,)) | DJ126: =IF(OFFSET(別紙１!O$207,$DG126+1,)="","",OFFSET(別紙１!O$207,$DG126+1,)) | DK126: =IF(OFFSET(別紙１!AM$207,$DG126,)="","",OFFSET(別紙１!AM$207,$DG126,))
A127: 251 | B127: =IF(COUNTIF($C$2:C128,"田 ①") + COUNTIF($C$2:C128,"畑 ②") + COUNTIF($C$2:C129,"草地 ③")<=3,COUNTIF($C$2:C128,"田 ①") + COUNTIF($C$2:C128,"畑 ②") + COUNTIF($C$2:C129,"草地 ③"),3) -> 3 | C127: =IF(OFFSET(別紙１!$B$12,$A127,)="","",OFFSET(別紙１!$B$12,$A127,)) -> 計 | D127: =IF(OFFSET(別紙１!$B$12,$A127,)="","",OFFSET(別紙１!$B$12,$A127,)) -> 計 | E127: =IF(OFFSET(別紙１!$E$12,$A127,)="","",OFFSET(別紙１!$E$12,$A127,)) | F127: =IF(OFFSET(別紙１!$I$12,$A127,)="","",OFFSET(別紙１!$I$12,$A127,)) | G127: =IF(OFFSET(別紙１!$O$12,$A127+1,)="","",OFFSET(別紙１!$O$12,$A127+1,)) | H127: =IF(OFFSET(別紙１!$AM$12,$A127,)="","",OFFSET(別紙１!$AM$12,$A127,)) | I127: 126 | J127: =IF(B127=1,"田 ①",IF(B127=2,"畑 ②",IF(B127=3,"草地 ③",))) -> 草地 ③ | K127: =IF(OFFSET(D$2,$I127+$B127-1,)="","",OFFSET(D$2,$I127+$B127-1,)) | L127: =IF(OFFSET(E$2,$I127+$B127-1,)="","",OFFSET(E$2,$I127+$B127-1,)) | M127: =IF(OFFSET(F$2,$I127+$B127-1,)="","",OFFSET(F$2,$I127+$B127-1,)) | N127: =IF(OFFSET(G$2,$I127+$B127-1,)="","",OFFSET(G$2,$I127+$B127-1,)) | O127: =IF(OFFSET(H$2,$I127+$B127-1,)="","",OFFSET(H$2,$I127+$B127-1,)) | P127: 251 | Q127: =IF(COUNTIF($R$2:R128,"田 ①") + COUNTIF($R$2:R128,"畑 ②") + COUNTIF($R$2:R129,"草地 ③")<=3,COUNTIF($R$2:R128,"田 ①") + COUNTIF($R$2:R128,"畑 ②") + COUNTIF($R$2:R129,"草地 ③"),3) -> 3 | R127: =IF(OFFSET(別紙１!$B$32,$P127,)="","",OFFSET(別紙１!$B$32,$P127,)) | S127: =IF(OFFSET(別紙１!$B$32,$P127,)="","",OFFSET(別紙１!$B$32,$P127,)) | T127: =IF(OFFSET(別紙１!$E$32,$P127,)="","",OFFSET(別紙１!$E$32,$P127,)) | U127: =IF(OFFSET(別紙１!$I$32,$P127,)="","",OFFSET(別紙１!$I$32,$P127,)) | V127: =IF(OFFSET(別紙１!$O$32,$P127+1,)="","",OFFSET(別紙１!$O$32,$P127+1,)) | W127: =IF(OFFSET(別紙１!$AM$32,$P127,)="","",OFFSET(別紙１!$AM$32,$P127,)) | X127: 126 | Y127: =IF(Q127=1,"田 ①",IF(Q127=2,"畑 ②",IF(Q127=3,"草地 ③",))) -> 草地 ③ | Z127: =IF(OFFSET(S$2,$X127+$Q127-1,)="","",OFFSET(S$2,$X127+$Q127-1,)) | AA127: =IF(OFFSET(T$2,$X127+$Q127-1,)="","",OFFSET(T$2,$X127+$Q127-1,)) | AB127: =IF(OFFSET(U$2,$X127+$Q127-1,)="","",OFFSET(U$2,$X127+$Q127-1,)) | AC127: =IF(OFFSET(V$2,$X127+$Q127-1,)="","",OFFSET(V$2,$X127+$Q127-1,)) | AD127: =IF(OFFSET(W$2,$X127+$Q127-1,)="","",OFFSET(W$2,$X127+$Q127-1,)) | AE127: 251 | AF127: =IF(OFFSET(別紙１!B$51,$AE127,)="","",OFFSET(別紙１!B$51,$AE127,)) | AG127: =IF(OFFSET(別紙１!I$51,$AE127,)="","",OFFSET(別紙１!I$51,$AE127,)) | AH127: =IF(OFFSET(別紙１!O$51,$AE127+1,)="","",OFFSET(別紙１!O$51,$AE127+1,)) | AI127: =IF(OFFSET(別紙１!AM$51,$AE127,)="","",OFFSET(別紙１!AM$51,$AE127,)) | AJ127: 251 | AK127: =IF(COUNTIF($AL$2:AL128,"田 ①") + COUNTIF($AL$2:AL128,"畑 ②") + COUNTIF($AL$2:AL129,"草地 ③")<=3,COUNTIF($AL$2:AL128,"田 ①") + COUNTIF($AL$2:AL128,"畑 ②") + COUNTIF($AL$2:AL129,"草地 ③"),3) -> 3 | AL127: =IF(OFFSET(別紙１!B$73,$AJ127,)="","",OFFSET(別紙１!B$73,$AJ127,)) | AM127: =IF(OFFSET(別紙１!B$73,$AJ127,)="","",OFFSET(別紙１!B$73,$AJ127,)) | AN127: =IF(OFFSET(別紙１!E$73,$AJ127,)="","",OFFSET(別紙１!E$73,$AJ127,)) | AO127: =IF(OFFSET(別紙１!I$73,$AJ127,)="","",OFFSET(別紙１!I$73,$AJ127,)) | AP127: =IF(OFFSET(別紙１!O$73,$AJ127+1,)="","",OFFSET(別紙１!O$73,$AJ127+1,)) | AQ127: =IF(OFFSET(別紙１!AM$73,$AJ127,)="","",OFFSET(別紙１!AM$73,$AJ127,)) | AR127: 126 | AS127: =IF(AK127=1,"田 ①",IF(AK127=2,"畑 ②",IF(AK127=3,"草地 ③",))) -> 草地 ③ | AT127: =IF(OFFSET(AM$2,$AR127+$AK127-1,)="","",OFFSET(AM$2,$AR127+$AK127-1,)) | AU127: =IF(OFFSET(AN$2,$AR127+$AK127-1,)="","",OFFSET(AN$2,$AR127+$AK127-1,)) | AV127: =IF(OFFSET(AO$2,$AR127+$AK127-1,)="","",OFFSET(AO$2,$AR127+$AK127-1,)) | AW127: =IF(OFFSET(AP$2,$AR127+$AK127-1,)="","",OFFSET(AP$2,$AR127+$AK127-1,)) | AX127: =IF(OFFSET(AQ$2,$AR127+$AK127-1,)="","",OFFSET(AQ$2,$AR127+$AK127-1,)) | AY127: 251 | AZ127: =IF(COUNTIF($BA$2:BA127,"田 ①") + COUNTIF($BA$2:BA128,"畑 ②") + COUNTIF($BA$2:BA129,"草地 ③")<=3,COUNTIF($BA$2:BA127,"田 ①") + COUNTIF($BA$2:BA128,"畑 ②") + COUNTIF($BA$2:BA129,"草地 ③"),3) -> 3 | BA127: =IF(OFFSET(別紙１!$B$112,$AY127,)="","",OFFSET(別紙１!$B$112,$AY127,)) | BB127: =IF(OFFSET(別紙１!$B$112,$AY127,)="","",OFFSET(別紙１!$B$112,$AY127,)) | BC127: =IF(OFFSET(別紙１!$E$112,$AY127,)="","",OFFSET(別紙１!$E$112,$AY127,)) | BD127: =IF(OFFSET(別紙１!$I$112,$AY127,)="","",OFFSET(別紙１!$I$112,$AY127,)) | BE127: =IF(OFFSET(別紙１!$O$112,$AY127+1,)="","",OFFSET(別紙１!$O$112,$AY127+1,)) | BF127: =IF(OFFSET(別紙１!$AM$112,$AY127,)="","",OFFSET(別紙１!$AM$112,$AY127,)) | BG127: 126 | BH127: =IF(AZ127=1,"田 ①",IF(AZ127=2,"畑 ②",IF(AZ127=3,"草地 ③",))) -> 草地 ③ | BI127: =IF(OFFSET(BB$2,$AZ127+$BG127-1,)="","",OFFSET(BB$2,$AZ127+$BG127-1,)) | BJ127: =IF(OFFSET(BC$2,$AZ127+$BG127-1,)="","",OFFSET(BC$2,$AZ127+$BG127-1,)) | BK127: =IF(OFFSET(BD$2,$AZ127+$BG127-1,)="","",OFFSET(BD$2,$AZ127+$BG127-1,)) | BL127: =IF(OFFSET(BE$2,$AZ127+$BG127-1,)="","",OFFSET(BE$2,$AZ127+$BG127-1,)) | BM127: =IF(OFFSET(BF$2,$AZ127+$BG127-1,)="","",OFFSET(BF$2,$AZ127+$BG127-1,)) | BN127: 251 | BO127: =IF(COUNTIF($BP$2:BP127,"田 ①") + COUNTIF($BP$2:BP128,"畑 ②") + COUNTIF($BP$2:BP129,"草地 ③")<=3,COUNTIF($BP$2:BP127,"田 ①") + COUNTIF($BP$2:BP128,"畑 ②") + COUNTIF($BP$2:BP129,"草地 ③"),3) -> 3 | BP127: =IF(OFFSET(別紙１!$B$138,$BN127,)="","",OFFSET(別紙１!$B$138,$BN127,)) | BQ127: =IF(OFFSET(別紙１!$B$138,$BN127,)="","",OFFSET(別紙１!$B$138,$BN127,)) | BR127: =IF(OFFSET(別紙１!$E$138,$BN127,)="","",OFFSET(別紙１!$E$138,$BN127,)) | BS127: =IF(OFFSET(別紙１!$I$138,$BN127,)="","",OFFSET(別紙１!$I$138,$BN127,)) | BT127: =IF(OFFSET(別紙１!$O$138,$BN127+1,)="","",OFFSET(別紙１!$O$138,$BN127+1,)) | BU127: =IF(OFFSET(別紙１!$AM$138,$BN127,)="","",OFFSET(別紙１!$AM$138,$BN127,)) | BV127: 126 | BW127: =IF(BO127=1,"田 ①",IF(BO127=2,"畑 ②",IF(BO127=3,"草地 ③",))) -> 草地 ③ | BX127: =IF(OFFSET(BQ$2,$BO127+$BV127-1,)="","",OFFSET(BQ$2,$BO127+$BV127-1,)) | BY127: =IF(OFFSET(BR$2,$BO127+$BV127-1,)="","",OFFSET(BR$2,$BO127+$BV127-1,)) | BZ127: =IF(OFFSET(BS$2,$BO127+$BV127-1,)="","",OFFSET(BS$2,$BO127+$BV127-1,)) | CA127: =IF(OFFSET(BT$2,$BO127+$BV127-1,)="","",OFFSET(BT$2,$BO127+$BV127-1,)) | CB127: =IF(OFFSET(BU$2,$BO127+$BV127-1,)="","",OFFSET(BU$2,$BO127+$BV127-1,)) | CC127: 251 | CD127: =IF(COUNTIF($CE$2:CE127,"田") <=1,COUNTIF($CE$2:CE127,"田"),1) -> 1 | CE127: =IF(OFFSET(別紙１!$B$164,$CC127,)="","",OFFSET(別紙１!$B$164,$CC127,)) | CF127: =IF(OFFSET(別紙１!$B$164,$CC127,)="","",OFFSET(別紙１!$B$164,$CC127,)) | CG127: =IF(OFFSET(別紙１!$E$164,$CC127,)="","",OFFSET(別紙１!$E$164,$CC127,)) | CH127: =IF(OFFSET(別紙１!$I$164,$CC127,)="","",OFFSET(別紙１!$I$164,$CC127,)) | CI127: =IF(OFFSET(別紙１!$O$164,$CC127+1,)="","",OFFSET(別紙１!$O$164,$CC127+1,)) | CJ127: =IF(OFFSET(別紙１!$AM$164,$CC127,)="","",OFFSET(別紙１!$AM$164,$CC127,)) | CK127: 126 | CL127: =IF(CD127=1,"田",) -> 田 | CM127: =IF(OFFSET(CF$2,$CD127+$CK127-1,)="","",OFFSET(CF$2,$CD127+$CK127-1,)) | CN127: =IF(OFFSET(CG$2,$CD127+$CK127-1,)="","",OFFSET(CG$2,$CD127+$CK127-1,)) | CO127: =IF(OFFSET(CH$2,$CD127+$CK127-1,)="","",OFFSET(CH$2,$CD127+$CK127-1,)) | CP127: =IF(OFFSET(CI$2,$CD127+$CK127-1,)="","",OFFSET(CI$2,$CD127+$CK127-1,)) | CQ127: =IF(OFFSET(CJ$2,$CD127+$CK127-1,)="","",OFFSET(CJ$2,$CD127+$CK127-1,)) | CR127: 251 | CS127: =IF(COUNTIF($CT$2:CT127,"田 ①") + COUNTIF($CT$2:CT128,"畑 ②") + COUNTIF($CT$2:CT129,"草地 ③")<=3,COUNTIF($CT$2:CT127,"田 ①") + COUNTIF($CT$2:CT128,"畑 ②") + COUNTIF($CT$2:CT129,"草地 ③"),3) -> 3 | CT127: =IF(OFFSET(別紙１!$B$182,$BN127,)="","",OFFSET(別紙１!$B$182,$BN127,)) | CU127: =IF(OFFSET(別紙１!$B$182,$BN127,)="","",OFFSET(別紙１!$B$182,$BN127,)) | CV127: =IF(OFFSET(別紙１!$E$182,$BN127,)="","",OFFSET(別紙１!$E$182,$BN127,)) | CW127: =IF(OFFSET(別紙１!$I$182,$BN127,)="","",OFFSET(別紙１!$I$182,$BN127,)) | CX127: =IF(OFFSET(別紙１!$O$182,$BN127+1,)="","",OFFSET(別紙１!$O$182,$BN127+1,)) | CY127: =IF(OFFSET(別紙１!$AM$182,$BN127,)="","",OFFSET(別紙１!$AM$182,$BN127,)) | CZ127: 126 | DA127: =IF(CS127=1,"田 ①",IF(CS127=2,"畑 ②",IF(CS127=3,"草地 ③",))) -> 草地 ③ | DB127: =IF(OFFSET(CU$2,$CS127+$CZ127-1,)="","",OFFSET(CU$2,$CS127+$CZ127-1,)) | DC127: =IF(OFFSET(CV$2,$CS127+$CZ127-1,)="","",OFFSET(CV$2,$CS127+$CZ127-1,)) | DD127: =IF(OFFSET(CW$2,$CS127+$CZ127-1,)="","",OFFSET(CW$2,$CS127+$CZ127-1,)) | DE127: =IF(OFFSET(CX$2,$CS127+$CZ127-1,)="","",OFFSET(CX$2,$CS127+$CZ127-1,)) | DF127: =IF(OFFSET(CY$2,$CS127+$CZ127-1,)="","",OFFSET(CY$2,$CS127+$CZ127-1,)) | DG127: 251 | DH127: =IF(OFFSET(別紙１!B$207,$DG127,)="","",OFFSET(別紙１!B$207,$DG127,)) | DI127: =IF(OFFSET(別紙１!I$207,$DG207,)="","",OFFSET(別紙１!I$207,$DG207,)) | DJ127: =IF(OFFSET(別紙１!O$207,$DG207+1,)="","",OFFSET(別紙１!O$207,$DG207+1,)) | DK127: =IF(OFFSET(別紙１!AM$207,$DG207,)="","",OFFSET(別紙１!AM$207,$DG207,))
A128: 253 | B128: =IF(COUNTIF($C$2:C129,"田 ①") + COUNTIF($C$2:C129,"畑 ②") + COUNTIF($C$2:C130,"草地 ③")<=3,COUNTIF($C$2:C129,"田 ①") + COUNTIF($C$2:C129,"畑 ②") + COUNTIF($C$2:C130,"草地 ③"),3) -> 3 | C128: =IF(OFFSET(別紙１!$B$12,$A128,)="","",OFFSET(別紙１!$B$12,$A128,)) | D128: =IF(OFFSET(別紙１!$B$12,$A128,)="","",OFFSET(別紙１!$B$12,$A128,)) | E128: =IF(OFFSET(別紙１!$E$12,$A128,)="","",OFFSET(別紙１!$E$12,$A128,)) | F128: =IF(OFFSET(別紙１!$I$12,$A128,)="","",OFFSET(別紙１!$I$12,$A128,)) | G128: =IF(OFFSET(別紙１!$O$12,$A128+1,)="","",OFFSET(別紙１!$O$12,$A128+1,)) | H128: =IF(OFFSET(別紙１!$AM$12,$A128,)="","",OFFSET(別紙１!$AM$12,$A128,)) | I128: 127 | J128: =IF(B128=1,"田 ①",IF(B128=2,"畑 ②",IF(B128=3,"草地 ③",))) -> 草地 ③ | K128: =IF(OFFSET(D$2,$I128+$B128-1,)="","",OFFSET(D$2,$I128+$B128-1,)) | L128: =IF(OFFSET(E$2,$I128+$B128-1,)="","",OFFSET(E$2,$I128+$B128-1,)) | M128: =IF(OFFSET(F$2,$I128+$B128-1,)="","",OFFSET(F$2,$I128+$B128-1,)) | N128: =IF(OFFSET(G$2,$I128+$B128-1,)="","",OFFSET(G$2,$I128+$B128-1,)) | O128: =IF(OFFSET(H$2,$I128+$B128-1,)="","",OFFSET(H$2,$I128+$B128-1,)) | P128: 253 | Q128: =IF(COUNTIF($R$2:R129,"田 ①") + COUNTIF($R$2:R129,"畑 ②") + COUNTIF($R$2:R130,"草地 ③")<=3,COUNTIF($R$2:R129,"田 ①") + COUNTIF($R$2:R129,"畑 ②") + COUNTIF($R$2:R130,"草地 ③"),3) -> 3 | R128: =IF(OFFSET(別紙１!$B$32,$P128,)="","",OFFSET(別紙１!$B$32,$P128,)) | S128: =IF(OFFSET(別紙１!$B$32,$P128,)="","",OFFSET(別紙１!$B$32,$P128,)) | T128: =IF(OFFSET(別紙１!$E$32,$P128,)="","",OFFSET(別紙１!$E$32,$P128,)) | U128: =IF(OFFSET(別紙１!$I$32,$P128,)="","",OFFSET(別紙１!$I$32,$P128,)) | V128: =IF(OFFSET(別紙１!$O$32,$P128+1,)="","",OFFSET(別紙１!$O$32,$P128+1,)) | W128: =IF(OFFSET(別紙１!$AM$32,$P128,)="","",OFFSET(別紙１!$AM$32,$P128,)) | X128: 127 | Y128: =IF(Q128=1,"田 ①",IF(Q128=2,"畑 ②",IF(Q128=3,"草地 ③",))) -> 草地 ③ | Z128: =IF(OFFSET(S$2,$X128+$Q128-1,)="","",OFFSET(S$2,$X128+$Q128-1,)) | AA128: =IF(OFFSET(T$2,$X128+$Q128-1,)="","",OFFSET(T$2,$X128+$Q128-1,)) | AB128: =IF(OFFSET(U$2,$X128+$Q128-1,)="","",OFFSET(U$2,$X128+$Q128-1,)) | AC128: =IF(OFFSET(V$2,$X128+$Q128-1,)="","",OFFSET(V$2,$X128+$Q128-1,)) | AD128: =IF(OFFSET(W$2,$X128+$Q128-1,)="","",OFFSET(W$2,$X128+$Q128-1,)) | AE128: 253 | AF128: =IF(OFFSET(別紙１!B$51,$AE128,)="","",OFFSET(別紙１!B$51,$AE128,)) | AG128: =IF(OFFSET(別紙１!I$51,$AE128,)="","",OFFSET(別紙１!I$51,$AE128,)) | AH128: =IF(OFFSET(別紙１!O$51,$AE128+1,)="","",OFFSET(別紙１!O$51,$AE128+1,)) | AI128: =IF(OFFSET(別紙１!AM$51,$AE128,)="","",OFFSET(別紙１!AM$51,$AE128,)) | AJ128: 253 | AK128: =IF(COUNTIF($AL$2:AL129,"田 ①") + COUNTIF($AL$2:AL129,"畑 ②") + COUNTIF($AL$2:AL130,"草地 ③")<=3,COUNTIF($AL$2:AL129,"田 ①") + COUNTIF($AL$2:AL129,"畑 ②") + COUNTIF($AL$2:AL130,"草地 ③"),3) -> 3 | AL128: =IF(OFFSET(別紙１!B$73,$AJ128,)="","",OFFSET(別紙１!B$73,$AJ128,)) | AM128: =IF(OFFSET(別紙１!B$73,$AJ128,)="","",OFFSET(別紙１!B$73,$AJ128,)) | AN128: =IF(OFFSET(別紙１!E$73,$AJ128,)="","",OFFSET(別紙１!E$73,$AJ128,)) | AO128: =IF(OFFSET(別紙１!I$73,$AJ128,)="","",OFFSET(別紙１!I$73,$AJ128,)) | AP128: =IF(OFFSET(別紙１!O$73,$AJ128+1,)="","",OFFSET(別紙１!O$73,$AJ128+1,)) | AQ128: =IF(OFFSET(別紙１!AM$73,$AJ128,)="","",OFFSET(別紙１!AM$73,$AJ128,)) | AR128: 127 | AS128: =IF(AK128=1,"田 ①",IF(AK128=2,"畑 ②",IF(AK128=3,"草地 ③",))) -> 草地 ③ | AT128: =IF(OFFSET(AM$2,$AR128+$AK128-1,)="","",OFFSET(AM$2,$AR128+$AK128-1,)) | AU128: =IF(OFFSET(AN$2,$AR128+$AK128-1,)="","",OFFSET(AN$2,$AR128+$AK128-1,)) | AV128: =IF(OFFSET(AO$2,$AR128+$AK128-1,)="","",OFFSET(AO$2,$AR128+$AK128-1,)) | AW128: =IF(OFFSET(AP$2,$AR128+$AK128-1,)="","",OFFSET(AP$2,$AR128+$AK128-1,)) | AX128: =IF(OFFSET(AQ$2,$AR128+$AK128-1,)="","",OFFSET(AQ$2,$AR128+$AK128-1,)) | AY128: 253 | AZ128: =IF(COUNTIF($BA$2:BA128,"田 ①") + COUNTIF($BA$2:BA129,"畑 ②") + COUNTIF($BA$2:BA130,"草地 ③")<=3,COUNTIF($BA$2:BA128,"田 ①") + COUNTIF($BA$2:BA129,"畑 ②") + COUNTIF($BA$2:BA130,"草地 ③"),3) -> 3 | BA128: =IF(OFFSET(別紙１!$B$112,$AY128,)="","",OFFSET(別紙１!$B$112,$AY128,)) | BB128: =IF(OFFSET(別紙１!$B$112,$AY128,)="","",OFFSET(別紙１!$B$112,$AY128,)) | BC128: =IF(OFFSET(別紙１!$E$112,$AY128,)="","",OFFSET(別紙１!$E$112,$AY128,)) | BD128: =IF(OFFSET(別紙１!$I$112,$AY128,)="","",OFFSET(別紙１!$I$112,$AY128,)) | BE128: =IF(OFFSET(別紙１!$O$112,$AY128+1,)="","",OFFSET(別紙１!$O$112,$AY128+1,)) | BF128: =IF(OFFSET(別紙１!$AM$112,$AY128,)="","",OFFSET(別紙１!$AM$112,$AY128,)) | BG128: 127 | BH128: =IF(AZ128=1,"田 ①",IF(AZ128=2,"畑 ②",IF(AZ128=3,"草地 ③",))) -> 草地 ③ | BI128: =IF(OFFSET(BB$2,$AZ128+$BG128-1,)="","",OFFSET(BB$2,$AZ128+$BG128-1,)) | BJ128: =IF(OFFSET(BC$2,$AZ128+$BG128-1,)="","",OFFSET(BC$2,$AZ128+$BG128-1,)) | BK128: =IF(OFFSET(BD$2,$AZ128+$BG128-1,)="","",OFFSET(BD$2,$AZ128+$BG128-1,)) | BL128: =IF(OFFSET(BE$2,$AZ128+$BG128-1,)="","",OFFSET(BE$2,$AZ128+$BG128-1,)) | BM128: =IF(OFFSET(BF$2,$AZ128+$BG128-1,)="","",OFFSET(BF$2,$AZ128+$BG128-1,)) | BN128: 253 | BO128: =IF(COUNTIF($BP$2:BP128,"田 ①") + COUNTIF($BP$2:BP129,"畑 ②") + COUNTIF($BP$2:BP130,"草地 ③")<=3,COUNTIF($BP$2:BP128,"田 ①") + COUNTIF($BP$2:BP129,"畑 ②") + COUNTIF($BP$2:BP130,"草地 ③"),3) -> 3 | BP128: =IF(OFFSET(別紙１!$B$138,$BN128,)="","",OFFSET(別紙１!$B$138,$BN128,)) | BQ128: =IF(OFFSET(別紙１!$B$138,$BN128,)="","",OFFSET(別紙１!$B$138,$BN128,)) | BR128: =IF(OFFSET(別紙１!$E$138,$BN128,)="","",OFFSET(別紙１!$E$138,$BN128,)) | BS128: =IF(OFFSET(別紙１!$I$138,$BN128,)="","",OFFSET(別紙１!$I$138,$BN128,)) | BT128: =IF(OFFSET(別紙１!$O$138,$BN128+1,)="","",OFFSET(別紙１!$O$138,$BN128+1,)) | BU128: =IF(OFFSET(別紙１!$AM$138,$BN128,)="","",OFFSET(別紙１!$AM$138,$BN128,)) | BV128: 127 | BW128: =IF(BO128=1,"田 ①",IF(BO128=2,"畑 ②",IF(BO128=3,"草地 ③",))) -> 草地 ③ | BX128: =IF(OFFSET(BQ$2,$BO128+$BV128-1,)="","",OFFSET(BQ$2,$BO128+$BV128-1,)) | BY128: =IF(OFFSET(BR$2,$BO128+$BV128-1,)="","",OFFSET(BR$2,$BO128+$BV128-1,)) | BZ128: =IF(OFFSET(BS$2,$BO128+$BV128-1,)="","",OFFSET(BS$2,$BO128+$BV128-1,)) | CA128: =IF(OFFSET(BT$2,$BO128+$BV128-1,)="","",OFFSET(BT$2,$BO128+$BV128-1,)) | CB128: =IF(OFFSET(BU$2,$BO128+$BV128-1,)="","",OFFSET(BU$2,$BO128+$BV128-1,)) | CC128: 253 | CD128: =IF(COUNTIF($CE$2:CE128,"田") <=1,COUNTIF($CE$2:CE128,"田"),1) -> 1 | CE128: =IF(OFFSET(別紙１!$B$164,$CC128,)="","",OFFSET(別紙１!$B$164,$CC128,)) | CF128: =IF(OFFSET(別紙１!$B$164,$CC128,)="","",OFFSET(別紙１!$B$164,$CC128,)) | CG128: =IF(OFFSET(別紙１!$E$164,$CC128,)="","",OFFSET(別紙１!$E$164,$CC128,)) | CH128: =IF(OFFSET(別紙１!$I$164,$CC128,)="","",OFFSET(別紙１!$I$164,$CC128,)) | CI128: =IF(OFFSET(別紙１!$O$164,$CC128+1,)="","",OFFSET(別紙１!$O$164,$CC128+1,)) | CJ128: =IF(OFFSET(別紙１!$AM$164,$CC128,)="","",OFFSET(別紙１!$AM$164,$CC128,)) | CK128: 127 | CL128: =IF(CD128=1,"田",) -> 田 | CM128: =IF(OFFSET(CF$2,$CD128+$CK128-1,)="","",OFFSET(CF$2,$CD128+$CK128-1,)) | CN128: =IF(OFFSET(CG$2,$CD128+$CK128-1,)="","",OFFSET(CG$2,$CD128+$CK128-1,)) | CO128: =IF(OFFSET(CH$2,$CD128+$CK128-1,)="","",OFFSET(CH$2,$CD128+$CK128-1,)) | CP128: =IF(OFFSET(CI$2,$CD128+$CK128-1,)="","",OFFSET(CI$2,$CD128+$CK128-1,)) | CQ128: =IF(OFFSET(CJ$2,$CD128+$CK128-1,)="","",OFFSET(CJ$2,$CD128+$CK128-1,)) | CR128: 253 | CS128: =IF(COUNTIF($CT$2:CT128,"田 ①") + COUNTIF($CT$2:CT129,"畑 ②") + COUNTIF($CT$2:CT130,"草地 ③")<=3,COUNTIF($CT$2:CT128,"田 ①") + COUNTIF($CT$2:CT129,"畑 ②") + COUNTIF($CT$2:CT130,"草地 ③"),3) -> 3 | CT128: =IF(OFFSET(別紙１!$B$182,$BN128,)="","",OFFSET(別紙１!$B$182,$BN128,)) | CU128: =IF(OFFSET(別紙１!$B$182,$BN128,)="","",OFFSET(別紙１!$B$182,$BN128,)) | CV128: =IF(OFFSET(別紙１!$E$182,$BN128,)="","",OFFSET(別紙１!$E$182,$BN128,)) | CW128: =IF(OFFSET(別紙１!$I$182,$BN128,)="","",OFFSET(別紙１!$I$182,$BN128,)) | CX128: =IF(OFFSET(別紙１!$O$182,$BN128+1,)="","",OFFSET(別紙１!$O$182,$BN128+1,)) | CY128: =IF(OFFSET(別紙１!$AM$182,$BN128,)="","",OFFSET(別紙１!$AM$182,$BN128,)) | CZ128: 127 | DA128: =IF(CS128=1,"田 ①",IF(CS128=2,"畑 ②",IF(CS128=3,"草地 ③",))) -> 草地 ③ | DB128: =IF(OFFSET(CU$2,$CS128+$CZ128-1,)="","",OFFSET(CU$2,$CS128+$CZ128-1,)) | DC128: =IF(OFFSET(CV$2,$CS128+$CZ128-1,)="","",OFFSET(CV$2,$CS128+$CZ128-1,)) | DD128: =IF(OFFSET(CW$2,$CS128+$CZ128-1,)="","",OFFSET(CW$2,$CS128+$CZ128-1,)) | DE128: =IF(OFFSET(CX$2,$CS128+$CZ128-1,)="","",OFFSET(CX$2,$CS128+$CZ128-1,)) | DF128: =IF(OFFSET(CY$2,$CS128+$CZ128-1,)="","",OFFSET(CY$2,$CS128+$CZ128-1,)) | DG128: 253 | DH128: =IF(OFFSET(別紙１!B$207,$DG128,)="","",OFFSET(別紙１!B$207,$DG128,)) | DI128: =IF(OFFSET(別紙１!I$207,$DG128,)="","",OFFSET(別紙１!I$207,$DG128,)) | DJ128: =IF(OFFSET(別紙１!O$207,$DG128+1,)="","",OFFSET(別紙１!O$207,$DG128+1,)) | DK128: =IF(OFFSET(別紙１!AM$207,$DG128,)="","",OFFSET(別紙１!AM$207,$DG128,))
A129: 255 | B129: =IF(COUNTIF($C$2:C130,"田 ①") + COUNTIF($C$2:C130,"畑 ②") + COUNTIF($C$2:C131,"草地 ③")<=3,COUNTIF($C$2:C130,"田 ①") + COUNTIF($C$2:C130,"畑 ②") + COUNTIF($C$2:C131,"草地 ③"),3) -> 3 | C129: =IF(OFFSET(別紙１!$B$12,$A129,)="","",OFFSET(別紙１!$B$12,$A129,)) -> 区 分 | D129: =IF(OFFSET(別紙１!$B$12,$A129,)="","",OFFSET(別紙１!$B$12,$A129,)) -> 区 分 | E129: =IF(OFFSET(別紙１!$E$12,$A129,)="","",OFFSET(別紙１!$E$12,$A129,)) | F129: =IF(OFFSET(別紙１!$I$12,$A129,)="","",OFFSET(別紙１!$I$12,$A129,)) | G129: =IF(OFFSET(別紙１!$O$12,$A129+1,)="","",OFFSET(別紙１!$O$12,$A129+1,)) | H129: =IF(OFFSET(別紙１!$AM$12,$A129,)="","",OFFSET(別紙１!$AM$12,$A129,)) | I129: 128 | J129: =IF(B129=1,"田 ①",IF(B129=2,"畑 ②",IF(B129=3,"草地 ③",))) -> 草地 ③ | K129: =IF(OFFSET(D$2,$I129+$B129-1,)="","",OFFSET(D$2,$I129+$B129-1,)) | L129: =IF(OFFSET(E$2,$I129+$B129-1,)="","",OFFSET(E$2,$I129+$B129-1,)) | M129: =IF(OFFSET(F$2,$I129+$B129-1,)="","",OFFSET(F$2,$I129+$B129-1,)) | N129: =IF(OFFSET(G$2,$I129+$B129-1,)="","",OFFSET(G$2,$I129+$B129-1,)) | O129: =IF(OFFSET(H$2,$I129+$B129-1,)="","",OFFSET(H$2,$I129+$B129-1,)) | P129: 255 | Q129: =IF(COUNTIF($R$2:R130,"田 ①") + COUNTIF($R$2:R130,"畑 ②") + COUNTIF($R$2:R131,"草地 ③")<=3,COUNTIF($R$2:R130,"田 ①") + COUNTIF($R$2:R130,"畑 ②") + COUNTIF($R$2:R131,"草地 ③"),3) -> 3 | R129: =IF(OFFSET(別紙１!$B$32,$P129,)="","",OFFSET(別紙１!$B$32,$P129,)) | S129: =IF(OFFSET(別紙１!$B$32,$P129,)="","",OFFSET(別紙１!$B$32,$P129,)) | T129: =IF(OFFSET(別紙１!$E$32,$P129,)="","",OFFSET(別紙１!$E$32,$P129,)) | U129: =IF(OFFSET(別紙１!$I$32,$P129,)="","",OFFSET(別紙１!$I$32,$P129,)) | V129: =IF(OFFSET(別紙１!$O$32,$P129+1,)="","",OFFSET(別紙１!$O$32,$P129+1,)) | W129: =IF(OFFSET(別紙１!$AM$32,$P129,)="","",OFFSET(別紙１!$AM$32,$P129,)) | X129: 128 | Y129: =IF(Q129=1,"田 ①",IF(Q129=2,"畑 ②",IF(Q129=3,"草地 ③",))) -> 草地 ③ | Z129: =IF(OFFSET(S$2,$X129+$Q129-1,)="","",OFFSET(S$2,$X129+$Q129-1,)) | AA129: =IF(OFFSET(T$2,$X129+$Q129-1,)="","",OFFSET(T$2,$X129+$Q129-1,)) | AB129: =IF(OFFSET(U$2,$X129+$Q129-1,)="","",OFFSET(U$2,$X129+$Q129-1,)) | AC129: =IF(OFFSET(V$2,$X129+$Q129-1,)="","",OFFSET(V$2,$X129+$Q129-1,)) | AD129: =IF(OFFSET(W$2,$X129+$Q129-1,)="","",OFFSET(W$2,$X129+$Q129-1,)) | AE129: 255 | AF129: =IF(OFFSET(別紙１!B$51,$AE129,)="","",OFFSET(別紙１!B$51,$AE129,)) | AG129: =IF(OFFSET(別紙１!I$51,$AE129,)="","",OFFSET(別紙１!I$51,$AE129,)) | AH129: =IF(OFFSET(別紙１!O$51,$AE129+1,)="","",OFFSET(別紙１!O$51,$AE129+1,)) | AI129: =IF(OFFSET(別紙１!AM$51,$AE129,)="","",OFFSET(別紙１!AM$51,$AE129,)) | AJ129: 255 | AK129: =IF(COUNTIF($AL$2:AL130,"田 ①") + COUNTIF($AL$2:AL130,"畑 ②") + COUNTIF($AL$2:AL131,"草地 ③")<=3,COUNTIF($AL$2:AL130,"田 ①") + COUNTIF($AL$2:AL130,"畑 ②") + COUNTIF($AL$2:AL131,"草地 ③"),3) -> 3 | AL129: =IF(OFFSET(別紙１!B$73,$AJ129,)="","",OFFSET(別紙１!B$73,$AJ129,)) | AM129: =IF(OFFSET(別紙１!B$73,$AJ129,)="","",OFFSET(別紙１!B$73,$AJ129,)) | AN129: =IF(OFFSET(別紙１!E$73,$AJ129,)="","",OFFSET(別紙１!E$73,$AJ129,)) | AO129: =IF(OFFSET(別紙１!I$73,$AJ129,)="","",OFFSET(別紙１!I$73,$AJ129,)) | AP129: =IF(OFFSET(別紙１!O$73,$AJ129+1,)="","",OFFSET(別紙１!O$73,$AJ129+1,)) | AQ129: =IF(OFFSET(別紙１!AM$73,$AJ129,)="","",OFFSET(別紙１!AM$73,$AJ129,)) | AR129: 128 | AS129: =IF(AK129=1,"田 ①",IF(AK129=2,"畑 ②",IF(AK129=3,"草地 ③",))) -> 草地 ③ | AT129: =IF(OFFSET(AM$2,$AR129+$AK129-1,)="","",OFFSET(AM$2,$AR129+$AK129-1,)) | AU129: =IF(OFFSET(AN$2,$AR129+$AK129-1,)="","",OFFSET(AN$2,$AR129+$AK129-1,)) | AV129: =IF(OFFSET(AO$2,$AR129+$AK129-1,)="","",OFFSET(AO$2,$AR129+$AK129-1,)) | AW129: =IF(OFFSET(AP$2,$AR129+$AK129-1,)="","",OFFSET(AP$2,$AR129+$AK129-1,)) | AX129: =IF(OFFSET(AQ$2,$AR129+$AK129-1,)="","",OFFSET(AQ$2,$AR129+$AK129-1,)) | AY129: 255 | AZ129: =IF(COUNTIF($BA$2:BA129,"田 ①") + COUNTIF($BA$2:BA130,"畑 ②") + COUNTIF($BA$2:BA131,"草地 ③")<=3,COUNTIF($BA$2:BA129,"田 ①") + COUNTIF($BA$2:BA130,"畑 ②") + COUNTIF($BA$2:BA131,"草地 ③"),3) -> 3 | BA129: =IF(OFFSET(別紙１!$B$112,$AY129,)="","",OFFSET(別紙１!$B$112,$AY129,)) | BB129: =IF(OFFSET(別紙１!$B$112,$AY129,)="","",OFFSET(別紙１!$B$112,$AY129,)) | BC129: =IF(OFFSET(別紙１!$E$112,$AY129,)="","",OFFSET(別紙１!$E$112,$AY129,)) | BD129: =IF(OFFSET(別紙１!$I$112,$AY129,)="","",OFFSET(別紙１!$I$112,$AY129,)) | BE129: =IF(OFFSET(別紙１!$O$112,$AY129+1,)="","",OFFSET(別紙１!$O$112,$AY129+1,)) | BF129: =IF(OFFSET(別紙１!$AM$112,$AY129,)="","",OFFSET(別紙１!$AM$112,$AY129,)) | BG129: 128 | BH129: =IF(AZ129=1,"田 ①",IF(AZ129=2,"畑 ②",IF(AZ129=3,"草地 ③",))) -> 草地 ③ | BI129: =IF(OFFSET(BB$2,$AZ129+$BG129-1,)="","",OFFSET(BB$2,$AZ129+$BG129-1,)) | BJ129: =IF(OFFSET(BC$2,$AZ129+$BG129-1,)="","",OFFSET(BC$2,$AZ129+$BG129-1,)) | BK129: =IF(OFFSET(BD$2,$AZ129+$BG129-1,)="","",OFFSET(BD$2,$AZ129+$BG129-1,)) | BL129: =IF(OFFSET(BE$2,$AZ129+$BG129-1,)="","",OFFSET(BE$2,$AZ129+$BG129-1,)) | BM129: =IF(OFFSET(BF$2,$AZ129+$BG129-1,)="","",OFFSET(BF$2,$AZ129+$BG129-1,)) | BN129: 255 | BO129: =IF(COUNTIF($BP$2:BP129,"田 ①") + COUNTIF($BP$2:BP130,"畑 ②") + COUNTIF($BP$2:BP131,"草地 ③")<=3,COUNTIF($BP$2:BP129,"田 ①") + COUNTIF($BP$2:BP130,"畑 ②") + COUNTIF($BP$2:BP131,"草地 ③"),3) -> 3 | BP129: =IF(OFFSET(別紙１!$B$138,$BN129,)="","",OFFSET(別紙１!$B$138,$BN129,)) | BQ129: =IF(OFFSET(別紙１!$B$138,$BN129,)="","",OFFSET(別紙１!$B$138,$BN129,)) | BR129: =IF(OFFSET(別紙１!$E$138,$BN129,)="","",OFFSET(別紙１!$E$138,$BN129,)) | BS129: =IF(OFFSET(別紙１!$I$138,$BN129,)="","",OFFSET(別紙１!$I$138,$BN129,)) | BT129: =IF(OFFSET(別紙１!$O$138,$BN129+1,)="","",OFFSET(別紙１!$O$138,$BN129+1,)) | BU129: =IF(OFFSET(別紙１!$AM$138,$BN129,)="","",OFFSET(別紙１!$AM$138,$BN129,)) | BV129: 128 | BW129: =IF(BO129=1,"田 ①",IF(BO129=2,"畑 ②",IF(BO129=3,"草地 ③",))) -> 草地 ③ | BX129: =IF(OFFSET(BQ$2,$BO129+$BV129-1,)="","",OFFSET(BQ$2,$BO129+$BV129-1,)) | BY129: =IF(OFFSET(BR$2,$BO129+$BV129-1,)="","",OFFSET(BR$2,$BO129+$BV129-1,)) | BZ129: =IF(OFFSET(BS$2,$BO129+$BV129-1,)="","",OFFSET(BS$2,$BO129+$BV129-1,)) | CA129: =IF(OFFSET(BT$2,$BO129+$BV129-1,)="","",OFFSET(BT$2,$BO129+$BV129-1,)) | CB129: =IF(OFFSET(BU$2,$BO129+$BV129-1,)="","",OFFSET(BU$2,$BO129+$BV129-1,)) | CC129: 255 | CD129: =IF(COUNTIF($CE$2:CE129,"田") <=1,COUNTIF($CE$2:CE129,"田"),1) -> 1 | CE129: =IF(OFFSET(別紙１!$B$164,$CC129,)="","",OFFSET(別紙１!$B$164,$CC129,)) | CF129: =IF(OFFSET(別紙１!$B$164,$CC129,)="","",OFFSET(別紙１!$B$164,$CC129,)) | CG129: =IF(OFFSET(別紙１!$E$164,$CC129,)="","",OFFSET(別紙１!$E$164,$CC129,)) | CH129: =IF(OFFSET(別紙１!$I$164,$CC129,)="","",OFFSET(別紙１!$I$164,$CC129,)) | CI129: =IF(OFFSET(別紙１!$O$164,$CC129+1,)="","",OFFSET(別紙１!$O$164,$CC129+1,)) | CJ129: =IF(OFFSET(別紙１!$AM$164,$CC129,)="","",OFFSET(別紙１!$AM$164,$CC129,)) | CK129: 128 | CL129: =IF(CD129=1,"田",) -> 田 | CM129: =IF(OFFSET(CF$2,$CD129+$CK129-1,)="","",OFFSET(CF$2,$CD129+$CK129-1,)) | CN129: =IF(OFFSET(CG$2,$CD129+$CK129-1,)="","",OFFSET(CG$2,$CD129+$CK129-1,)) | CO129: =IF(OFFSET(CH$2,$CD129+$CK129-1,)="","",OFFSET(CH$2,$CD129+$CK129-1,)) | CP129: =IF(OFFSET(CI$2,$CD129+$CK129-1,)="","",OFFSET(CI$2,$CD129+$CK129-1,)) | CQ129: =IF(OFFSET(CJ$2,$CD129+$CK129-1,)="","",OFFSET(CJ$2,$CD129+$CK129-1,)) | CR129: 255 | CS129: =IF(COUNTIF($CT$2:CT129,"田 ①") + COUNTIF($CT$2:CT130,"畑 ②") + COUNTIF($CT$2:CT131,"草地 ③")<=3,COUNTIF($CT$2:CT129,"田 ①") + COUNTIF($CT$2:CT130,"畑 ②") + COUNTIF($CT$2:CT131,"草地 ③"),3) -> 3 | CT129: =IF(OFFSET(別紙１!$B$182,$BN129,)="","",OFFSET(別紙１!$B$182,$BN129,)) | CU129: =IF(OFFSET(別紙１!$B$182,$BN129,)="","",OFFSET(別紙１!$B$182,$BN129,)) | CV129: =IF(OFFSET(別紙１!$E$182,$BN129,)="","",OFFSET(別紙１!$E$182,$BN129,)) | CW129: =IF(OFFSET(別紙１!$I$182,$BN129,)="","",OFFSET(別紙１!$I$182,$BN129,)) | CX129: =IF(OFFSET(別紙１!$O$182,$BN129+1,)="","",OFFSET(別紙１!$O$182,$BN129+1,)) | CY129: =IF(OFFSET(別紙１!$AM$182,$BN129,)="","",OFFSET(別紙１!$AM$182,$BN129,)) | CZ129: 128 | DA129: =IF(CS129=1,"田 ①",IF(CS129=2,"畑 ②",IF(CS129=3,"草地 ③",))) -> 草地 ③ | DB129: =IF(OFFSET(CU$2,$CS129+$CZ129-1,)="","",OFFSET(CU$2,$CS129+$CZ129-1,)) | DC129: =IF(OFFSET(CV$2,$CS129+$CZ129-1,)="","",OFFSET(CV$2,$CS129+$CZ129-1,)) | DD129: =IF(OFFSET(CW$2,$CS129+$CZ129-1,)="","",OFFSET(CW$2,$CS129+$CZ129-1,)) | DE129: =IF(OFFSET(CX$2,$CS129+$CZ129-1,)="","",OFFSET(CX$2,$CS129+$CZ129-1,)) | DF129: =IF(OFFSET(CY$2,$CS129+$CZ129-1,)="","",OFFSET(CY$2,$CS129+$CZ129-1,)) | DG129: 255 | DH129: =IF(OFFSET(別紙１!B$207,$DG129,)="","",OFFSET(別紙１!B$207,$DG129,)) | DI129: =IF(OFFSET(別紙１!I$207,$DG129,)="","",OFFSET(別紙１!I$207,$DG129,)) | DJ129: =IF(OFFSET(別紙１!O$207,$DG129+1,)="","",OFFSET(別紙１!O$207,$DG129+1,)) | DK129: =IF(OFFSET(別紙１!AM$207,$DG129,)="","",OFFSET(別紙１!AM$207,$DG129,))
A130: 257 | B130: =IF(COUNTIF($C$2:C131,"田 ①") + COUNTIF($C$2:C131,"畑 ②") + COUNTIF($C$2:C132,"草地 ③")<=3,COUNTIF($C$2:C131,"田 ①") + COUNTIF($C$2:C131,"畑 ②") + COUNTIF($C$2:C132,"草地 ③"),3) -> 3 | C130: =IF(OFFSET(別紙１!$B$12,$A130,)="","",OFFSET(別紙１!$B$12,$A130,)) | D130: =IF(OFFSET(別紙１!$B$12,$A130,)="","",OFFSET(別紙１!$B$12,$A130,)) | E130: =IF(OFFSET(別紙１!$E$12,$A130,)="","",OFFSET(別紙１!$E$12,$A130,)) | F130: =IF(OFFSET(別紙１!$I$12,$A130,)="","",OFFSET(別紙１!$I$12,$A130,)) | G130: =IF(OFFSET(別紙１!$O$12,$A130+1,)="","",OFFSET(別紙１!$O$12,$A130+1,)) | H130: =IF(OFFSET(別紙１!$AM$12,$A130,)="","",OFFSET(別紙１!$AM$12,$A130,)) | I130: 129 | J130: =IF(B130=1,"田 ①",IF(B130=2,"畑 ②",IF(B130=3,"草地 ③",))) -> 草地 ③ | K130: =IF(OFFSET(D$2,$I130+$B130-1,)="","",OFFSET(D$2,$I130+$B130-1,)) | L130: =IF(OFFSET(E$2,$I130+$B130-1,)="","",OFFSET(E$2,$I130+$B130-1,)) | M130: =IF(OFFSET(F$2,$I130+$B130-1,)="","",OFFSET(F$2,$I130+$B130-1,)) | N130: =IF(OFFSET(G$2,$I130+$B130-1,)="","",OFFSET(G$2,$I130+$B130-1,)) | O130: =IF(OFFSET(H$2,$I130+$B130-1,)="","",OFFSET(H$2,$I130+$B130-1,)) | P130: 257 | Q130: =IF(COUNTIF($R$2:R131,"田 ①") + COUNTIF($R$2:R131,"畑 ②") + COUNTIF($R$2:R132,"草地 ③")<=3,COUNTIF($R$2:R131,"田 ①") + COUNTIF($R$2:R131,"畑 ②") + COUNTIF($R$2:R132,"草地 ③"),3) -> 3 | R130: =IF(OFFSET(別紙１!$B$32,$P130,)="","",OFFSET(別紙１!$B$32,$P130,)) | S130: =IF(OFFSET(別紙１!$B$32,$P130,)="","",OFFSET(別紙１!$B$32,$P130,)) | T130: =IF(OFFSET(別紙１!$E$32,$P130,)="","",OFFSET(別紙１!$E$32,$P130,)) | U130: =IF(OFFSET(別紙１!$I$32,$P130,)="","",OFFSET(別紙１!$I$32,$P130,)) | V130: =IF(OFFSET(別紙１!$O$32,$P130+1,)="","",OFFSET(別紙１!$O$32,$P130+1,)) | W130: =IF(OFFSET(別紙１!$AM$32,$P130,)="","",OFFSET(別紙１!$AM$32,$P130,)) | X130: 129 | Y130: =IF(Q130=1,"田 ①",IF(Q130=2,"畑 ②",IF(Q130=3,"草地 ③",))) -> 草地 ③ | Z130: =IF(OFFSET(S$2,$X130+$Q130-1,)="","",OFFSET(S$2,$X130+$Q130-1,)) | AA130: =IF(OFFSET(T$2,$X130+$Q130-1,)="","",OFFSET(T$2,$X130+$Q130-1,)) | AB130: =IF(OFFSET(U$2,$X130+$Q130-1,)="","",OFFSET(U$2,$X130+$Q130-1,)) | AC130: =IF(OFFSET(V$2,$X130+$Q130-1,)="","",OFFSET(V$2,$X130+$Q130-1,)) | AD130: =IF(OFFSET(W$2,$X130+$Q130-1,)="","",OFFSET(W$2,$X130+$Q130-1,)) | AE130: 257 | AF130: =IF(OFFSET(別紙１!B$51,$AE130,)="","",OFFSET(別紙１!B$51,$AE130,)) | AG130: =IF(OFFSET(別紙１!I$51,$AE130,)="","",OFFSET(別紙１!I$51,$AE130,)) | AH130: =IF(OFFSET(別紙１!O$51,$AE130+1,)="","",OFFSET(別紙１!O$51,$AE130+1,)) | AI130: =IF(OFFSET(別紙１!AM$51,$AE130,)="","",OFFSET(別紙１!AM$51,$AE130,)) | AJ130: 257 | AK130: =IF(COUNTIF($AL$2:AL131,"田 ①") + COUNTIF($AL$2:AL131,"畑 ②") + COUNTIF($AL$2:AL132,"草地 ③")<=3,COUNTIF($AL$2:AL131,"田 ①") + COUNTIF($AL$2:AL131,"畑 ②") + COUNTIF($AL$2:AL132,"草地 ③"),3) -> 3 | AL130: =IF(OFFSET(別紙１!B$73,$AJ130,)="","",OFFSET(別紙１!B$73,$AJ130,)) | AM130: =IF(OFFSET(別紙１!B$73,$AJ130,)="","",OFFSET(別紙１!B$73,$AJ130,)) | AN130: =IF(OFFSET(別紙１!E$73,$AJ130,)="","",OFFSET(別紙１!E$73,$AJ130,)) | AO130: =IF(OFFSET(別紙１!I$73,$AJ130,)="","",OFFSET(別紙１!I$73,$AJ130,)) | AP130: =IF(OFFSET(別紙１!O$73,$AJ130+1,)="","",OFFSET(別紙１!O$73,$AJ130+1,)) | AQ130: =IF(OFFSET(別紙１!AM$73,$AJ130,)="","",OFFSET(別紙１!AM$73,$AJ130,)) | AR130: 129 | AS130: =IF(AK130=1,"田 ①",IF(AK130=2,"畑 ②",IF(AK130=3,"草地 ③",))) -> 草地 ③ | AT130: =IF(OFFSET(AM$2,$AR130+$AK130-1,)="","",OFFSET(AM$2,$AR130+$AK130-1,)) | AU130: =IF(OFFSET(AN$2,$AR130+$AK130-1,)="","",OFFSET(AN$2,$AR130+$AK130-1,)) | AV130: =IF(OFFSET(AO$2,$AR130+$AK130-1,)="","",OFFSET(AO$2,$AR130+$AK130-1,)) | AW130: =IF(OFFSET(AP$2,$AR130+$AK130-1,)="","",OFFSET(AP$2,$AR130+$AK130-1,)) | AX130: =IF(OFFSET(AQ$2,$AR130+$AK130-1,)="","",OFFSET(AQ$2,$AR130+$AK130-1,)) | AY130: 257 | AZ130: =IF(COUNTIF($BA$2:BA130,"田 ①") + COUNTIF($BA$2:BA131,"畑 ②") + COUNTIF($BA$2:BA132,"草地 ③")<=3,COUNTIF($BA$2:BA130,"田 ①") + COUNTIF($BA$2:BA131,"畑 ②") + COUNTIF($BA$2:BA132,"草地 ③"),3) -> 3 | BA130: =IF(OFFSET(別紙１!$B$112,$AY130,)="","",OFFSET(別紙１!$B$112,$AY130,)) | BB130: =IF(OFFSET(別紙１!$B$112,$AY130,)="","",OFFSET(別紙１!$B$112,$AY130,)) | BC130: =IF(OFFSET(別紙１!$E$112,$AY130,)="","",OFFSET(別紙１!$E$112,$AY130,)) | BD130: =IF(OFFSET(別紙１!$I$112,$AY130,)="","",OFFSET(別紙１!$I$112,$AY130,)) | BE130: =IF(OFFSET(別紙１!$O$112,$AY130+1,)="","",OFFSET(別紙１!$O$112,$AY130+1,)) | BF130: =IF(OFFSET(別紙１!$AM$112,$AY130,)="","",OFFSET(別紙１!$AM$112,$AY130,)) | BG130: 129 | BH130: =IF(AZ130=1,"田 ①",IF(AZ130=2,"畑 ②",IF(AZ130=3,"草地 ③",))) -> 草地 ③ | BI130: =IF(OFFSET(BB$2,$AZ130+$BG130-1,)="","",OFFSET(BB$2,$AZ130+$BG130-1,)) | BJ130: =IF(OFFSET(BC$2,$AZ130+$BG130-1,)="","",OFFSET(BC$2,$AZ130+$BG130-1,)) | BK130: =IF(OFFSET(BD$2,$AZ130+$BG130-1,)="","",OFFSET(BD$2,$AZ130+$BG130-1,)) | BL130: =IF(OFFSET(BE$2,$AZ130+$BG130-1,)="","",OFFSET(BE$2,$AZ130+$BG130-1,)) | BM130: =IF(OFFSET(BF$2,$AZ130+$BG130-1,)="","",OFFSET(BF$2,$AZ130+$BG130-1,)) | BN130: 257 | BO130: =IF(COUNTIF($BP$2:BP130,"田 ①") + COUNTIF($BP$2:BP131,"畑 ②") + COUNTIF($BP$2:BP132,"草地 ③")<=3,COUNTIF($BP$2:BP130,"田 ①") + COUNTIF($BP$2:BP131,"畑 ②") + COUNTIF($BP$2:BP132,"草地 ③"),3) -> 3 | BP130: =IF(OFFSET(別紙１!$B$138,$BN130,)="","",OFFSET(別紙１!$B$138,$BN130,)) | BQ130: =IF(OFFSET(別紙１!$B$138,$BN130,)="","",OFFSET(別紙１!$B$138,$BN130,)) | BR130: =IF(OFFSET(別紙１!$E$138,$BN130,)="","",OFFSET(別紙１!$E$138,$BN130,)) | BS130: =IF(OFFSET(別紙１!$I$138,$BN130,)="","",OFFSET(別紙１!$I$138,$BN130,)) | BT130: =IF(OFFSET(別紙１!$O$138,$BN130+1,)="","",OFFSET(別紙１!$O$138,$BN130+1,)) | BU130: =IF(OFFSET(別紙１!$AM$138,$BN130,)="","",OFFSET(別紙１!$AM$138,$BN130,)) | BV130: 129 | BW130: =IF(BO130=1,"田 ①",IF(BO130=2,"畑 ②",IF(BO130=3,"草地 ③",))) -> 草地 ③ | BX130: =IF(OFFSET(BQ$2,$BO130+$BV130-1,)="","",OFFSET(BQ$2,$BO130+$BV130-1,)) | BY130: =IF(OFFSET(BR$2,$BO130+$BV130-1,)="","",OFFSET(BR$2,$BO130+$BV130-1,)) | BZ130: =IF(OFFSET(BS$2,$BO130+$BV130-1,)="","",OFFSET(BS$2,$BO130+$BV130-1,)) | CA130: =IF(OFFSET(BT$2,$BO130+$BV130-1,)="","",OFFSET(BT$2,$BO130+$BV130-1,)) | CB130: =IF(OFFSET(BU$2,$BO130+$BV130-1,)="","",OFFSET(BU$2,$BO130+$BV130-1,)) | CC130: 257 | CD130: =IF(COUNTIF($CE$2:CE130,"田") <=1,COUNTIF($CE$2:CE130,"田"),1) -> 1 | CE130: =IF(OFFSET(別紙１!$B$164,$CC130,)="","",OFFSET(別紙１!$B$164,$CC130,)) | CF130: =IF(OFFSET(別紙１!$B$164,$CC130,)="","",OFFSET(別紙１!$B$164,$CC130,)) | CG130: =IF(OFFSET(別紙１!$E$164,$CC130,)="","",OFFSET(別紙１!$E$164,$CC130,)) | CH130: =IF(OFFSET(別紙１!$I$164,$CC130,)="","",OFFSET(別紙１!$I$164,$CC130,)) | CI130: =IF(OFFSET(別紙１!$O$164,$CC130+1,)="","",OFFSET(別紙１!$O$164,$CC130+1,)) | CJ130: =IF(OFFSET(別紙１!$AM$164,$CC130,)="","",OFFSET(別紙１!$AM$164,$CC130,)) | CK130: 129 | CL130: =IF(CD130=1,"田",) -> 田 | CM130: =IF(OFFSET(CF$2,$CD130+$CK130-1,)="","",OFFSET(CF$2,$CD130+$CK130-1,)) | CN130: =IF(OFFSET(CG$2,$CD130+$CK130-1,)="","",OFFSET(CG$2,$CD130+$CK130-1,)) | CO130: =IF(OFFSET(CH$2,$CD130+$CK130-1,)="","",OFFSET(CH$2,$CD130+$CK130-1,)) | CP130: =IF(OFFSET(CI$2,$CD130+$CK130-1,)="","",OFFSET(CI$2,$CD130+$CK130-1,)) | CQ130: =IF(OFFSET(CJ$2,$CD130+$CK130-1,)="","",OFFSET(CJ$2,$CD130+$CK130-1,)) | CR130: 257 | CS130: =IF(COUNTIF($CT$2:CT130,"田 ①") + COUNTIF($CT$2:CT131,"畑 ②") + COUNTIF($CT$2:CT132,"草地 ③")<=3,COUNTIF($CT$2:CT130,"田 ①") + COUNTIF($CT$2:CT131,"畑 ②") + COUNTIF($CT$2:CT132,"草地 ③"),3) -> 3 | CT130: =IF(OFFSET(別紙１!$B$182,$BN130,)="","",OFFSET(別紙１!$B$182,$BN130,)) | CU130: =IF(OFFSET(別紙１!$B$182,$BN130,)="","",OFFSET(別紙１!$B$182,$BN130,)) | CV130: =IF(OFFSET(別紙１!$E$182,$BN130,)="","",OFFSET(別紙１!$E$182,$BN130,)) | CW130: =IF(OFFSET(別紙１!$I$182,$BN130,)="","",OFFSET(別紙１!$I$182,$BN130,)) | CX130: =IF(OFFSET(別紙１!$O$182,$BN130+1,)="","",OFFSET(別紙１!$O$182,$BN130+1,)) | CY130: =IF(OFFSET(別紙１!$AM$182,$BN130,)="","",OFFSET(別紙１!$AM$182,$BN130,)) | CZ130: 129 | DA130: =IF(CS130=1,"田 ①",IF(CS130=2,"畑 ②",IF(CS130=3,"草地 ③",))) -> 草地 ③ | DB130: =IF(OFFSET(CU$2,$CS130+$CZ130-1,)="","",OFFSET(CU$2,$CS130+$CZ130-1,)) | DC130: =IF(OFFSET(CV$2,$CS130+$CZ130-1,)="","",OFFSET(CV$2,$CS130+$CZ130-1,)) | DD130: =IF(OFFSET(CW$2,$CS130+$CZ130-1,)="","",OFFSET(CW$2,$CS130+$CZ130-1,)) | DE130: =IF(OFFSET(CX$2,$CS130+$CZ130-1,)="","",OFFSET(CX$2,$CS130+$CZ130-1,)) | DF130: =IF(OFFSET(CY$2,$CS130+$CZ130-1,)="","",OFFSET(CY$2,$CS130+$CZ130-1,)) | DG130: 257 | DH130: =IF(OFFSET(別紙１!B$207,$DG130,)="","",OFFSET(別紙１!B$207,$DG130,)) | DI130: =IF(OFFSET(別紙１!I$207,$DG130,)="","",OFFSET(別紙１!I$207,$DG130,)) | DJ130: =IF(OFFSET(別紙１!O$207,$DG130+1,)="","",OFFSET(別紙１!O$207,$DG130+1,)) | DK130: =IF(OFFSET(別紙１!AM$207,$DG130,)="","",OFFSET(別紙１!AM$207,$DG130,))
A131: 259 | B131: =IF(COUNTIF($C$2:C132,"田 ①") + COUNTIF($C$2:C132,"畑 ②") + COUNTIF($C$2:C133,"草地 ③")<=3,COUNTIF($C$2:C132,"田 ①") + COUNTIF($C$2:C132,"畑 ②") + COUNTIF($C$2:C133,"草地 ③"),3) -> 3 | C131: =IF(OFFSET(別紙１!$B$12,$A131,)="","",OFFSET(別紙１!$B$12,$A131,)) | D131: =IF(OFFSET(別紙１!$B$12,$A131,)="","",OFFSET(別紙１!$B$12,$A131,)) | E131: =IF(OFFSET(別紙１!$E$12,$A131,)="","",OFFSET(別紙１!$E$12,$A131,)) | F131: =IF(OFFSET(別紙１!$I$12,$A131,)="","",OFFSET(別紙１!$I$12,$A131,)) | G131: =IF(OFFSET(別紙１!$O$12,$A131+1,)="","",OFFSET(別紙１!$O$12,$A131+1,)) | H131: =IF(OFFSET(別紙１!$AM$12,$A131,)="","",OFFSET(別紙１!$AM$12,$A131,)) | I131: 130 | J131: =IF(B131=1,"田 ①",IF(B131=2,"畑 ②",IF(B131=3,"草地 ③",))) -> 草地 ③ | K131: =IF(OFFSET(D$2,$I131+$B131-1,)="","",OFFSET(D$2,$I131+$B131-1,)) | L131: =IF(OFFSET(E$2,$I131+$B131-1,)="","",OFFSET(E$2,$I131+$B131-1,)) | M131: =IF(OFFSET(F$2,$I131+$B131-1,)="","",OFFSET(F$2,$I131+$B131-1,)) | N131: =IF(OFFSET(G$2,$I131+$B131-1,)="","",OFFSET(G$2,$I131+$B131-1,)) | O131: =IF(OFFSET(H$2,$I131+$B131-1,)="","",OFFSET(H$2,$I131+$B131-1,)) | P131: 259 | Q131: =IF(COUNTIF($R$2:R132,"田 ①") + COUNTIF($R$2:R132,"畑 ②") + COUNTIF($R$2:R133,"草地 ③")<=3,COUNTIF($R$2:R132,"田 ①") + COUNTIF($R$2:R132,"畑 ②") + COUNTIF($R$2:R133,"草地 ③"),3) -> 3 | R131: =IF(OFFSET(別紙１!$B$32,$P131,)="","",OFFSET(別紙１!$B$32,$P131,)) | S131: =IF(OFFSET(別紙１!$B$32,$P131,)="","",OFFSET(別紙１!$B$32,$P131,)) | T131: =IF(OFFSET(別紙１!$E$32,$P131,)="","",OFFSET(別紙１!$E$32,$P131,)) | U131: =IF(OFFSET(別紙１!$I$32,$P131,)="","",OFFSET(別紙１!$I$32,$P131,)) | V131: =IF(OFFSET(別紙１!$O$32,$P131+1,)="","",OFFSET(別紙１!$O$32,$P131+1,)) | W131: =IF(OFFSET(別紙１!$AM$32,$P131,)="","",OFFSET(別紙１!$AM$32,$P131,)) | X131: 130 | Y131: =IF(Q131=1,"田 ①",IF(Q131=2,"畑 ②",IF(Q131=3,"草地 ③",))) -> 草地 ③ | Z131: =IF(OFFSET(S$2,$X131+$Q131-1,)="","",OFFSET(S$2,$X131+$Q131-1,)) | AA131: =IF(OFFSET(T$2,$X131+$Q131-1,)="","",OFFSET(T$2,$X131+$Q131-1,)) | AB131: =IF(OFFSET(U$2,$X131+$Q131-1,)="","",OFFSET(U$2,$X131+$Q131-1,)) | AC131: =IF(OFFSET(V$2,$X131+$Q131-1,)="","",OFFSET(V$2,$X131+$Q131-1,)) | AD131: =IF(OFFSET(W$2,$X131+$Q131-1,)="","",OFFSET(W$2,$X131+$Q131-1,)) | AE131: 259 | AF131: =IF(OFFSET(別紙１!B$51,$AE131,)="","",OFFSET(別紙１!B$51,$AE131,)) | AG131: =IF(OFFSET(別紙１!I$51,$AE131,)="","",OFFSET(別紙１!I$51,$AE131,)) | AH131: =IF(OFFSET(別紙１!O$51,$AE131+1,)="","",OFFSET(別紙１!O$51,$AE131+1,)) | AI131: =IF(OFFSET(別紙１!AM$51,$AE131,)="","",OFFSET(別紙１!AM$51,$AE131,)) | AJ131: 259 | AK131: =IF(COUNTIF($AL$2:AL132,"田 ①") + COUNTIF($AL$2:AL132,"畑 ②") + COUNTIF($AL$2:AL133,"草地 ③")<=3,COUNTIF($AL$2:AL132,"田 ①") + COUNTIF($AL$2:AL132,"畑 ②") + COUNTIF($AL$2:AL133,"草地 ③"),3) -> 3 | AL131: =IF(OFFSET(別紙１!B$73,$AJ131,)="","",OFFSET(別紙１!B$73,$AJ131,)) | AM131: =IF(OFFSET(別紙１!B$73,$AJ131,)="","",OFFSET(別紙１!B$73,$AJ131,)) | AN131: =IF(OFFSET(別紙１!E$73,$AJ131,)="","",OFFSET(別紙１!E$73,$AJ131,)) | AO131: =IF(OFFSET(別紙１!I$73,$AJ131,)="","",OFFSET(別紙１!I$73,$AJ131,)) | AP131: =IF(OFFSET(別紙１!O$73,$AJ131+1,)="","",OFFSET(別紙１!O$73,$AJ131+1,)) | AQ131: =IF(OFFSET(別紙１!AM$73,$AJ131,)="","",OFFSET(別紙１!AM$73,$AJ131,)) | AR131: 130 | AS131: =IF(AK131=1,"田 ①",IF(AK131=2,"畑 ②",IF(AK131=3,"草地 ③",))) -> 草地 ③ | AT131: =IF(OFFSET(AM$2,$AR131+$AK131-1,)="","",OFFSET(AM$2,$AR131+$AK131-1,)) | AU131: =IF(OFFSET(AN$2,$AR131+$AK131-1,)="","",OFFSET(AN$2,$AR131+$AK131-1,)) | AV131: =IF(OFFSET(AO$2,$AR131+$AK131-1,)="","",OFFSET(AO$2,$AR131+$AK131-1,)) | AW131: =IF(OFFSET(AP$2,$AR131+$AK131-1,)="","",OFFSET(AP$2,$AR131+$AK131-1,)) | AX131: =IF(OFFSET(AQ$2,$AR131+$AK131-1,)="","",OFFSET(AQ$2,$AR131+$AK131-1,)) | AY131: 259 | AZ131: =IF(COUNTIF($BA$2:BA131,"田 ①") + COUNTIF($BA$2:BA132,"畑 ②") + COUNTIF($BA$2:BA133,"草地 ③")<=3,COUNTIF($BA$2:BA131,"田 ①") + COUNTIF($BA$2:BA132,"畑 ②") + COUNTIF($BA$2:BA133,"草地 ③"),3) -> 3 | BA131: =IF(OFFSET(別紙１!$B$112,$AY131,)="","",OFFSET(別紙１!$B$112,$AY131,)) | BB131: =IF(OFFSET(別紙１!$B$112,$AY131,)="","",OFFSET(別紙１!$B$112,$AY131,)) | BC131: =IF(OFFSET(別紙１!$E$112,$AY131,)="","",OFFSET(別紙１!$E$112,$AY131,)) | BD131: =IF(OFFSET(別紙１!$I$112,$AY131,)="","",OFFSET(別紙１!$I$112,$AY131,)) | BE131: =IF(OFFSET(別紙１!$O$112,$AY131+1,)="","",OFFSET(別紙１!$O$112,$AY131+1,)) | BF131: =IF(OFFSET(別紙１!$AM$112,$AY131,)="","",OFFSET(別紙１!$AM$112,$AY131,)) | BG131: 130 | BH131: =IF(AZ131=1,"田 ①",IF(AZ131=2,"畑 ②",IF(AZ131=3,"草地 ③",))) -> 草地 ③ | BI131: =IF(OFFSET(BB$2,$AZ131+$BG131-1,)="","",OFFSET(BB$2,$AZ131+$BG131-1,)) | BJ131: =IF(OFFSET(BC$2,$AZ131+$BG131-1,)="","",OFFSET(BC$2,$AZ131+$BG131-1,)) | BK131: =IF(OFFSET(BD$2,$AZ131+$BG131-1,)="","",OFFSET(BD$2,$AZ131+$BG131-1,)) | BL131: =IF(OFFSET(BE$2,$AZ131+$BG131-1,)="","",OFFSET(BE$2,$AZ131+$BG131-1,)) | BM131: =IF(OFFSET(BF$2,$AZ131+$BG131-1,)="","",OFFSET(BF$2,$AZ131+$BG131-1,)) | BN131: 259 | BO131: =IF(COUNTIF($BP$2:BP131,"田 ①") + COUNTIF($BP$2:BP132,"畑 ②") + COUNTIF($BP$2:BP133,"草地 ③")<=3,COUNTIF($BP$2:BP131,"田 ①") + COUNTIF($BP$2:BP132,"畑 ②") + COUNTIF($BP$2:BP133,"草地 ③"),3) -> 3 | BP131: =IF(OFFSET(別紙１!$B$138,$BN131,)="","",OFFSET(別紙１!$B$138,$BN131,)) | BQ131: =IF(OFFSET(別紙１!$B$138,$BN131,)="","",OFFSET(別紙１!$B$138,$BN131,)) | BR131: =IF(OFFSET(別紙１!$E$138,$BN131,)="","",OFFSET(別紙１!$E$138,$BN131,)) | BS131: =IF(OFFSET(別紙１!$I$138,$BN131,)="","",OFFSET(別紙１!$I$138,$BN131,)) | BT131: =IF(OFFSET(別紙１!$O$138,$BN131+1,)="","",OFFSET(別紙１!$O$138,$BN131+1,)) | BU131: =IF(OFFSET(別紙１!$AM$138,$BN131,)="","",OFFSET(別紙１!$AM$138,$BN131,)) | BV131: 130 | BW131: =IF(BO131=1,"田 ①",IF(BO131=2,"畑 ②",IF(BO131=3,"草地 ③",))) -> 草地 ③ | BX131: =IF(OFFSET(BQ$2,$BO131+$BV131-1,)="","",OFFSET(BQ$2,$BO131+$BV131-1,)) | BY131: =IF(OFFSET(BR$2,$BO131+$BV131-1,)="","",OFFSET(BR$2,$BO131+$BV131-1,)) | BZ131: =IF(OFFSET(BS$2,$BO131+$BV131-1,)="","",OFFSET(BS$2,$BO131+$BV131-1,)) | CA131: =IF(OFFSET(BT$2,$BO131+$BV131-1,)="","",OFFSET(BT$2,$BO131+$BV131-1,)) | CB131: =IF(OFFSET(BU$2,$BO131+$BV131-1,)="","",OFFSET(BU$2,$BO131+$BV131-1,)) | CC131: 259 | CD131: =IF(COUNTIF($CE$2:CE131,"田") <=1,COUNTIF($CE$2:CE131,"田"),1) -> 1 | CE131: =IF(OFFSET(別紙１!$B$164,$CC131,)="","",OFFSET(別紙１!$B$164,$CC131,)) | CF131: =IF(OFFSET(別紙１!$B$164,$CC131,)="","",OFFSET(別紙１!$B$164,$CC131,)) | CG131: =IF(OFFSET(別紙１!$E$164,$CC131,)="","",OFFSET(別紙１!$E$164,$CC131,)) | CH131: =IF(OFFSET(別紙１!$I$164,$CC131,)="","",OFFSET(別紙１!$I$164,$CC131,)) | CI131: =IF(OFFSET(別紙１!$O$164,$CC131+1,)="","",OFFSET(別紙１!$O$164,$CC131+1,)) | CJ131: =IF(OFFSET(別紙１!$AM$164,$CC131,)="","",OFFSET(別紙１!$AM$164,$CC131,)) | CK131: 130 | CL131: =IF(CD131=1,"田",) -> 田 | CM131: =IF(OFFSET(CF$2,$CD131+$CK131-1,)="","",OFFSET(CF$2,$CD131+$CK131-1,)) | CN131: =IF(OFFSET(CG$2,$CD131+$CK131-1,)="","",OFFSET(CG$2,$CD131+$CK131-1,)) | CO131: =IF(OFFSET(CH$2,$CD131+$CK131-1,)="","",OFFSET(CH$2,$CD131+$CK131-1,)) | CP131: =IF(OFFSET(CI$2,$CD131+$CK131-1,)="","",OFFSET(CI$2,$CD131+$CK131-1,)) | CQ131: =IF(OFFSET(CJ$2,$CD131+$CK131-1,)="","",OFFSET(CJ$2,$CD131+$CK131-1,)) | CR131: 259 | CS131: =IF(COUNTIF($CT$2:CT131,"田 ①") + COUNTIF($CT$2:CT132,"畑 ②") + COUNTIF($CT$2:CT133,"草地 ③")<=3,COUNTIF($CT$2:CT131,"田 ①") + COUNTIF($CT$2:CT132,"畑 ②") + COUNTIF($CT$2:CT133,"草地 ③"),3) -> 3 | CT131: =IF(OFFSET(別紙１!$B$182,$BN131,)="","",OFFSET(別紙１!$B$182,$BN131,)) | CU131: =IF(OFFSET(別紙１!$B$182,$BN131,)="","",OFFSET(別紙１!$B$182,$BN131,)) | CV131: =IF(OFFSET(別紙１!$E$182,$BN131,)="","",OFFSET(別紙１!$E$182,$BN131,)) | CW131: =IF(OFFSET(別紙１!$I$182,$BN131,)="","",OFFSET(別紙１!$I$182,$BN131,)) | CX131: =IF(OFFSET(別紙１!$O$182,$BN131+1,)="","",OFFSET(別紙１!$O$182,$BN131+1,)) | CY131: =IF(OFFSET(別紙１!$AM$182,$BN131,)="","",OFFSET(別紙１!$AM$182,$BN131,)) | CZ131: 130 | DA131: =IF(CS131=1,"田 ①",IF(CS131=2,"畑 ②",IF(CS131=3,"草地 ③",))) -> 草地 ③ | DB131: =IF(OFFSET(CU$2,$CS131+$CZ131-1,)="","",OFFSET(CU$2,$CS131+$CZ131-1,)) | DC131: =IF(OFFSET(CV$2,$CS131+$CZ131-1,)="","",OFFSET(CV$2,$CS131+$CZ131-1,)) | DD131: =IF(OFFSET(CW$2,$CS131+$CZ131-1,)="","",OFFSET(CW$2,$CS131+$CZ131-1,)) | DE131: =IF(OFFSET(CX$2,$CS131+$CZ131-1,)="","",OFFSET(CX$2,$CS131+$CZ131-1,)) | DF131: =IF(OFFSET(CY$2,$CS131+$CZ131-1,)="","",OFFSET(CY$2,$CS131+$CZ131-1,)) | DG131: 259 | DH131: =IF(OFFSET(別紙１!B$207,$DG131,)="","",OFFSET(別紙１!B$207,$DG131,)) | DI131: =IF(OFFSET(別紙１!I$207,$DG131,)="","",OFFSET(別紙１!I$207,$DG131,)) | DJ131: =IF(OFFSET(別紙１!O$207,$DG131+1,)="","",OFFSET(別紙１!O$207,$DG131+1,)) | DK131: =IF(OFFSET(別紙１!AM$207,$DG131,)="","",OFFSET(別紙１!AM$207,$DG131,))
A132: 261 | B132: =IF(COUNTIF($C$2:C133,"田 ①") + COUNTIF($C$2:C133,"畑 ②") + COUNTIF($C$2:C134,"草地 ③")<=3,COUNTIF($C$2:C133,"田 ①") + COUNTIF($C$2:C133,"畑 ②") + COUNTIF($C$2:C134,"草地 ③"),3) -> 3 | C132: =IF(OFFSET(別紙１!$B$12,$A132,)="","",OFFSET(別紙１!$B$12,$A132,)) | D132: =IF(OFFSET(別紙１!$B$12,$A132,)="","",OFFSET(別紙１!$B$12,$A132,)) | E132: =IF(OFFSET(別紙１!$E$12,$A132,)="","",OFFSET(別紙１!$E$12,$A132,)) | F132: =IF(OFFSET(別紙１!$I$12,$A132,)="","",OFFSET(別紙１!$I$12,$A132,)) | G132: =IF(OFFSET(別紙１!$O$12,$A132+1,)="","",OFFSET(別紙１!$O$12,$A132+1,)) | H132: =IF(OFFSET(別紙１!$AM$12,$A132,)="","",OFFSET(別紙１!$AM$12,$A132,)) | I132: 131 | J132: =IF(B132=1,"田 ①",IF(B132=2,"畑 ②",IF(B132=3,"草地 ③",))) -> 草地 ③ | K132: =IF(OFFSET(D$2,$I132+$B132-1,)="","",OFFSET(D$2,$I132+$B132-1,)) | L132: =IF(OFFSET(E$2,$I132+$B132-1,)="","",OFFSET(E$2,$I132+$B132-1,)) | M132: =IF(OFFSET(F$2,$I132+$B132-1,)="","",OFFSET(F$2,$I132+$B132-1,)) | N132: =IF(OFFSET(G$2,$I132+$B132-1,)="","",OFFSET(G$2,$I132+$B132-1,)) | O132: =IF(OFFSET(H$2,$I132+$B132-1,)="","",OFFSET(H$2,$I132+$B132-1,)) | P132: 261 | Q132: =IF(COUNTIF($R$2:R133,"田 ①") + COUNTIF($R$2:R133,"畑 ②") + COUNTIF($R$2:R134,"草地 ③")<=3,COUNTIF($R$2:R133,"田 ①") + COUNTIF($R$2:R133,"畑 ②") + COUNTIF($R$2:R134,"草地 ③"),3) -> 3 | R132: =IF(OFFSET(別紙１!$B$32,$P132,)="","",OFFSET(別紙１!$B$32,$P132,)) | S132: =IF(OFFSET(別紙１!$B$32,$P132,)="","",OFFSET(別紙１!$B$32,$P132,)) | T132: =IF(OFFSET(別紙１!$E$32,$P132,)="","",OFFSET(別紙１!$E$32,$P132,)) | U132: =IF(OFFSET(別紙１!$I$32,$P132,)="","",OFFSET(別紙１!$I$32,$P132,)) | V132: =IF(OFFSET(別紙１!$O$32,$P132+1,)="","",OFFSET(別紙１!$O$32,$P132+1,)) | W132: =IF(OFFSET(別紙１!$AM$32,$P132,)="","",OFFSET(別紙１!$AM$32,$P132,)) | X132: 131 | Y132: =IF(Q132=1,"田 ①",IF(Q132=2,"畑 ②",IF(Q132=3,"草地 ③",))) -> 草地 ③ | Z132: =IF(OFFSET(S$2,$X132+$Q132-1,)="","",OFFSET(S$2,$X132+$Q132-1,)) | AA132: =IF(OFFSET(T$2,$X132+$Q132-1,)="","",OFFSET(T$2,$X132+$Q132-1,)) | AB132: =IF(OFFSET(U$2,$X132+$Q132-1,)="","",OFFSET(U$2,$X132+$Q132-1,)) | AC132: =IF(OFFSET(V$2,$X132+$Q132-1,)="","",OFFSET(V$2,$X132+$Q132-1,)) | AD132: =IF(OFFSET(W$2,$X132+$Q132-1,)="","",OFFSET(W$2,$X132+$Q132-1,)) | AE132: 261 | AF132: =IF(OFFSET(別紙１!B$51,$AE132,)="","",OFFSET(別紙１!B$51,$AE132,)) | AG132: =IF(OFFSET(別紙１!I$51,$AE132,)="","",OFFSET(別紙１!I$51,$AE132,)) | AH132: =IF(OFFSET(別紙１!O$51,$AE132+1,)="","",OFFSET(別紙１!O$51,$AE132+1,)) | AI132: =IF(OFFSET(別紙１!AM$51,$AE132,)="","",OFFSET(別紙１!AM$51,$AE132,)) | AJ132: 261 | AK132: =IF(COUNTIF($AL$2:AL133,"田 ①") + COUNTIF($AL$2:AL133,"畑 ②") + COUNTIF($AL$2:AL134,"草地 ③")<=3,COUNTIF($AL$2:AL133,"田 ①") + COUNTIF($AL$2:AL133,"畑 ②") + COUNTIF($AL$2:AL134,"草地 ③"),3) -> 3 | AL132: =IF(OFFSET(別紙１!B$73,$AJ132,)="","",OFFSET(別紙１!B$73,$AJ132,)) | AM132: =IF(OFFSET(別紙１!B$73,$AJ132,)="","",OFFSET(別紙１!B$73,$AJ132,)) | AN132: =IF(OFFSET(別紙１!E$73,$AJ132,)="","",OFFSET(別紙１!E$73,$AJ132,)) | AO132: =IF(OFFSET(別紙１!I$73,$AJ132,)="","",OFFSET(別紙１!I$73,$AJ132,)) | AP132: =IF(OFFSET(別紙１!O$73,$AJ132+1,)="","",OFFSET(別紙１!O$73,$AJ132+1,)) | AQ132: =IF(OFFSET(別紙１!AM$73,$AJ132,)="","",OFFSET(別紙１!AM$73,$AJ132,)) | AR132: 131 | AS132: =IF(AK132=1,"田 ①",IF(AK132=2,"畑 ②",IF(AK132=3,"草地 ③",))) -> 草地 ③ | AT132: =IF(OFFSET(AM$2,$AR132+$AK132-1,)="","",OFFSET(AM$2,$AR132+$AK132-1,)) | AU132: =IF(OFFSET(AN$2,$AR132+$AK132-1,)="","",OFFSET(AN$2,$AR132+$AK132-1,)) | AV132: =IF(OFFSET(AO$2,$AR132+$AK132-1,)="","",OFFSET(AO$2,$AR132+$AK132-1,)) | AW132: =IF(OFFSET(AP$2,$AR132+$AK132-1,)="","",OFFSET(AP$2,$AR132+$AK132-1,)) | AX132: =IF(OFFSET(AQ$2,$AR132+$AK132-1,)="","",OFFSET(AQ$2,$AR132+$AK132-1,)) | AY132: 261 | AZ132: =IF(COUNTIF($BA$2:BA132,"田 ①") + COUNTIF($BA$2:BA133,"畑 ②") + COUNTIF($BA$2:BA134,"草地 ③")<=3,COUNTIF($BA$2:BA132,"田 ①") + COUNTIF($BA$2:BA133,"畑 ②") + COUNTIF($BA$2:BA134,"草地 ③"),3) -> 3 | BA132: =IF(OFFSET(別紙１!$B$112,$AY132,)="","",OFFSET(別紙１!$B$112,$AY132,)) | BB132: =IF(OFFSET(別紙１!$B$112,$AY132,)="","",OFFSET(別紙１!$B$112,$AY132,)) | BC132: =IF(OFFSET(別紙１!$E$112,$AY132,)="","",OFFSET(別紙１!$E$112,$AY132,)) | BD132: =IF(OFFSET(別紙１!$I$112,$AY132,)="","",OFFSET(別紙１!$I$112,$AY132,)) | BE132: =IF(OFFSET(別紙１!$O$112,$AY132+1,)="","",OFFSET(別紙１!$O$112,$AY132+1,)) | BF132: =IF(OFFSET(別紙１!$AM$112,$AY132,)="","",OFFSET(別紙１!$AM$112,$AY132,)) | BG132: 131 | BH132: =IF(AZ132=1,"田 ①",IF(AZ132=2,"畑 ②",IF(AZ132=3,"草地 ③",))) -> 草地 ③ | BI132: =IF(OFFSET(BB$2,$AZ132+$BG132-1,)="","",OFFSET(BB$2,$AZ132+$BG132-1,)) | BJ132: =IF(OFFSET(BC$2,$AZ132+$BG132-1,)="","",OFFSET(BC$2,$AZ132+$BG132-1,)) | BK132: =IF(OFFSET(BD$2,$AZ132+$BG132-1,)="","",OFFSET(BD$2,$AZ132+$BG132-1,)) | BL132: =IF(OFFSET(BE$2,$AZ132+$BG132-1,)="","",OFFSET(BE$2,$AZ132+$BG132-1,)) | BM132: =IF(OFFSET(BF$2,$AZ132+$BG132-1,)="","",OFFSET(BF$2,$AZ132+$BG132-1,)) | BN132: 261 | BO132: =IF(COUNTIF($BP$2:BP132,"田 ①") + COUNTIF($BP$2:BP133,"畑 ②") + COUNTIF($BP$2:BP134,"草地 ③")<=3,COUNTIF($BP$2:BP132,"田 ①") + COUNTIF($BP$2:BP133,"畑 ②") + COUNTIF($BP$2:BP134,"草地 ③"),3) -> 3 | BP132: =IF(OFFSET(別紙１!$B$138,$BN132,)="","",OFFSET(別紙１!$B$138,$BN132,)) | BQ132: =IF(OFFSET(別紙１!$B$138,$BN132,)="","",OFFSET(別紙１!$B$138,$BN132,)) | BR132: =IF(OFFSET(別紙１!$E$138,$BN132,)="","",OFFSET(別紙１!$E$138,$BN132,)) | BS132: =IF(OFFSET(別紙１!$I$138,$BN132,)="","",OFFSET(別紙１!$I$138,$BN132,)) | BT132: =IF(OFFSET(別紙１!$O$138,$BN132+1,)="","",OFFSET(別紙１!$O$138,$BN132+1,)) | BU132: =IF(OFFSET(別紙１!$AM$138,$BN132,)="","",OFFSET(別紙１!$AM$138,$BN132,)) | BV132: 131 | BW132: =IF(BO132=1,"田 ①",IF(BO132=2,"畑 ②",IF(BO132=3,"草地 ③",))) -> 草地 ③ | BX132: =IF(OFFSET(BQ$2,$BO132+$BV132-1,)="","",OFFSET(BQ$2,$BO132+$BV132-1,)) | BY132: =IF(OFFSET(BR$2,$BO132+$BV132-1,)="","",OFFSET(BR$2,$BO132+$BV132-1,)) | BZ132: =IF(OFFSET(BS$2,$BO132+$BV132-1,)="","",OFFSET(BS$2,$BO132+$BV132-1,)) | CA132: =IF(OFFSET(BT$2,$BO132+$BV132-1,)="","",OFFSET(BT$2,$BO132+$BV132-1,)) | CB132: =IF(OFFSET(BU$2,$BO132+$BV132-1,)="","",OFFSET(BU$2,$BO132+$BV132-1,)) | CC132: 261 | CD132: =IF(COUNTIF($CE$2:CE132,"田") <=1,COUNTIF($CE$2:CE132,"田"),1) -> 1 | CE132: =IF(OFFSET(別紙１!$B$164,$CC132,)="","",OFFSET(別紙１!$B$164,$CC132,)) | CF132: =IF(OFFSET(別紙１!$B$164,$CC132,)="","",OFFSET(別紙１!$B$164,$CC132,)) | CG132: =IF(OFFSET(別紙１!$E$164,$CC132,)="","",OFFSET(別紙１!$E$164,$CC132,)) | CH132: =IF(OFFSET(別紙１!$I$164,$CC132,)="","",OFFSET(別紙１!$I$164,$CC132,)) | CI132: =IF(OFFSET(別紙１!$O$164,$CC132+1,)="","",OFFSET(別紙１!$O$164,$CC132+1,)) | CJ132: =IF(OFFSET(別紙１!$AM$164,$CC132,)="","",OFFSET(別紙１!$AM$164,$CC132,)) | CK132: 131 | CL132: =IF(CD132=1,"田",) -> 田 | CM132: =IF(OFFSET(CF$2,$CD132+$CK132-1,)="","",OFFSET(CF$2,$CD132+$CK132-1,)) | CN132: =IF(OFFSET(CG$2,$CD132+$CK132-1,)="","",OFFSET(CG$2,$CD132+$CK132-1,)) | CO132: =IF(OFFSET(CH$2,$CD132+$CK132-1,)="","",OFFSET(CH$2,$CD132+$CK132-1,)) | CP132: =IF(OFFSET(CI$2,$CD132+$CK132-1,)="","",OFFSET(CI$2,$CD132+$CK132-1,)) | CQ132: =IF(OFFSET(CJ$2,$CD132+$CK132-1,)="","",OFFSET(CJ$2,$CD132+$CK132-1,)) | CR132: 261 | CS132: =IF(COUNTIF($CT$2:CT132,"田 ①") + COUNTIF($CT$2:CT133,"畑 ②") + COUNTIF($CT$2:CT134,"草地 ③")<=3,COUNTIF($CT$2:CT132,"田 ①") + COUNTIF($CT$2:CT133,"畑 ②") + COUNTIF($CT$2:CT134,"草地 ③"),3) -> 3 | CT132: =IF(OFFSET(別紙１!$B$182,$BN132,)="","",OFFSET(別紙１!$B$182,$BN132,)) | CU132: =IF(OFFSET(別紙１!$B$182,$BN132,)="","",OFFSET(別紙１!$B$182,$BN132,)) | CV132: =IF(OFFSET(別紙１!$E$182,$BN132,)="","",OFFSET(別紙１!$E$182,$BN132,)) | CW132: =IF(OFFSET(別紙１!$I$182,$BN132,)="","",OFFSET(別紙１!$I$182,$BN132,)) | CX132: =IF(OFFSET(別紙１!$O$182,$BN132+1,)="","",OFFSET(別紙１!$O$182,$BN132+1,)) | CY132: =IF(OFFSET(別紙１!$AM$182,$BN132,)="","",OFFSET(別紙１!$AM$182,$BN132,)) | CZ132: 131 | DA132: =IF(CS132=1,"田 ①",IF(CS132=2,"畑 ②",IF(CS132=3,"草地 ③",))) -> 草地 ③ | DB132: =IF(OFFSET(CU$2,$CS132+$CZ132-1,)="","",OFFSET(CU$2,$CS132+$CZ132-1,)) | DC132: =IF(OFFSET(CV$2,$CS132+$CZ132-1,)="","",OFFSET(CV$2,$CS132+$CZ132-1,)) | DD132: =IF(OFFSET(CW$2,$CS132+$CZ132-1,)="","",OFFSET(CW$2,$CS132+$CZ132-1,)) | DE132: =IF(OFFSET(CX$2,$CS132+$CZ132-1,)="","",OFFSET(CX$2,$CS132+$CZ132-1,)) | DF132: =IF(OFFSET(CY$2,$CS132+$CZ132-1,)="","",OFFSET(CY$2,$CS132+$CZ132-1,)) | DG132: 261 | DH132: =IF(OFFSET(別紙１!B$207,$DG132,)="","",OFFSET(別紙１!B$207,$DG132,)) | DI132: =IF(OFFSET(別紙１!I$207,$DG132,)="","",OFFSET(別紙１!I$207,$DG132,)) | DJ132: =IF(OFFSET(別紙１!O$207,$DG132+1,)="","",OFFSET(別紙１!O$207,$DG132+1,)) | DK132: =IF(OFFSET(別紙１!AM$207,$DG132,)="","",OFFSET(別紙１!AM$207,$DG132,))
A133: 263 | B133: =IF(COUNTIF($C$2:C134,"田 ①") + COUNTIF($C$2:C134,"畑 ②") + COUNTIF($C$2:C135,"草地 ③")<=3,COUNTIF($C$2:C134,"田 ①") + COUNTIF($C$2:C134,"畑 ②") + COUNTIF($C$2:C135,"草地 ③"),3) -> 3 | C133: =IF(OFFSET(別紙１!$B$12,$A133,)="","",OFFSET(別紙１!$B$12,$A133,)) | D133: =IF(OFFSET(別紙１!$B$12,$A133,)="","",OFFSET(別紙１!$B$12,$A133,)) | E133: =IF(OFFSET(別紙１!$E$12,$A133,)="","",OFFSET(別紙１!$E$12,$A133,)) | F133: =IF(OFFSET(別紙１!$I$12,$A133,)="","",OFFSET(別紙１!$I$12,$A133,)) | G133: =IF(OFFSET(別紙１!$O$12,$A133+1,)="","",OFFSET(別紙１!$O$12,$A133+1,)) | H133: =IF(OFFSET(別紙１!$AM$12,$A133,)="","",OFFSET(別紙１!$AM$12,$A133,)) | I133: 132 | J133: =IF(B133=1,"田 ①",IF(B133=2,"畑 ②",IF(B133=3,"草地 ③",))) -> 草地 ③ | K133: =IF(OFFSET(D$2,$I133+$B133-1,)="","",OFFSET(D$2,$I133+$B133-1,)) | L133: =IF(OFFSET(E$2,$I133+$B133-1,)="","",OFFSET(E$2,$I133+$B133-1,)) | M133: =IF(OFFSET(F$2,$I133+$B133-1,)="","",OFFSET(F$2,$I133+$B133-1,)) | N133: =IF(OFFSET(G$2,$I133+$B133-1,)="","",OFFSET(G$2,$I133+$B133-1,)) | O133: =IF(OFFSET(H$2,$I133+$B133-1,)="","",OFFSET(H$2,$I133+$B133-1,)) | P133: 263 | Q133: =IF(COUNTIF($R$2:R134,"田 ①") + COUNTIF($R$2:R134,"畑 ②") + COUNTIF($R$2:R135,"草地 ③")<=3,COUNTIF($R$2:R134,"田 ①") + COUNTIF($R$2:R134,"畑 ②") + COUNTIF($R$2:R135,"草地 ③"),3) -> 3 | R133: =IF(OFFSET(別紙１!$B$32,$P133,)="","",OFFSET(別紙１!$B$32,$P133,)) | S133: =IF(OFFSET(別紙１!$B$32,$P133,)="","",OFFSET(別紙１!$B$32,$P133,)) | T133: =IF(OFFSET(別紙１!$E$32,$P133,)="","",OFFSET(別紙１!$E$32,$P133,)) | U133: =IF(OFFSET(別紙１!$I$32,$P133,)="","",OFFSET(別紙１!$I$32,$P133,)) | V133: =IF(OFFSET(別紙１!$O$32,$P133+1,)="","",OFFSET(別紙１!$O$32,$P133+1,)) | W133: =IF(OFFSET(別紙１!$AM$32,$P133,)="","",OFFSET(別紙１!$AM$32,$P133,)) | X133: 132 | Y133: =IF(Q133=1,"田 ①",IF(Q133=2,"畑 ②",IF(Q133=3,"草地 ③",))) -> 草地 ③ | Z133: =IF(OFFSET(S$2,$X133+$Q133-1,)="","",OFFSET(S$2,$X133+$Q133-1,)) | AA133: =IF(OFFSET(T$2,$X133+$Q133-1,)="","",OFFSET(T$2,$X133+$Q133-1,)) | AB133: =IF(OFFSET(U$2,$X133+$Q133-1,)="","",OFFSET(U$2,$X133+$Q133-1,)) | AC133: =IF(OFFSET(V$2,$X133+$Q133-1,)="","",OFFSET(V$2,$X133+$Q133-1,)) | AD133: =IF(OFFSET(W$2,$X133+$Q133-1,)="","",OFFSET(W$2,$X133+$Q133-1,)) | AE133: 263 | AF133: =IF(OFFSET(別紙１!B$51,$AE133,)="","",OFFSET(別紙１!B$51,$AE133,)) | AG133: =IF(OFFSET(別紙１!I$51,$AE133,)="","",OFFSET(別紙１!I$51,$AE133,)) | AH133: =IF(OFFSET(別紙１!O$51,$AE133+1,)="","",OFFSET(別紙１!O$51,$AE133+1,)) | AI133: =IF(OFFSET(別紙１!AM$51,$AE133,)="","",OFFSET(別紙１!AM$51,$AE133,)) | AJ133: 263 | AK133: =IF(COUNTIF($AL$2:AL134,"田 ①") + COUNTIF($AL$2:AL134,"畑 ②") + COUNTIF($AL$2:AL135,"草地 ③")<=3,COUNTIF($AL$2:AL134,"田 ①") + COUNTIF($AL$2:AL134,"畑 ②") + COUNTIF($AL$2:AL135,"草地 ③"),3) -> 3 | AL133: =IF(OFFSET(別紙１!B$73,$AJ133,)="","",OFFSET(別紙１!B$73,$AJ133,)) | AM133: =IF(OFFSET(別紙１!B$73,$AJ133,)="","",OFFSET(別紙１!B$73,$AJ133,)) | AN133: =IF(OFFSET(別紙１!E$73,$AJ133,)="","",OFFSET(別紙１!E$73,$AJ133,)) | AO133: =IF(OFFSET(別紙１!I$73,$AJ133,)="","",OFFSET(別紙１!I$73,$AJ133,)) | AP133: =IF(OFFSET(別紙１!O$73,$AJ133+1,)="","",OFFSET(別紙１!O$73,$AJ133+1,)) | AQ133: =IF(OFFSET(別紙１!AM$73,$AJ133,)="","",OFFSET(別紙１!AM$73,$AJ133,)) | AR133: 132 | AS133: =IF(AK133=1,"田 ①",IF(AK133=2,"畑 ②",IF(AK133=3,"草地 ③",))) -> 草地 ③ | AT133: =IF(OFFSET(AM$2,$AR133+$AK133-1,)="","",OFFSET(AM$2,$AR133+$AK133-1,)) | AU133: =IF(OFFSET(AN$2,$AR133+$AK133-1,)="","",OFFSET(AN$2,$AR133+$AK133-1,)) | AV133: =IF(OFFSET(AO$2,$AR133+$AK133-1,)="","",OFFSET(AO$2,$AR133+$AK133-1,)) | AW133: =IF(OFFSET(AP$2,$AR133+$AK133-1,)="","",OFFSET(AP$2,$AR133+$AK133-1,)) | AX133: =IF(OFFSET(AQ$2,$AR133+$AK133-1,)="","",OFFSET(AQ$2,$AR133+$AK133-1,)) | AY133: 263 | AZ133: =IF(COUNTIF($BA$2:BA133,"田 ①") + COUNTIF($BA$2:BA134,"畑 ②") + COUNTIF($BA$2:BA135,"草地 ③")<=3,COUNTIF($BA$2:BA133,"田 ①") + COUNTIF($BA$2:BA134,"畑 ②") + COUNTIF($BA$2:BA135,"草地 ③"),3) -> 3 | BA133: =IF(OFFSET(別紙１!$B$112,$AY133,)="","",OFFSET(別紙１!$B$112,$AY133,)) | BB133: =IF(OFFSET(別紙１!$B$112,$AY133,)="","",OFFSET(別紙１!$B$112,$AY133,)) | BC133: =IF(OFFSET(別紙１!$E$112,$AY133,)="","",OFFSET(別紙１!$E$112,$AY133,)) | BD133: =IF(OFFSET(別紙１!$I$112,$AY133,)="","",OFFSET(別紙１!$I$112,$AY133,)) | BE133: =IF(OFFSET(別紙１!$O$112,$AY133+1,)="","",OFFSET(別紙１!$O$112,$AY133+1,)) | BF133: =IF(OFFSET(別紙１!$AM$112,$AY133,)="","",OFFSET(別紙１!$AM$112,$AY133,)) | BG133: 132 | BH133: =IF(AZ133=1,"田 ①",IF(AZ133=2,"畑 ②",IF(AZ133=3,"草地 ③",))) -> 草地 ③ | BI133: =IF(OFFSET(BB$2,$AZ133+$BG133-1,)="","",OFFSET(BB$2,$AZ133+$BG133-1,)) | BJ133: =IF(OFFSET(BC$2,$AZ133+$BG133-1,)="","",OFFSET(BC$2,$AZ133+$BG133-1,)) | BK133: =IF(OFFSET(BD$2,$AZ133+$BG133-1,)="","",OFFSET(BD$2,$AZ133+$BG133-1,)) | BL133: =IF(OFFSET(BE$2,$AZ133+$BG133-1,)="","",OFFSET(BE$2,$AZ133+$BG133-1,)) | BM133: =IF(OFFSET(BF$2,$AZ133+$BG133-1,)="","",OFFSET(BF$2,$AZ133+$BG133-1,)) | BN133: 263 | BO133: =IF(COUNTIF($BP$2:BP133,"田 ①") + COUNTIF($BP$2:BP134,"畑 ②") + COUNTIF($BP$2:BP135,"草地 ③")<=3,COUNTIF($BP$2:BP133,"田 ①") + COUNTIF($BP$2:BP134,"畑 ②") + COUNTIF($BP$2:BP135,"草地 ③"),3) -> 3 | BP133: =IF(OFFSET(別紙１!$B$138,$BN133,)="","",OFFSET(別紙１!$B$138,$BN133,)) | BQ133: =IF(OFFSET(別紙１!$B$138,$BN133,)="","",OFFSET(別紙１!$B$138,$BN133,)) | BR133: =IF(OFFSET(別紙１!$E$138,$BN133,)="","",OFFSET(別紙１!$E$138,$BN133,)) | BS133: =IF(OFFSET(別紙１!$I$138,$BN133,)="","",OFFSET(別紙１!$I$138,$BN133,)) | BT133: =IF(OFFSET(別紙１!$O$138,$BN133+1,)="","",OFFSET(別紙１!$O$138,$BN133+1,)) | BU133: =IF(OFFSET(別紙１!$AM$138,$BN133,)="","",OFFSET(別紙１!$AM$138,$BN133,)) | BV133: 132 | BW133: =IF(BO133=1,"田 ①",IF(BO133=2,"畑 ②",IF(BO133=3,"草地 ③",))) -> 草地 ③ | BX133: =IF(OFFSET(BQ$2,$BO133+$BV133-1,)="","",OFFSET(BQ$2,$BO133+$BV133-1,)) | BY133: =IF(OFFSET(BR$2,$BO133+$BV133-1,)="","",OFFSET(BR$2,$BO133+$BV133-1,)) | BZ133: =IF(OFFSET(BS$2,$BO133+$BV133-1,)="","",OFFSET(BS$2,$BO133+$BV133-1,)) | CA133: =IF(OFFSET(BT$2,$BO133+$BV133-1,)="","",OFFSET(BT$2,$BO133+$BV133-1,)) | CB133: =IF(OFFSET(BU$2,$BO133+$BV133-1,)="","",OFFSET(BU$2,$BO133+$BV133-1,)) | CC133: 263 | CD133: =IF(COUNTIF($CE$2:CE133,"田") <=1,COUNTIF($CE$2:CE133,"田"),1) -> 1 | CE133: =IF(OFFSET(別紙１!$B$164,$CC133,)="","",OFFSET(別紙１!$B$164,$CC133,)) | CF133: =IF(OFFSET(別紙１!$B$164,$CC133,)="","",OFFSET(別紙１!$B$164,$CC133,)) | CG133: =IF(OFFSET(別紙１!$E$164,$CC133,)="","",OFFSET(別紙１!$E$164,$CC133,)) | CH133: =IF(OFFSET(別紙１!$I$164,$CC133,)="","",OFFSET(別紙１!$I$164,$CC133,)) | CI133: =IF(OFFSET(別紙１!$O$164,$CC133+1,)="","",OFFSET(別紙１!$O$164,$CC133+1,)) | CJ133: =IF(OFFSET(別紙１!$AM$164,$CC133,)="","",OFFSET(別紙１!$AM$164,$CC133,)) | CK133: 132 | CL133: =IF(CD133=1,"田",) -> 田 | CM133: =IF(OFFSET(CF$2,$CD133+$CK133-1,)="","",OFFSET(CF$2,$CD133+$CK133-1,)) | CN133: =IF(OFFSET(CG$2,$CD133+$CK133-1,)="","",OFFSET(CG$2,$CD133+$CK133-1,)) | CO133: =IF(OFFSET(CH$2,$CD133+$CK133-1,)="","",OFFSET(CH$2,$CD133+$CK133-1,)) | CP133: =IF(OFFSET(CI$2,$CD133+$CK133-1,)="","",OFFSET(CI$2,$CD133+$CK133-1,)) | CQ133: =IF(OFFSET(CJ$2,$CD133+$CK133-1,)="","",OFFSET(CJ$2,$CD133+$CK133-1,)) | CR133: 263 | CS133: =IF(COUNTIF($CT$2:CT133,"田 ①") + COUNTIF($CT$2:CT134,"畑 ②") + COUNTIF($CT$2:CT135,"草地 ③")<=3,COUNTIF($CT$2:CT133,"田 ①") + COUNTIF($CT$2:CT134,"畑 ②") + COUNTIF($CT$2:CT135,"草地 ③"),3) -> 3 | CT133: =IF(OFFSET(別紙１!$B$182,$BN133,)="","",OFFSET(別紙１!$B$182,$BN133,)) | CU133: =IF(OFFSET(別紙１!$B$182,$BN133,)="","",OFFSET(別紙１!$B$182,$BN133,)) | CV133: =IF(OFFSET(別紙１!$E$182,$BN133,)="","",OFFSET(別紙１!$E$182,$BN133,)) | CW133: =IF(OFFSET(別紙１!$I$182,$BN133,)="","",OFFSET(別紙１!$I$182,$BN133,)) | CX133: =IF(OFFSET(別紙１!$O$182,$BN133+1,)="","",OFFSET(別紙１!$O$182,$BN133+1,)) | CY133: =IF(OFFSET(別紙１!$AM$182,$BN133,)="","",OFFSET(別紙１!$AM$182,$BN133,)) | CZ133: 132 | DA133: =IF(CS133=1,"田 ①",IF(CS133=2,"畑 ②",IF(CS133=3,"草地 ③",))) -> 草地 ③ | DB133: =IF(OFFSET(CU$2,$CS133+$CZ133-1,)="","",OFFSET(CU$2,$CS133+$CZ133-1,)) | DC133: =IF(OFFSET(CV$2,$CS133+$CZ133-1,)="","",OFFSET(CV$2,$CS133+$CZ133-1,)) | DD133: =IF(OFFSET(CW$2,$CS133+$CZ133-1,)="","",OFFSET(CW$2,$CS133+$CZ133-1,)) | DE133: =IF(OFFSET(CX$2,$CS133+$CZ133-1,)="","",OFFSET(CX$2,$CS133+$CZ133-1,)) | DF133: =IF(OFFSET(CY$2,$CS133+$CZ133-1,)="","",OFFSET(CY$2,$CS133+$CZ133-1,)) | DG133: 263 | DH133: =IF(OFFSET(別紙１!B$207,$DG133,)="","",OFFSET(別紙１!B$207,$DG133,)) | DI133: =IF(OFFSET(別紙１!I$207,$DG133,)="","",OFFSET(別紙１!I$207,$DG133,)) | DJ133: =IF(OFFSET(別紙１!O$207,$DG133+1,)="","",OFFSET(別紙１!O$207,$DG133+1,)) | DK133: =IF(OFFSET(別紙１!AM$207,$DG133,)="","",OFFSET(別紙１!AM$207,$DG133,))
A134: 265 | B134: =IF(COUNTIF($C$2:C135,"田 ①") + COUNTIF($C$2:C135,"畑 ②") + COUNTIF($C$2:C136,"草地 ③")<=3,COUNTIF($C$2:C135,"田 ①") + COUNTIF($C$2:C135,"畑 ②") + COUNTIF($C$2:C136,"草地 ③"),3) -> 3 | C134: =IF(OFFSET(別紙１!$B$12,$A134,)="","",OFFSET(別紙１!$B$12,$A134,)) | D134: =IF(OFFSET(別紙１!$B$12,$A134,)="","",OFFSET(別紙１!$B$12,$A134,)) | E134: =IF(OFFSET(別紙１!$E$12,$A134,)="","",OFFSET(別紙１!$E$12,$A134,)) | F134: =IF(OFFSET(別紙１!$I$12,$A134,)="","",OFFSET(別紙１!$I$12,$A134,)) | G134: =IF(OFFSET(別紙１!$O$12,$A134+1,)="","",OFFSET(別紙１!$O$12,$A134+1,)) | H134: =IF(OFFSET(別紙１!$AM$12,$A134,)="","",OFFSET(別紙１!$AM$12,$A134,)) | I134: 133 | J134: =IF(B134=1,"田 ①",IF(B134=2,"畑 ②",IF(B134=3,"草地 ③",))) -> 草地 ③ | K134: =IF(OFFSET(D$2,$I134+$B134-1,)="","",OFFSET(D$2,$I134+$B134-1,)) | L134: =IF(OFFSET(E$2,$I134+$B134-1,)="","",OFFSET(E$2,$I134+$B134-1,)) | M134: =IF(OFFSET(F$2,$I134+$B134-1,)="","",OFFSET(F$2,$I134+$B134-1,)) | N134: =IF(OFFSET(G$2,$I134+$B134-1,)="","",OFFSET(G$2,$I134+$B134-1,)) | O134: =IF(OFFSET(H$2,$I134+$B134-1,)="","",OFFSET(H$2,$I134+$B134-1,)) | P134: 265 | Q134: =IF(COUNTIF($R$2:R135,"田 ①") + COUNTIF($R$2:R135,"畑 ②") + COUNTIF($R$2:R136,"草地 ③")<=3,COUNTIF($R$2:R135,"田 ①") + COUNTIF($R$2:R135,"畑 ②") + COUNTIF($R$2:R136,"草地 ③"),3) -> 3 | R134: =IF(OFFSET(別紙１!$B$32,$P134,)="","",OFFSET(別紙１!$B$32,$P134,)) | S134: =IF(OFFSET(別紙１!$B$32,$P134,)="","",OFFSET(別紙１!$B$32,$P134,)) | T134: =IF(OFFSET(別紙１!$E$32,$P134,)="","",OFFSET(別紙１!$E$32,$P134,)) | U134: =IF(OFFSET(別紙１!$I$32,$P134,)="","",OFFSET(別紙１!$I$32,$P134,)) | V134: =IF(OFFSET(別紙１!$O$32,$P134+1,)="","",OFFSET(別紙１!$O$32,$P134+1,)) | W134: =IF(OFFSET(別紙１!$AM$32,$P134,)="","",OFFSET(別紙１!$AM$32,$P134,)) | X134: 133 | Y134: =IF(Q134=1,"田 ①",IF(Q134=2,"畑 ②",IF(Q134=3,"草地 ③",))) -> 草地 ③ | Z134: =IF(OFFSET(S$2,$X134+$Q134-1,)="","",OFFSET(S$2,$X134+$Q134-1,)) | AA134: =IF(OFFSET(T$2,$X134+$Q134-1,)="","",OFFSET(T$2,$X134+$Q134-1,)) | AB134: =IF(OFFSET(U$2,$X134+$Q134-1,)="","",OFFSET(U$2,$X134+$Q134-1,)) | AC134: =IF(OFFSET(V$2,$X134+$Q134-1,)="","",OFFSET(V$2,$X134+$Q134-1,)) | AD134: =IF(OFFSET(W$2,$X134+$Q134-1,)="","",OFFSET(W$2,$X134+$Q134-1,)) | AE134: 265 | AF134: =IF(OFFSET(別紙１!B$51,$AE134,)="","",OFFSET(別紙１!B$51,$AE134,)) | AG134: =IF(OFFSET(別紙１!I$51,$AE134,)="","",OFFSET(別紙１!I$51,$AE134,)) | AH134: =IF(OFFSET(別紙１!O$51,$AE134+1,)="","",OFFSET(別紙１!O$51,$AE134+1,)) | AI134: =IF(OFFSET(別紙１!AM$51,$AE134,)="","",OFFSET(別紙１!AM$51,$AE134,)) | AJ134: 265 | AK134: =IF(COUNTIF($AL$2:AL135,"田 ①") + COUNTIF($AL$2:AL135,"畑 ②") + COUNTIF($AL$2:AL136,"草地 ③")<=3,COUNTIF($AL$2:AL135,"田 ①") + COUNTIF($AL$2:AL135,"畑 ②") + COUNTIF($AL$2:AL136,"草地 ③"),3) -> 3 | AL134: =IF(OFFSET(別紙１!B$73,$AJ134,)="","",OFFSET(別紙１!B$73,$AJ134,)) | AM134: =IF(OFFSET(別紙１!B$73,$AJ134,)="","",OFFSET(別紙１!B$73,$AJ134,)) | AN134: =IF(OFFSET(別紙１!E$73,$AJ134,)="","",OFFSET(別紙１!E$73,$AJ134,)) | AO134: =IF(OFFSET(別紙１!I$73,$AJ134,)="","",OFFSET(別紙１!I$73,$AJ134,)) | AP134: =IF(OFFSET(別紙１!O$73,$AJ134+1,)="","",OFFSET(別紙１!O$73,$AJ134+1,)) | AQ134: =IF(OFFSET(別紙１!AM$73,$AJ134,)="","",OFFSET(別紙１!AM$73,$AJ134,)) | AR134: 133 | AS134: =IF(AK134=1,"田 ①",IF(AK134=2,"畑 ②",IF(AK134=3,"草地 ③",))) -> 草地 ③ | AT134: =IF(OFFSET(AM$2,$AR134+$AK134-1,)="","",OFFSET(AM$2,$AR134+$AK134-1,)) | AU134: =IF(OFFSET(AN$2,$AR134+$AK134-1,)="","",OFFSET(AN$2,$AR134+$AK134-1,)) | AV134: =IF(OFFSET(AO$2,$AR134+$AK134-1,)="","",OFFSET(AO$2,$AR134+$AK134-1,)) | AW134: =IF(OFFSET(AP$2,$AR134+$AK134-1,)="","",OFFSET(AP$2,$AR134+$AK134-1,)) | AX134: =IF(OFFSET(AQ$2,$AR134+$AK134-1,)="","",OFFSET(AQ$2,$AR134+$AK134-1,)) | AY134: 265 | AZ134: =IF(COUNTIF($BA$2:BA134,"田 ①") + COUNTIF($BA$2:BA135,"畑 ②") + COUNTIF($BA$2:BA136,"草地 ③")<=3,COUNTIF($BA$2:BA134,"田 ①") + COUNTIF($BA$2:BA135,"畑 ②") + COUNTIF($BA$2:BA136,"草地 ③"),3) -> 3 | BA134: =IF(OFFSET(別紙１!$B$112,$AY134,)="","",OFFSET(別紙１!$B$112,$AY134,)) | BB134: =IF(OFFSET(別紙１!$B$112,$AY134,)="","",OFFSET(別紙１!$B$112,$AY134,)) | BC134: =IF(OFFSET(別紙１!$E$112,$AY134,)="","",OFFSET(別紙１!$E$112,$AY134,)) | BD134: =IF(OFFSET(別紙１!$I$112,$AY134,)="","",OFFSET(別紙１!$I$112,$AY134,)) | BE134: =IF(OFFSET(別紙１!$O$112,$AY134+1,)="","",OFFSET(別紙１!$O$112,$AY134+1,)) | BF134: =IF(OFFSET(別紙１!$AM$112,$AY134,)="","",OFFSET(別紙１!$AM$112,$AY134,)) | BG134: 133 | BH134: =IF(AZ134=1,"田 ①",IF(AZ134=2,"畑 ②",IF(AZ134=3,"草地 ③",))) -> 草地 ③ | BI134: =IF(OFFSET(BB$2,$AZ134+$BG134-1,)="","",OFFSET(BB$2,$AZ134+$BG134-1,)) | BJ134: =IF(OFFSET(BC$2,$AZ134+$BG134-1,)="","",OFFSET(BC$2,$AZ134+$BG134-1,)) | BK134: =IF(OFFSET(BD$2,$AZ134+$BG134-1,)="","",OFFSET(BD$2,$AZ134+$BG134-1,)) | BL134: =IF(OFFSET(BE$2,$AZ134+$BG134-1,)="","",OFFSET(BE$2,$AZ134+$BG134-1,)) | BM134: =IF(OFFSET(BF$2,$AZ134+$BG134-1,)="","",OFFSET(BF$2,$AZ134+$BG134-1,)) | BN134: 265 | BO134: =IF(COUNTIF($BP$2:BP134,"田 ①") + COUNTIF($BP$2:BP135,"畑 ②") + COUNTIF($BP$2:BP136,"草地 ③")<=3,COUNTIF($BP$2:BP134,"田 ①") + COUNTIF($BP$2:BP135,"畑 ②") + COUNTIF($BP$2:BP136,"草地 ③"),3) -> 3 | BP134: =IF(OFFSET(別紙１!$B$138,$BN134,)="","",OFFSET(別紙１!$B$138,$BN134,)) | BQ134: =IF(OFFSET(別紙１!$B$138,$BN134,)="","",OFFSET(別紙１!$B$138,$BN134,)) | BR134: =IF(OFFSET(別紙１!$E$138,$BN134,)="","",OFFSET(別紙１!$E$138,$BN134,)) | BS134: =IF(OFFSET(別紙１!$I$138,$BN134,)="","",OFFSET(別紙１!$I$138,$BN134,)) | BT134: =IF(OFFSET(別紙１!$O$138,$BN134+1,)="","",OFFSET(別紙１!$O$138,$BN134+1,)) | BU134: =IF(OFFSET(別紙１!$AM$138,$BN134,)="","",OFFSET(別紙１!$AM$138,$BN134,)) | BV134: 133 | BW134: =IF(BO134=1,"田 ①",IF(BO134=2,"畑 ②",IF(BO134=3,"草地 ③",))) -> 草地 ③ | BX134: =IF(OFFSET(BQ$2,$BO134+$BV134-1,)="","",OFFSET(BQ$2,$BO134+$BV134-1,)) | BY134: =IF(OFFSET(BR$2,$BO134+$BV134-1,)="","",OFFSET(BR$2,$BO134+$BV134-1,)) | BZ134: =IF(OFFSET(BS$2,$BO134+$BV134-1,)="","",OFFSET(BS$2,$BO134+$BV134-1,)) | CA134: =IF(OFFSET(BT$2,$BO134+$BV134-1,)="","",OFFSET(BT$2,$BO134+$BV134-1,)) | CB134: =IF(OFFSET(BU$2,$BO134+$BV134-1,)="","",OFFSET(BU$2,$BO134+$BV134-1,)) | CC134: 265 | CD134: =IF(COUNTIF($CE$2:CE134,"田") <=1,COUNTIF($CE$2:CE134,"田"),1) -> 1 | CE134: =IF(OFFSET(別紙１!$B$164,$CC134,)="","",OFFSET(別紙１!$B$164,$CC134,)) | CF134: =IF(OFFSET(別紙１!$B$164,$CC134,)="","",OFFSET(別紙１!$B$164,$CC134,)) | CG134: =IF(OFFSET(別紙１!$E$164,$CC134,)="","",OFFSET(別紙１!$E$164,$CC134,)) | CH134: =IF(OFFSET(別紙１!$I$164,$CC134,)="","",OFFSET(別紙１!$I$164,$CC134,)) | CI134: =IF(OFFSET(別紙１!$O$164,$CC134+1,)="","",OFFSET(別紙１!$O$164,$CC134+1,)) | CJ134: =IF(OFFSET(別紙１!$AM$164,$CC134,)="","",OFFSET(別紙１!$AM$164,$CC134,)) | CK134: 133 | CL134: =IF(CD134=1,"田",) -> 田 | CM134: =IF(OFFSET(CF$2,$CD134+$CK134-1,)="","",OFFSET(CF$2,$CD134+$CK134-1,)) | CN134: =IF(OFFSET(CG$2,$CD134+$CK134-1,)="","",OFFSET(CG$2,$CD134+$CK134-1,)) | CO134: =IF(OFFSET(CH$2,$CD134+$CK134-1,)="","",OFFSET(CH$2,$CD134+$CK134-1,)) | CP134: =IF(OFFSET(CI$2,$CD134+$CK134-1,)="","",OFFSET(CI$2,$CD134+$CK134-1,)) | CQ134: =IF(OFFSET(CJ$2,$CD134+$CK134-1,)="","",OFFSET(CJ$2,$CD134+$CK134-1,)) | CR134: 265 | CS134: =IF(COUNTIF($CT$2:CT134,"田 ①") + COUNTIF($CT$2:CT135,"畑 ②") + COUNTIF($CT$2:CT136,"草地 ③")<=3,COUNTIF($CT$2:CT134,"田 ①") + COUNTIF($CT$2:CT135,"畑 ②") + COUNTIF($CT$2:CT136,"草地 ③"),3) -> 3 | CT134: =IF(OFFSET(別紙１!$B$182,$BN134,)="","",OFFSET(別紙１!$B$182,$BN134,)) | CU134: =IF(OFFSET(別紙１!$B$182,$BN134,)="","",OFFSET(別紙１!$B$182,$BN134,)) | CV134: =IF(OFFSET(別紙１!$E$182,$BN134,)="","",OFFSET(別紙１!$E$182,$BN134,)) | CW134: =IF(OFFSET(別紙１!$I$182,$BN134,)="","",OFFSET(別紙１!$I$182,$BN134,)) | CX134: =IF(OFFSET(別紙１!$O$182,$BN134+1,)="","",OFFSET(別紙１!$O$182,$BN134+1,)) | CY134: =IF(OFFSET(別紙１!$AM$182,$BN134,)="","",OFFSET(別紙１!$AM$182,$BN134,)) | CZ134: 133 | DA134: =IF(CS134=1,"田 ①",IF(CS134=2,"畑 ②",IF(CS134=3,"草地 ③",))) -> 草地 ③ | DB134: =IF(OFFSET(CU$2,$CS134+$CZ134-1,)="","",OFFSET(CU$2,$CS134+$CZ134-1,)) | DC134: =IF(OFFSET(CV$2,$CS134+$CZ134-1,)="","",OFFSET(CV$2,$CS134+$CZ134-1,)) | DD134: =IF(OFFSET(CW$2,$CS134+$CZ134-1,)="","",OFFSET(CW$2,$CS134+$CZ134-1,)) | DE134: =IF(OFFSET(CX$2,$CS134+$CZ134-1,)="","",OFFSET(CX$2,$CS134+$CZ134-1,)) | DF134: =IF(OFFSET(CY$2,$CS134+$CZ134-1,)="","",OFFSET(CY$2,$CS134+$CZ134-1,)) | DG134: 265 | DH134: =IF(OFFSET(別紙１!B$207,$DG134,)="","",OFFSET(別紙１!B$207,$DG134,)) | DI134: =IF(OFFSET(別紙１!I$207,$DG134,)="","",OFFSET(別紙１!I$207,$DG134,)) | DJ134: =IF(OFFSET(別紙１!O$207,$DG134+1,)="","",OFFSET(別紙１!O$207,$DG134+1,)) | DK134: =IF(OFFSET(別紙１!AM$207,$DG134,)="","",OFFSET(別紙１!AM$207,$DG134,))
A135: 267 | B135: =IF(COUNTIF($C$2:C136,"田 ①") + COUNTIF($C$2:C136,"畑 ②") + COUNTIF($C$2:C137,"草地 ③")<=3,COUNTIF($C$2:C136,"田 ①") + COUNTIF($C$2:C136,"畑 ②") + COUNTIF($C$2:C137,"草地 ③"),3) -> 3 | C135: =IF(OFFSET(別紙１!$B$12,$A135,)="","",OFFSET(別紙１!$B$12,$A135,)) | D135: =IF(OFFSET(別紙１!$B$12,$A135,)="","",OFFSET(別紙１!$B$12,$A135,)) | E135: =IF(OFFSET(別紙１!$E$12,$A135,)="","",OFFSET(別紙１!$E$12,$A135,)) | F135: =IF(OFFSET(別紙１!$I$12,$A135,)="","",OFFSET(別紙１!$I$12,$A135,)) | G135: =IF(OFFSET(別紙１!$O$12,$A135+1,)="","",OFFSET(別紙１!$O$12,$A135+1,)) | H135: =IF(OFFSET(別紙１!$AM$12,$A135,)="","",OFFSET(別紙１!$AM$12,$A135,)) | I135: 134 | J135: =IF(B135=1,"田 ①",IF(B135=2,"畑 ②",IF(B135=3,"草地 ③",))) -> 草地 ③ | K135: =IF(OFFSET(D$2,$I135+$B135-1,)="","",OFFSET(D$2,$I135+$B135-1,)) | L135: =IF(OFFSET(E$2,$I135+$B135-1,)="","",OFFSET(E$2,$I135+$B135-1,)) | M135: =IF(OFFSET(F$2,$I135+$B135-1,)="","",OFFSET(F$2,$I135+$B135-1,)) | N135: =IF(OFFSET(G$2,$I135+$B135-1,)="","",OFFSET(G$2,$I135+$B135-1,)) | O135: =IF(OFFSET(H$2,$I135+$B135-1,)="","",OFFSET(H$2,$I135+$B135-1,)) | P135: 267 | Q135: =IF(COUNTIF($R$2:R136,"田 ①") + COUNTIF($R$2:R136,"畑 ②") + COUNTIF($R$2:R137,"草地 ③")<=3,COUNTIF($R$2:R136,"田 ①") + COUNTIF($R$2:R136,"畑 ②") + COUNTIF($R$2:R137,"草地 ③"),3) -> 3 | R135: =IF(OFFSET(別紙１!$B$32,$P135,)="","",OFFSET(別紙１!$B$32,$P135,)) | S135: =IF(OFFSET(別紙１!$B$32,$P135,)="","",OFFSET(別紙１!$B$32,$P135,)) | T135: =IF(OFFSET(別紙１!$E$32,$P135,)="","",OFFSET(別紙１!$E$32,$P135,)) | U135: =IF(OFFSET(別紙１!$I$32,$P135,)="","",OFFSET(別紙１!$I$32,$P135,)) | V135: =IF(OFFSET(別紙１!$O$32,$P135+1,)="","",OFFSET(別紙１!$O$32,$P135+1,)) | W135: =IF(OFFSET(別紙１!$AM$32,$P135,)="","",OFFSET(別紙１!$AM$32,$P135,)) | X135: 134 | Y135: =IF(Q135=1,"田 ①",IF(Q135=2,"畑 ②",IF(Q135=3,"草地 ③",))) -> 草地 ③ | Z135: =IF(OFFSET(S$2,$X135+$Q135-1,)="","",OFFSET(S$2,$X135+$Q135-1,)) | AA135: =IF(OFFSET(T$2,$X135+$Q135-1,)="","",OFFSET(T$2,$X135+$Q135-1,)) | AB135: =IF(OFFSET(U$2,$X135+$Q135-1,)="","",OFFSET(U$2,$X135+$Q135-1,)) | AC135: =IF(OFFSET(V$2,$X135+$Q135-1,)="","",OFFSET(V$2,$X135+$Q135-1,)) | AD135: =IF(OFFSET(W$2,$X135+$Q135-1,)="","",OFFSET(W$2,$X135+$Q135-1,)) | AE135: 267 | AF135: =IF(OFFSET(別紙１!B$51,$AE135,)="","",OFFSET(別紙１!B$51,$AE135,)) | AG135: =IF(OFFSET(別紙１!I$51,$AE135,)="","",OFFSET(別紙１!I$51,$AE135,)) | AH135: =IF(OFFSET(別紙１!O$51,$AE135+1,)="","",OFFSET(別紙１!O$51,$AE135+1,)) | AI135: =IF(OFFSET(別紙１!AM$51,$AE135,)="","",OFFSET(別紙１!AM$51,$AE135,)) | AJ135: 267 | AK135: =IF(COUNTIF($AL$2:AL136,"田 ①") + COUNTIF($AL$2:AL136,"畑 ②") + COUNTIF($AL$2:AL137,"草地 ③")<=3,COUNTIF($AL$2:AL136,"田 ①") + COUNTIF($AL$2:AL136,"畑 ②") + COUNTIF($AL$2:AL137,"草地 ③"),3) -> 3 | AL135: =IF(OFFSET(別紙１!B$73,$AJ135,)="","",OFFSET(別紙１!B$73,$AJ135,)) | AM135: =IF(OFFSET(別紙１!B$73,$AJ135,)="","",OFFSET(別紙１!B$73,$AJ135,)) | AN135: =IF(OFFSET(別紙１!E$73,$AJ135,)="","",OFFSET(別紙１!E$73,$AJ135,)) | AO135: =IF(OFFSET(別紙１!I$73,$AJ135,)="","",OFFSET(別紙１!I$73,$AJ135,)) | AP135: =IF(OFFSET(別紙１!O$73,$AJ135+1,)="","",OFFSET(別紙１!O$73,$AJ135+1,)) | AQ135: =IF(OFFSET(別紙１!AM$73,$AJ135,)="","",OFFSET(別紙１!AM$73,$AJ135,)) | AR135: 134 | AS135: =IF(AK135=1,"田 ①",IF(AK135=2,"畑 ②",IF(AK135=3,"草地 ③",))) -> 草地 ③ | AT135: =IF(OFFSET(AM$2,$AR135+$AK135-1,)="","",OFFSET(AM$2,$AR135+$AK135-1,)) | AU135: =IF(OFFSET(AN$2,$AR135+$AK135-1,)="","",OFFSET(AN$2,$AR135+$AK135-1,)) | AV135: =IF(OFFSET(AO$2,$AR135+$AK135-1,)="","",OFFSET(AO$2,$AR135+$AK135-1,)) | AW135: =IF(OFFSET(AP$2,$AR135+$AK135-1,)="","",OFFSET(AP$2,$AR135+$AK135-1,)) | AX135: =IF(OFFSET(AQ$2,$AR135+$AK135-1,)="","",OFFSET(AQ$2,$AR135+$AK135-1,)) | AY135: 267 | AZ135: =IF(COUNTIF($BA$2:BA135,"田 ①") + COUNTIF($BA$2:BA136,"畑 ②") + COUNTIF($BA$2:BA137,"草地 ③")<=3,COUNTIF($BA$2:BA135,"田 ①") + COUNTIF($BA$2:BA136,"畑 ②") + COUNTIF($BA$2:BA137,"草地 ③"),3) -> 3 | BA135: =IF(OFFSET(別紙１!$B$112,$AY135,)="","",OFFSET(別紙１!$B$112,$AY135,)) | BB135: =IF(OFFSET(別紙１!$B$112,$AY135,)="","",OFFSET(別紙１!$B$112,$AY135,)) | BC135: =IF(OFFSET(別紙１!$E$112,$AY135,)="","",OFFSET(別紙１!$E$112,$AY135,)) | BD135: =IF(OFFSET(別紙１!$I$112,$AY135,)="","",OFFSET(別紙１!$I$112,$AY135,)) | BE135: =IF(OFFSET(別紙１!$O$112,$AY135+1,)="","",OFFSET(別紙１!$O$112,$AY135+1,)) | BF135: =IF(OFFSET(別紙１!$AM$112,$AY135,)="","",OFFSET(別紙１!$AM$112,$AY135,)) | BG135: 134 | BH135: =IF(AZ135=1,"田 ①",IF(AZ135=2,"畑 ②",IF(AZ135=3,"草地 ③",))) -> 草地 ③ | BI135: =IF(OFFSET(BB$2,$AZ135+$BG135-1,)="","",OFFSET(BB$2,$AZ135+$BG135-1,)) | BJ135: =IF(OFFSET(BC$2,$AZ135+$BG135-1,)="","",OFFSET(BC$2,$AZ135+$BG135-1,)) | BK135: =IF(OFFSET(BD$2,$AZ135+$BG135-1,)="","",OFFSET(BD$2,$AZ135+$BG135-1,)) | BL135: =IF(OFFSET(BE$2,$AZ135+$BG135-1,)="","",OFFSET(BE$2,$AZ135+$BG135-1,)) | BM135: =IF(OFFSET(BF$2,$AZ135+$BG135-1,)="","",OFFSET(BF$2,$AZ135+$BG135-1,)) | BN135: 267 | BO135: =IF(COUNTIF($BP$2:BP135,"田 ①") + COUNTIF($BP$2:BP136,"畑 ②") + COUNTIF($BP$2:BP137,"草地 ③")<=3,COUNTIF($BP$2:BP135,"田 ①") + COUNTIF($BP$2:BP136,"畑 ②") + COUNTIF($BP$2:BP137,"草地 ③"),3) -> 3 | BP135: =IF(OFFSET(別紙１!$B$138,$BN135,)="","",OFFSET(別紙１!$B$138,$BN135,)) | BQ135: =IF(OFFSET(別紙１!$B$138,$BN135,)="","",OFFSET(別紙１!$B$138,$BN135,)) | BR135: =IF(OFFSET(別紙１!$E$138,$BN135,)="","",OFFSET(別紙１!$E$138,$BN135,)) | BS135: =IF(OFFSET(別紙１!$I$138,$BN135,)="","",OFFSET(別紙１!$I$138,$BN135,)) | BT135: =IF(OFFSET(別紙１!$O$138,$BN135+1,)="","",OFFSET(別紙１!$O$138,$BN135+1,)) | BU135: =IF(OFFSET(別紙１!$AM$138,$BN135,)="","",OFFSET(別紙１!$AM$138,$BN135,)) | BV135: 134 | BW135: =IF(BO135=1,"田 ①",IF(BO135=2,"畑 ②",IF(BO135=3,"草地 ③",))) -> 草地 ③ | BX135: =IF(OFFSET(BQ$2,$BO135+$BV135-1,)="","",OFFSET(BQ$2,$BO135+$BV135-1,)) | BY135: =IF(OFFSET(BR$2,$BO135+$BV135-1,)="","",OFFSET(BR$2,$BO135+$BV135-1,)) | BZ135: =IF(OFFSET(BS$2,$BO135+$BV135-1,)="","",OFFSET(BS$2,$BO135+$BV135-1,)) | CA135: =IF(OFFSET(BT$2,$BO135+$BV135-1,)="","",OFFSET(BT$2,$BO135+$BV135-1,)) | CB135: =IF(OFFSET(BU$2,$BO135+$BV135-1,)="","",OFFSET(BU$2,$BO135+$BV135-1,)) | CC135: 267 | CD135: =IF(COUNTIF($CE$2:CE135,"田") <=1,COUNTIF($CE$2:CE135,"田"),1) -> 1 | CE135: =IF(OFFSET(別紙１!$B$164,$CC135,)="","",OFFSET(別紙１!$B$164,$CC135,)) | CF135: =IF(OFFSET(別紙１!$B$164,$CC135,)="","",OFFSET(別紙１!$B$164,$CC135,)) | CG135: =IF(OFFSET(別紙１!$E$164,$CC135,)="","",OFFSET(別紙１!$E$164,$CC135,)) | CH135: =IF(OFFSET(別紙１!$I$164,$CC135,)="","",OFFSET(別紙１!$I$164,$CC135,)) | CI135: =IF(OFFSET(別紙１!$O$164,$CC135+1,)="","",OFFSET(別紙１!$O$164,$CC135+1,)) | CJ135: =IF(OFFSET(別紙１!$AM$164,$CC135,)="","",OFFSET(別紙１!$AM$164,$CC135,)) | CK135: 134 | CL135: =IF(CD135=1,"田",) -> 田 | CM135: =IF(OFFSET(CF$2,$CD135+$CK135-1,)="","",OFFSET(CF$2,$CD135+$CK135-1,)) | CN135: =IF(OFFSET(CG$2,$CD135+$CK135-1,)="","",OFFSET(CG$2,$CD135+$CK135-1,)) | CO135: =IF(OFFSET(CH$2,$CD135+$CK135-1,)="","",OFFSET(CH$2,$CD135+$CK135-1,)) | CP135: =IF(OFFSET(CI$2,$CD135+$CK135-1,)="","",OFFSET(CI$2,$CD135+$CK135-1,)) | CQ135: =IF(OFFSET(CJ$2,$CD135+$CK135-1,)="","",OFFSET(CJ$2,$CD135+$CK135-1,)) | CR135: 267 | CS135: =IF(COUNTIF($CT$2:CT135,"田 ①") + COUNTIF($CT$2:CT136,"畑 ②") + COUNTIF($CT$2:CT137,"草地 ③")<=3,COUNTIF($CT$2:CT135,"田 ①") + COUNTIF($CT$2:CT136,"畑 ②") + COUNTIF($CT$2:CT137,"草地 ③"),3) -> 3 | CT135: =IF(OFFSET(別紙１!$B$182,$BN135,)="","",OFFSET(別紙１!$B$182,$BN135,)) | CU135: =IF(OFFSET(別紙１!$B$182,$BN135,)="","",OFFSET(別紙１!$B$182,$BN135,)) | CV135: =IF(OFFSET(別紙１!$E$182,$BN135,)="","",OFFSET(別紙１!$E$182,$BN135,)) | CW135: =IF(OFFSET(別紙１!$I$182,$BN135,)="","",OFFSET(別紙１!$I$182,$BN135,)) | CX135: =IF(OFFSET(別紙１!$O$182,$BN135+1,)="","",OFFSET(別紙１!$O$182,$BN135+1,)) | CY135: =IF(OFFSET(別紙１!$AM$182,$BN135,)="","",OFFSET(別紙１!$AM$182,$BN135,)) | CZ135: 134 | DA135: =IF(CS135=1,"田 ①",IF(CS135=2,"畑 ②",IF(CS135=3,"草地 ③",))) -> 草地 ③ | DB135: =IF(OFFSET(CU$2,$CS135+$CZ135-1,)="","",OFFSET(CU$2,$CS135+$CZ135-1,)) | DC135: =IF(OFFSET(CV$2,$CS135+$CZ135-1,)="","",OFFSET(CV$2,$CS135+$CZ135-1,)) | DD135: =IF(OFFSET(CW$2,$CS135+$CZ135-1,)="","",OFFSET(CW$2,$CS135+$CZ135-1,)) | DE135: =IF(OFFSET(CX$2,$CS135+$CZ135-1,)="","",OFFSET(CX$2,$CS135+$CZ135-1,)) | DF135: =IF(OFFSET(CY$2,$CS135+$CZ135-1,)="","",OFFSET(CY$2,$CS135+$CZ135-1,)) | DG135: 267 | DH135: =IF(OFFSET(別紙１!B$207,$DG135,)="","",OFFSET(別紙１!B$207,$DG135,)) | DI135: =IF(OFFSET(別紙１!I$207,$DG135,)="","",OFFSET(別紙１!I$207,$DG135,)) | DJ135: =IF(OFFSET(別紙１!O$207,$DG135+1,)="","",OFFSET(別紙１!O$207,$DG135+1,)) | DK135: =IF(OFFSET(別紙１!AM$207,$DG135,)="","",OFFSET(別紙１!AM$207,$DG135,))
